Workbook
Name Excel_BuiltIn_Print_Area: 'MAPA DE PREÇOS'!$N$6:$P$33

Sheet BASE EDITAL
A1: Item | B1: Cod. Mat. | C1: Especificação do Material | D1: Unidade | E1: Quant. | F1: Valor Unit. (R$) | G1: Valor Total (R$)

Sheet BASE FORMAÇÃO
A1: LOTE | B1: CÓDIGO | C1: DESCRIÇÃO | D1: UNIDADE | E1: PE ANTERIOR | F1: SITUAÇÃO | G1: SEI PE ANTERIOR | H1: ESTIMADO | I1: VALOR RP ATIVO | J1: VALOR ATA FRACASSADA/DESERTA | K1: CATMAT

Sheet EDITAL
B1: PREFEITURA MUNICIPAL DE PORTO ALEGRE DEPARTAMENTO MUNICIPAL DE LIMPEZA URBANA DIRETORIA DE DESTINO FINAL
A3: Lote | B3: Descrição do Objeto | C3: Designçaão | D3: Método de Triagem | E3: Quantitativo mensal destinado (t) | F3: Rejeito | H3: Quantitativo Reciclado (t) | I3: Preço Unitário (R$/t) | J3: Valor
F4: Médio (%) | G4: Meta (%) | J4: Valor Mensal | K4: Total do Contrato
A5: 1 | B5: Triagem, classificação, beneficiamento e comercialização de resíduos sólidos recicláveis (..), em próprio municipal localizado na Rua Monsenhor Rubens Neis 740, Bairro Cavalhada. | C5: UT Cavalhada | D5: Mesas | E5: =ROUND(IF($B$29=$B$25,QUANTITATIVOS!G8,IF($B$29=$B$26,QUANTITATIVOS!I8,IF($B$29=$B$27,QUANTITATIVOS!K8*QUANTITATIVOS!C8,IF(,EDITAL!$B$29=$B$28,QUANTITATIVOS!J8*QUANTITATIVOS!C8)))),2) -> 63.58 | F5: =QUANTITATIVOS!D8 -> 0.41 | G5: =IF($D$29=$D$26,$E$26,IF($D$29=$D$27,QUANTITATIVOS!D8,IF($D$29=$D$28,QUANTITATIVOS!E8))) -> 0.287 | H5: =E5*(1-G5) -> 45.33254 | I5: =IF(D5='PARÂMETROS - MESA'!$J$8,'CALCULO PREÇO UNITÁRIO'!$D$20,IF(EDITAL!D5='PARÂMETROS - MESA'!$J$7,'CALCULO PREÇO UNITÁRIO'!$D$12)) -> 242.94883 | J5: =H5*I5 -> 11013.488 | K5: =J5*12 -> 132161.85
A6: 2 | B6: Triagem, classificação, beneficiamento e comercialização de resíduos sólidos recicláveis (...), em próprio municipal localizado na Avenida Frederico Mentz, 1167, Bairro Navegantes. | C6: UT Frederico Mentz | D6: Esteira | E6: =ROUND(IF($B$29=$B$25,QUANTITATIVOS!G9,IF($B$29=$B$26,QUANTITATIVOS!I9,IF($B$29=$B$27,QUANTITATIVOS!K9*QUANTITATIVOS!C9,IF(,EDITAL!$B$29=$B$28,QUANTITATIVOS!J9*QUANTITATIVOS!C9)))),2) -> 41.23 | F6: =QUANTITATIVOS!D9 -> 0.2118977 | G6: =IF($D$29=$D$26,$E$26,IF($D$29=$D$27,QUANTITATIVOS!D9,IF($D$29=$D$28,QUANTITATIVOS!E9))) -> 0.14832839 | H6: =E6*(1-G6) -> 35.114421 | I6: =IF(D6='PARÂMETROS - MESA'!$J$8,'CALCULO PREÇO UNITÁRIO'!$D$20,IF(EDITAL!D6='PARÂMETROS - MESA'!$J$7,'CALCULO PREÇO UNITÁRIO'!$D$12)) -> 268.68153 | J6: =H6*I6 -> 9434.5964 | K6: =J6*12 -> 113215.16
A7: 3 | B7: Triagem, classificação, beneficiamento e comercialização de resíduos sólidos recicláveis (...), em próprio municipal localizado na Estrada do Rincão, 6795/6821, Bairro Restinga. | C7: UT Padre Cacique | D7: Esteira | E7: =ROUND(IF($B$29=$B$25,QUANTITATIVOS!G10,IF($B$29=$B$26,QUANTITATIVOS!I10,IF($B$29=$B$27,QUANTITATIVOS!K10*QUANTITATIVOS!C10,IF(,EDITAL!$B$29=$B$28,QUANTITATIVOS!J10*QUANTITATIVOS!C10)))),2) -> 46.14 | F7: =QUANTITATIVOS!D10 -> 0.2029035 | G7: =IF($D$29=$D$26,$E$26,IF($D$29=$D$27,QUANTITATIVOS!D10,IF($D$29=$D$28,QUANTITATIVOS!E10))) -> 0.14203245 | H7: =E7*(1-G7) -> 39.586623 | I7: =IF(D7='PARÂMETROS - MESA'!$J$8,'CALCULO PREÇO UNITÁRIO'!$D$20,IF(EDITAL!D7='PARÂMETROS - MESA'!$J$7,'CALCULO PREÇO UNITÁRIO'!$D$12)) -> 268.68153 | J7: =H7*I7 -> 10636.194 | K7: =J7*12 -> 127634.33
A8: 4 | B8: Triagem, classificação, beneficiamento e comercialização de resíduos sólidos recicláveis (...), em próprio municipal localizado na Estrada João Antônio da Silveira, 3526, Bairro Restinga. | C8: UT Restinga | D8: Mesas | E8: =ROUND(IF($B$29=$B$25,QUANTITATIVOS!G11,IF($B$29=$B$26,QUANTITATIVOS!I11,IF($B$29=$B$27,QUANTITATIVOS!K11*QUANTITATIVOS!C11,IF(,EDITAL!$B$29=$B$28,QUANTITATIVOS!J11*QUANTITATIVOS!C11)))),2) -> 89.44 | F8: =QUANTITATIVOS!D11 -> 0.52627424 | G8: =IF($D$29=$D$26,$E$26,IF($D$29=$D$27,QUANTITATIVOS!D11,IF($D$29=$D$28,QUANTITATIVOS!E11))) -> 0.36839197 | H8: =E8*(1-G8) -> 56.491023 | I8: =IF(D8='PARÂMETROS - MESA'!$J$8,'CALCULO PREÇO UNITÁRIO'!$D$20,IF(EDITAL!D8='PARÂMETROS - MESA'!$J$7,'CALCULO PREÇO UNITÁRIO'!$D$12)) -> 242.94883 | J8: =H8*I8 -> 13724.428 | K8: =J8*12 -> 164693.14
A9: 5 | B9: Triagem, classificação, beneficiamento e comercialização de resíduos sólidos recicláveis (...), em próprio municipal localizado na Estrada Antônio Severino, 1317, Bairro Rubem Berta. | C9: UT Rubem Berta | D9: Mesas | E9: =ROUND(IF($B$29=$B$25,QUANTITATIVOS!G12,IF($B$29=$B$26,QUANTITATIVOS!I12,IF($B$29=$B$27,QUANTITATIVOS!K12*QUANTITATIVOS!C12,IF(,EDITAL!$B$29=$B$28,QUANTITATIVOS!J12*QUANTITATIVOS!C12)))),2) -> 77.08 | F9: =QUANTITATIVOS!D12 -> 0.37336207 | G9: =IF($D$29=$D$26,$E$26,IF($D$29=$D$27,QUANTITATIVOS!D12,IF($D$29=$D$28,QUANTITATIVOS!E12))) -> 0.26135345 | H9: =E9*(1-G9) -> 56.934876 | I9: =IF(D9='PARÂMETROS - MESA'!$J$8,'CALCULO PREÇO UNITÁRIO'!$D$20,IF(EDITAL!D9='PARÂMETROS - MESA'!$J$7,'CALCULO PREÇO UNITÁRIO'!$D$12)) -> 242.94883 | J9: =H9*I9 -> 13832.262 | K9: =J9*12 -> 165987.14
A10: 6 | B10: Triagem, classificação, beneficiamento e comercialização de resíduos sólidos recicláveis (...), em próprio municipal localizado na Avenida Bernardino Silveira Amorim, 2405, Bairro Santa Rosa de Lima. | C10: UT Santíssima | D10: Mesas | E10: =ROUND(IF($B$29=$B$25,QUANTITATIVOS!G13,IF($B$29=$B$26,QUANTITATIVOS!I13,IF($B$29=$B$27,QUANTITATIVOS!K13*QUANTITATIVOS!C13,IF(,EDITAL!$B$29=$B$28,QUANTITATIVOS!J13*QUANTITATIVOS!C13)))),2) -> 65.69 | F10: =QUANTITATIVOS!D13 -> 0.6722 | G10: =IF($D$29=$D$26,$E$26,IF($D$29=$D$27,QUANTITATIVOS!D13,IF($D$29=$D$28,QUANTITATIVOS!E13))) -> 0.47054 | H10: =E10*(1-G10) -> 34.780227 | I10: =IF(D10='PARÂMETROS - MESA'!$J$8,'CALCULO PREÇO UNITÁRIO'!$D$20,IF(EDITAL!D10='PARÂMETROS - MESA'!$J$7,'CALCULO PREÇO UNITÁRIO'!$D$12)) -> 242.94883 | J10: =H10*I10 -> 8449.8156 | K10: =J10*12 -> 101397.79
A11: 7 | B11: Triagem, classificação, beneficiamento e comercialização de resíduos sólidos recicláveis (...), em próprio municipal localizado na Rua Alfredo Ferreira Rodrigues, 975, Bairro Bom Jesus. | C11: UT Vila Pinto | D11: Mesas | E11: =ROUND(IF($B$29=$B$25,QUANTITATIVOS!G14,IF($B$29=$B$26,QUANTITATIVOS!I14,IF($B$29=$B$27,QUANTITATIVOS!K14*QUANTITATIVOS!C14,IF(,EDITAL!$B$29=$B$28,QUANTITATIVOS!J14*QUANTITATIVOS!C14)))),2) -> 51.77 | F11: =QUANTITATIVOS!D14 -> 0.30407616 | G11: =IF($D$29=$D$26,$E$26,IF($D$29=$D$27,QUANTITATIVOS!D14,IF($D$29=$D$28,QUANTITATIVOS!E14))) -> 0.21285331 | H11: =E11*(1-G11) -> 40.750584 | I11: =IF(D11='PARÂMETROS - MESA'!$J$8,'CALCULO PREÇO UNITÁRIO'!$D$20,IF(EDITAL!D11='PARÂMETROS - MESA'!$J$7,'CALCULO PREÇO UNITÁRIO'!$D$12)) -> 242.94883 | J11: =H11*I11 -> 9900.3069 | K11: =J11*12 -> 118803.68
A12: 8 | B12: Triagem, classificação, beneficiamento e comercialização de resíduos sólidos recicláveis (...), em próprio municipal localizado na Estrada Afonso Lourenço Mariante, 4401, Bairro Lomba do Pinheiro. | C12: UTH | D12: Esteira | E12: =ROUND(IF($B$29=$B$25,QUANTITATIVOS!G15,IF($B$29=$B$26,QUANTITATIVOS!I15,IF($B$29=$B$27,QUANTITATIVOS!K15*QUANTITATIVOS!C15,IF(,EDITAL!$B$29=$B$28,QUANTITATIVOS!J15*QUANTITATIVOS!C15)))),2) -> 302.34 | F12: =QUANTITATIVOS!D15 -> 0.43682333 | G12: =IF($D$29=$D$26,$E$26,IF($D$29=$D$27,QUANTITATIVOS!D15,IF($D$29=$D$28,QUANTITATIVOS!E15))) -> 0.30577633 | H12: =E12*(1-G12) -> 209.89158 | I12: =IF(D12='PARÂMETROS - MESA'!$J$8,'CALCULO PREÇO UNITÁRIO'!$D$20,IF(EDITAL!D12='PARÂMETROS - MESA'!$J$7,'CALCULO PREÇO UNITÁRIO'!$D$12)) -> 268.68153 | J12: =H12*I12 -> 56393.993 | K12: =J12*12 -> 676727.91
A13: 9 | B13: Triagem, classificação, beneficiamento e comercialização de resíduos sólidos recicláveis (...), em unidade de triagem localizada no município de Porto Alegre. | C13: UT Anitas | D13: Mesas | E13: =ROUND(IF($B$29=$B$25,QUANTITATIVOS!G16,IF($B$29=$B$26,QUANTITATIVOS!I16,IF($B$29=$B$27,QUANTITATIVOS!K16*QUANTITATIVOS!C16,IF(,EDITAL!$B$29=$B$28,QUANTITATIVOS!J16*QUANTITATIVOS!C16)))),2) -> 205.6 | F13: =QUANTITATIVOS!D16 -> 0.33814567 | G13: =IF($D$29=$D$26,$E$26,IF($D$29=$D$27,QUANTITATIVOS!D16,IF($D$29=$D$28,QUANTITATIVOS!E16))) -> 0.23670197 | H13: =E13*(1-G13) -> 156.93408 | I13: =IF(D13='PARÂMETROS - MESA'!$J$8,'CALCULO PREÇO UNITÁRIO'!$D$20,IF(EDITAL!D13='PARÂMETROS - MESA'!$J$7,'CALCULO PREÇO UNITÁRIO'!$D$12)) -> 242.94883 | J13: =H13*I13 -> 38126.95 | K13: =J13*12 -> 457523.4
A14: 10 | B14: Triagem, classificação, beneficiamento e comercialização de resíduos sólidos recicláveis (...), em unidade de triagem localizada no município de Porto Alegre. | C14: UT Anjos da Ecologia | D14: Mesas | E14: =ROUND(IF($B$29=$B$25,QUANTITATIVOS!G17,IF($B$29=$B$26,QUANTITATIVOS!I17,IF($B$29=$B$27,QUANTITATIVOS!K17*QUANTITATIVOS!C17,IF(,EDITAL!$B$29=$B$28,QUANTITATIVOS!J17*QUANTITATIVOS!C17)))),2) -> 141.8 | F14: =QUANTITATIVOS!D17 -> 0.52920364 | G14: =IF($D$29=$D$26,$E$26,IF($D$29=$D$27,QUANTITATIVOS!D17,IF($D$29=$D$28,QUANTITATIVOS!E17))) -> 0.37044255 | H14: =E14*(1-G14) -> 89.271247 | I14: =IF(D14='PARÂMETROS - MESA'!$J$8,'CALCULO PREÇO UNITÁRIO'!$D$20,IF(EDITAL!D14='PARÂMETROS - MESA'!$J$7,'CALCULO PREÇO UNITÁRIO'!$D$12)) -> 242.94883 | J14: =H14*I14 -> 21688.345 | K14: =J14*12 -> 260260.14
A15: 11 | B15: Triagem, classificação, beneficiamento e comercialização de resíduos sólidos recicláveis (...), em unidade de triagem localizada no município de Porto Alegre. | C15: UT Aterro Norte | D15: Mesas | E15: =ROUND(IF($B$29=$B$25,QUANTITATIVOS!G18,IF($B$29=$B$26,QUANTITATIVOS!I18,IF($B$29=$B$27,QUANTITATIVOS!K18*QUANTITATIVOS!C18,IF(,EDITAL!$B$29=$B$28,QUANTITATIVOS!J18*QUANTITATIVOS!C18)))),2) -> 89.36 | F15: =QUANTITATIVOS!D18 -> 0.30932284 | G15: =IF($D$29=$D$26,$E$26,IF($D$29=$D$27,QUANTITATIVOS!D18,IF($D$29=$D$28,QUANTITATIVOS!E18))) -> 0.21652599 | H15: =E15*(1-G15) -> 70.011238 | I15: =IF(D15='PARÂMETROS - MESA'!$J$8,'CALCULO PREÇO UNITÁRIO'!$D$20,IF(EDITAL!D15='PARÂMETROS - MESA'!$J$7,'CALCULO PREÇO UNITÁRIO'!$D$12)) -> 242.94883 | J15: =H15*I15 -> 17009.149 | K15: =J15*12 -> 204109.78
A16: 12 | B16: Triagem, classificação, beneficiamento e comercialização de resíduos sólidos recicláveis (...), em unidade de triagem localizada no município de Porto Alegre. | C16: UT Campo da Tuca | D16: Mesas | E16: =ROUND(IF($B$29=$B$25,QUANTITATIVOS!G19,IF($B$29=$B$26,QUANTITATIVOS!I19,IF($B$29=$B$27,QUANTITATIVOS!K19*QUANTITATIVOS!C19,IF(,EDITAL!$B$29=$B$28,QUANTITATIVOS!J19*QUANTITATIVOS!C19)))),2) -> 99.4 | F16: =QUANTITATIVOS!D19 -> 0.29799957 | G16: =IF($D$29=$D$26,$E$26,IF($D$29=$D$27,QUANTITATIVOS!D19,IF($D$29=$D$28,QUANTITATIVOS!E19))) -> 0.2085997 | H16: =E16*(1-G16) -> 78.66519 | I16: =IF(D16='PARÂMETROS - MESA'!$J$8,'CALCULO PREÇO UNITÁRIO'!$D$20,IF(EDITAL!D16='PARÂMETROS - MESA'!$J$7,'CALCULO PREÇO UNITÁRIO'!$D$12)) -> 242.94883 | J16: =H16*I16 -> 19111.616 | K16: =J16*12 -> 229339.39
... A20: 16 | B20: Triagem, classificação, beneficiamento e comercialização de resíduos sólidos recicláveis (...), em unidade de triagem localizada no município de Porto Alegre. | C20: UT Reciclando pela Vida | D20: Mesas | E20: =ROUND(IF($B$29=$B$25,QUANTITATIVOS!G23,IF($B$29=$B$26,QUANTITATIVOS!I23,IF($B$29=$B$27,QUANTITATIVOS!K23*QUANTITATIVOS!C23,IF(,EDITAL!$B$29=$B$28,QUANTITATIVOS!J23*QUANTITATIVOS!C23)))),2) -> 141.88 | F20: =QUANTITATIVOS!D23 -> 0.66403439 | G20: =IF($D$29=$D$26,$E$26,IF($D$29=$D$27,QUANTITATIVOS!D23,IF($D$29=$D$28,QUANTITATIVOS!E23))) -> 0.46482407 | H20: =E20*(1-G20) -> 75.93076 | I20: =IF(D20='PARÂMETROS - MESA'!$J$8,'CALCULO PREÇO UNITÁRIO'!$D$20,IF(EDITAL!D20='PARÂMETROS - MESA'!$J$7,'CALCULO PREÇO UNITÁRIO'!$D$12)) -> 242.94883 | J20: =H20*I20 -> 18447.29 | K20: =J20*12 -> 221367.48
A21: MÉDIAS | B21: Unidades com esteira | D21: =COUNTIF($D$5:$D$20,"="&'PARÂMETROS - MESA'!J7) -> 3 | E21: =SUMIFS($E$5:$E$20,$D$5:$D$20,"="&'PARÂMETROS - MESA'!J7)/D21 -> 129.90333 | F21: =SUMIFS($F$5:$F$20,$D$5:$D$20,"="&'PARÂMETROS - MESA'!J7)/D21 -> 0.28387484 | G21: =SUMIFS($G$5:$G$20,$D$5:$D$20,"="&'PARÂMETROS - MESA'!J7)/D21 -> 0.19871239 | H21: =E21*(1-G21) -> 104.08993 | J21: =SUMIFS($J$5:$J$20,$D$5:$D$20,"="&'PARÂMETROS - MESA'!J7)/D21 -> 25488.261 | K21: =SUMIFS($K$5:$K$20,$D$5:$D$20,"="&'PARÂMETROS - MESA'!J7)/D21 -> 305859.13
B22: Unidades com mesa | D22: =COUNTIF($D$5:$D$20,"="&'PARÂMETROS - MESA'!J8) -> 13 | E22: =SUMIFS($E$5:$E$20,$D$5:$D$20,"="&'PARÂMETROS - MESA'!J8)/D22 -> 100.83615 | F22: =SUMIFS($F$5:$F$20,$D$5:$D$20,"="&'PARÂMETROS - MESA'!J8)/D22 -> 0.43189388 | G22: =SUMIFS($G$5:$G$20,$D$5:$D$20,"="&'PARÂMETROS - MESA'!J8)/D22 -> 0.30232571 | H22: =E22*(1-G22) -> 70.350792 | J22: =SUMIFS($J$5:$J$20,$D$5:$D$20,"="&'PARÂMETROS - MESA'!J8)/D22 -> 17030.977 | K22: =SUMIFS($K$5:$K$20,$D$5:$D$20,"="&'PARÂMETROS - MESA'!J8)/D22 -> 204371.72
A23: TOTAL | D23: =SUM(D21:D22) -> 16 | E23: =SUM(E5:E20) -> 1700.58 | F23: =AVERAGE(F5:F20) -> 0.40414031 | G23: =AVERAGE(G5:G20) -> 0.28289822 | H23: =SUM(H5:H20) -> 1195.9067 | J23: =SUM(J5:J20) -> 297867.48 | K23: =SUM(K5:K20) -> 3574409.7
A25: Quantitativos | B25: Médias das unidades | C25: Rejeito | D25: Opções | E25: Valor
B26: Média da coleta | D26: Média | E26: 1
B27: Média de catadores x produtividade | D27: Unidades
B28: Máximo de catadores x produtividade | D28: Meta | E28: -0.3
A29: Escolha | B29: Média da coleta | C29: Escolha | D29: Meta

Sheet CALCULO PREÇO UNITÁRIO
A3: Cálculo do custo unitário de triagem por tonelada reciclada
B6: UNIDADE DE TRIAGEM COM ESTEIRA
B7: Descrição | C7: Unidade | D7: Mensal
B8: Custo de operação da unidade | C8: Valor | D8: ='MAT SER E DESP - EST'!$G$221 -> 17017.207
B9: Quantidade destinada | C9: Tonelada | D9: ='PARÂMETROS - MESA'!D8 -> 106.28625
B10: Percentual de rejeito | C10: % | D10: ='PARÂMETROS - MESA'!D9 -> 0.4041
B11: Quantidade reciclada | C11: Tonelada | D11: =D9*(1-D10) -> 63.335976
B12: Preço unitário de triagem por tonelada reciclada | C12: Tonelada | D12: =D8/D11 -> 268.68153
B14: UNIDADE DE TRIAGEM COM MESA
B15: Descrição | C15: Unidade | D15: Mensal
B16: Custo de operação da unidade | C16: Valor | D16: ='MAT SER E DESP - MESA'!G221 -> 15387.402
B17: Quantidade destinada | C17: Tonelada | D17: =D9 -> 106.28625
B18: Percentual de rejeito | C18: % | D18: ='PARÂMETROS - MESA'!D9 -> 0.4041
B19: Quantidade reciclada | C19: Tonelada | D19: =D17*(1-D18) -> 63.335976
B20: Preço unitário de triagem por tonelada reciclada | C20: Tonelada | D20: =D16/D19 -> 242.94883

Sheet QUANTITATIVOS
A3: Quantitativos
A5: Lote | B5: Unidades | C5: Eficiências médias | F5: Resíduo destinado | J5: Catadores
C6: Triagem | D6: Rejeito | F6: Médias por unidade | H6: Para 100% da Coleta | J6: Máximo | K6: Médio
C7: t/cat/mês | D7: % Médio | E7: % Meta | F7: Cargas/mês | G7: t/mês | H7: Cargas/mês | I7: t/mês | J7: n | K7: n
A8: 1 | B8: Cavalhada | C8: 2.21 | D8: 0.41 | E8: =IF(D8*(1+EDITAL!$E$28)>1,1,D8*(1+EDITAL!$E$28)) -> 0.287 | F8: 50.5 | G8: 54.6 | H8: =(F8/$F$24)*$F$25 -> 61.922942 | I8: =(G8/$G$24)*$G$25 -> 63.580111 | J8: 23 | K8: 20
A9: 2 | B9: Frederico Mentz | C9: 1.7868261 | D9: 0.2118977 | E9: =IF(D9*(1+EDITAL!$E$28)>1,1,D9*(1+EDITAL!$E$28)) -> 0.14832839 | F9: 34.5 | G9: 35.41 | H9: =(F9/$F$24)*$F$25 -> 42.303792 | I9: =(G9/$G$24)*$G$25 -> 41.233914 | J9: 18 | K9: 14
A10: 3 | B10: Padre Cacique | C10: 3.7067321 | D10: 0.2029035 | E10: =IF(D10*(1+EDITAL!$E$28)>1,1,D10*(1+EDITAL!$E$28)) -> 0.14203245 | F10: 48 | G10: 39.62 | H10: =(F10/$F$24)*$F$25 -> 58.85745 | I10: =(G10/$G$24)*$G$25 -> 46.136337 | J10: 33 | K10: 20
A11: 4 | B11: Restinga | C11: 2.99873 | D11: 0.52627424 | E11: =IF(D11*(1+EDITAL!$E$28)>1,1,D11*(1+EDITAL!$E$28)) -> 0.36839197 | F11: 75 | G11: 76.81 | H11: =(F11/$F$24)*$F$25 -> 91.964765 | I11: =(G11/$G$24)*$G$25 -> 89.443009 | J11: 45 | K11: 25
A12: 5 | B12: Rubem Berta | C12: 1.7983797 | D12: 0.37336207 | E12: =IF(D12*(1+EDITAL!$E$28)>1,1,D12*(1+EDITAL!$E$28)) -> 0.26135345 | F12: 59.25 | G12: 66.19 | H12: =(F12/$F$24)*$F$25 -> 72.652165 | I12: =(G12/$G$24)*$G$25 -> 77.076328 | J12: 32 | K12: 26
A13: 6 | B13: Santíssima | C13: 2.19 | D13: 0.6722 | E13: =IF(D13*(1+EDITAL!$E$28)>1,1,D13*(1+EDITAL!$E$28)) -> 0.47054 | F13: 65.33 | G13: 56.41 | H13: =(F13/$F$24)*$F$25 -> 80.107442 | I13: =(G13/$G$24)*$G$25 -> 65.687803 | J13: 26 | K13: 19
A14: 7 | B14: Vila Pinto | C14: 1.7371899 | D14: 0.30407616 | E14: =IF(D14*(1+EDITAL!$E$28)>1,1,D14*(1+EDITAL!$E$28)) -> 0.21285331 | F14: 47.5 | G14: 44.46 | H14: =(F14/$F$24)*$F$25 -> 58.244351 | I14: =(G14/$G$24)*$G$25 -> 51.772376 | J14: 35 | K14: 33
A15: 8 | B15: UTH | C15: 2.1424015 | D15: 0.43682333 | E15: =IF(D15*(1+EDITAL!$E$28)>1,1,D15*(1+EDITAL!$E$28)) -> 0.30577633 | F15: 323.75 | G15: 259.64 | H15: =(F15/$F$24)*$F$25 -> 396.98124 | I15: =(G15/$G$24)*$G$25 -> 302.34322 | J15: 93 | K15: 77
A16: 9 | B16: Anitas | C16: 7.9796897 | D16: 0.33814567 | E16: =IF(D16*(1+EDITAL!$E$28)>1,1,D16*(1+EDITAL!$E$28)) -> 0.23670197 | F16: 163.75 | G16: 176.56 | H16: =(F16/$F$24)*$F$25 -> 200.78974 | I16: =(G16/$G$24)*$G$25 -> 205.59898 | J16: 28 | K16: 18
A17: 10 | B17: Anjos da Ecologia | C17: 5.9037843 | D17: 0.52920364 | E17: =IF(D17*(1+EDITAL!$E$28)>1,1,D17*(1+EDITAL!$E$28)) -> 0.37044255 | F17: 114 | G17: 121.77 | H17: =(F17/$F$24)*$F$25 -> 139.78644 | I17: =(G17/$G$24)*$G$25 -> 141.79762 | J17: 20 | K17: 15
A18: 11 | B18: Aterro Norte | C18: 5.6235807 | D18: 0.30932284 | E18: =IF(D18*(1+EDITAL!$E$28)>1,1,D18*(1+EDITAL!$E$28)) -> 0.21652599 | F18: 70 | G18: 76.74 | H18: =(F18/$F$24)*$F$25 -> 85.833781 | I18: =(G18/$G$24)*$G$25 -> 89.361496 | J18: 16 | K18: 13
A19: 12 | B19: Campo da Tuca | C19: 3.2138546 | D19: 0.29799957 | E19: =IF(D19*(1+EDITAL!$E$28)>1,1,D19*(1+EDITAL!$E$28)) -> 0.2085997 | F19: 79.5 | G19: 85.36 | H19: =(F19/$F$24)*$F$25 -> 97.482651 | I19: =(G19/$G$24)*$G$25 -> 99.399235 | J19: 36 | K19: 26
... A23: 16 | B23: Reciclando pela Vida | C23: 9.2376548 | D23: 0.66403439 | E23: =IF(D23*(1+EDITAL!$E$28)>1,1,D23*(1+EDITAL!$E$28)) -> 0.46482407 | F23: 121 | G23: 121.84 | H23: =(F23/$F$24)*$F$25 -> 148.36982 | I23: =(G23/$G$24)*$G$25 -> 141.87913 | J23: 20 | K23: 17
C24: Destinado às uts projeto | F24: =SUM(F8:F23) -> 1485.33 | G24: =SUM(G8:G23) -> 1460.38 | H24: =SUM(H8:H23) -> 1821.307 | I24: =SUM(I8:I23) -> 1700.57
C25: Total da Coleta Seletiva | F25: 1821.307 | G25: 1700.57

Sheet PARÂMETROS - MESA
A3: Parâmetros de cálculo para unidades com mesas
A5: N | B5: Descrição | C5: Valor Calculado | D5: Valor Adotado | E5: Unidade | F5: Observações
A6: 1 | B6: Parâmetros de triagem
A7: 1.1 | B7: Eficiência média de triagem por reciclador | C7: =IF(D11<>"",D8/D11) -> 4 | D7: 4 | E7: t/mês | J7: Esteira
A8: 1.2 | B8: Cargas mensais | C8: =IF(AND(D7,D11)<>0,D11*D7) -> 106.28625 | D8: =EDITAL!E23/EDITAL!D23 -> 106.28625 | E8: t/mês | J8: Mesas
A9: 1.3 | B9: Percentual de rejeito da unidade | D9: 0.4041 | E9: %
A10: 1.4 | B10: Cooperativados | D10: =SUM(D11:D15) -> 32.571562
A11: 1.4.1 | B11: Recicladores | C11: =IF(AND(D7,D11)<>"",D8/D7) -> 26.571562 | D11: =D8/D7 -> 26.571562
A12: 1.4.2 | B12: Operador de prensa | D12: ='MAT SER E DESP - MESA'!C13 -> 2
A13: 1.4.3 | B13: Auxiliar de movimentação | D13: =D12 -> 2
A14: 1.4.4 | B14: Assistente Administrativo | D14: 1
A15: 1.4.5 | B15: Presidente da Cooperativa | D15: 1
A16: 1.5 | B16: Equipamentos
A17: 1.5.1 | B17: Prensas | D17: ='Equipamentos - MESA'!C22 -> 2 | E17: Un
A18: 1.5.2 | B18: Estrutura de triagem | D18: Mesas
A19: 1.5.2.1 | B19: Esteiras padrão 10,5 metros | D19: ='Equipamentos - MESA'!C37*(D18=J7) -> 0 | E19: Un
A20: 1.5.2.2 | B20: Mesas em unidade sem esteira (númer) | D20: 3 | E20: Un | F20: =IF(AND(D18=J8,OR(D20="",D20=0)),"Informe o número de mesas",IF(AND(D20>0,D18=J7),"Remova o número de mesas",""))
A21: 1.5.3 | B21: Elevador de fardos | D21: 1 | E21: Un
A22: 1.5.4 | B22: Balança plataforma | D22: 1 | E22: Un
A23: 1.5.5 | B23: Carros plataforma | D23: 2 | E23: Un
A24: 1.6 | B24: Comprimento esteiras | D24: =IF(D18=J7,'Equipamentos - MESA'!C25,0) -> 0 | E24: m
A25: 1.7 | B25: Área construída | D25: 832.08 | E25: m²
A26: 1.7.1 | B26: Área de triagem | D26: =D25-SUM(D27:D30) -> 725.08 | E26: m²
A27: 1.7.2 | B27: Área de armazenamento de material triado | D27: 50 | E27: m2
A28: 1.7.3 | B28: Área administrativa | D28: 12 | E28: m²
A29: 1.7.4 | B29: Área cozinha / refeitório | D29: 30 | E29: m2
A30: 1.7.5 | B30: Área sanitários | D30: 15 | E30: m2
A31: 1.7.6 | B31: Área externa testada | D31: 421.57 | E31: m²
A32: 1.7.7 | B32: Área total do lote | D32: 2686.28 | E32: m²
A33: 1.8 | B33: Horas de operação por mês (6 h/d x 26 d) | D33: ='Energia Elétrica - MESA'!U14*26 -> 208
A34: 1.9 | B34: Eficiência de triagem (t/rec/mês) | D34: ='MAT SER E DESP - MESA'!C9 -> 4
A35: 1.10 | B35: Número de recicladores calculado | D35: =D8/D34 -> 26.571562
A36: 1.11 | B36: Quantidade de tipos de mateiriais separados | D36: 17
A37: 1.12 | B37: Recicladores / metro de esteira | D37: =2/1 -> 2
A38: 2 | B38: Horas de operação | E38: 0
A39: 2.1 | B39: Horas diárias de operação | D39: 0.33333333
A40: 2.1.1 | B40: Hora de início da operação | D40: 0.3125
A41: 2.1.2 | B41: Hora de encerramento da operação | D41: =D39+D40+D42 -> 0.6875
A42: 2.1.3 | B42: Intervalo refeição | D42: 0.041666667
A43: 2.2 | B43: Horas mensais de operação | D43: 26
A44: 2.2.1 | B44: Horas mensais de operação | D44: =D39*24*D43 -> 208

Sheet PARÂMETROS - EST
A3: Parâmetros de cálculo para unidades com esteira
A5: N | B5: Descrição | C5: Valor Calculado | D5: Valor Adotado | E5: Unidade | F5: Mensagens
A6: 1 | B6: Parâmetros de triagem
A7: 1.1 | B7: Eficiência média de triagem por reciclador | C7: =IF(D11<>"",D8/D11) -> 4 | D7: 4 | E7: t/mês | J7: Esteira
A8: 1.2 | B8: Cargas mensais | C8: =IF(AND(D7,D11)<>0,D11*D7) -> 106.28625 | D8: =EDITAL!E23/EDITAL!D23 -> 106.28625 | E8: t/mês | J8: Mesas
A9: 1.3 | B9: Percentual de rejeito da unidade | D9: 0.4041 | E9: %
A10: 1.4 | B10: Cooperativados | D10: =SUM(D11:D15) -> 32.571562
A11: 1.4.1 | B11: Recicladores | C11: =IF(AND(D7,D11)<>"",D8/D7) -> 26.571562 | D11: =D8/D7 -> 26.571562
A12: 1.4.2 | B12: Operador de prensa | D12: ='MAT SER E DESP - EST'!C13 -> 2
A13: 1.4.3 | B13: Auxiliar de movimentação | D13: =D12 -> 2
A14: 1.4.4 | B14: Assistente Administrativo | D14: 1
A15: 1.4.5 | B15: Presidente da Cooperativa | D15: 1
A16: 1.5 | B16: Equipamentos
A17: 1.5.1 | B17: Prensas | D17: ='Equipamentos - EST'!C22 -> 2 | E17: Un
A18: 1.5.2 | B18: Estrutura de triagem | D18: Esteira
A19: 1.5.2.1 | B19: Esteiras padrão 10,5 metros | D19: ='Equipamentos - EST'!C37*(D18=J7) -> 2 | E19: Un
A20: 1.5.2.2 | B20: Mesas em unidade sem esteira (númer) | D20: 0 | E20: Un | F20: =IF(AND(D18=J8,OR(D20="",D20=0)),"Informe o número de mesas",IF(AND(D20>0,D18=J7),"Remova o número de mesas",""))
A21: 1.5.3 | B21: Elevador de fardos | D21: 1 | E21: Un
A22: 1.5.4 | B22: Balança plataforma | D22: 1 | E22: Un
A23: 1.5.5 | B23: Carros plataforma | D23: 2 | E23: Un
A24: 1.6 | B24: Comprimento esteiras | D24: =IF(D18=J7,'Equipamentos - EST'!C25,0) -> 13.285781 | E24: m
A25: 1.7 | B25: Área construída | D25: 832.08 | E25: m²
A26: 1.7.1 | B26: Área de triagem | D26: =D25-SUM(D27:D30) -> 725.08 | E26: m²
A27: 1.7.2 | B27: Área de armazenamento de material triado | D27: 50 | E27: m2
A28: 1.7.3 | B28: Área administrativa | D28: 12 | E28: m²
A29: 1.7.4 | B29: Área cozinha / refeitório | D29: 30 | E29: m2
A30: 1.7.5 | B30: Área sanitários | D30: 15 | E30: m2
A31: 1.7.6 | B31: Área externa testada | D31: 421.57 | E31: m²
A32: 1.7.7 | B32: Área total do lote | D32: 2686.28 | E32: m²
A33: 1.8 | B33: Horas de operação por mês (6 h/d x 26 d) | D33: ='Energia Elétrica - EST'!U14*26 -> 208
A34: 1.9 | B34: Eficiência de triagem (t/rec/mês) | D34: ='MAT SER E DESP - EST'!C9 -> 4
A35: 1.10 | B35: Número de recicladores calculado | D35: =D8/D34 -> 26.571562
A36: 1.11 | B36: Quantidade de tipos de mateiriais separados | D36: 17
A37: 1.12 | B37: Recicladores / metro de esteira | D37: =2/1 -> 2
A38: 2 | B38: Horas de operação | E38: 0
A39: 2.1 | B39: Horas diárias de operação | D39: 0.33333333
A40: 2.1.1 | B40: Hora de início da operação | D40: 0.3125
A41: 2.1.2 | B41: Hora de encerramento da operação | D41: =D39+D40+D42 -> 0.6875
A42: 2.1.3 | B42: Intervalo refeição | D42: 0.041666667
A43: 2.2 | B43: Horas mensais de operação | D43: 26
A44: 2.2.1 | B44: Horas mensais de operação | D44: =D39*24*D43 -> 208

Sheet MAT SER E DESP - MESA
B3: Planilha de Composição de Custos
B4: Serviço de operação de unidade de triagem e processamento de resíduos seletivos com mesas
B6: Resumo operacional da unidade
B7: Área construída total (m²) | C7: ='PARÂMETROS - MESA'!D25 -> 832.08
B8: Quantitativo mensal contrato (t/mês) | C8: ='PARÂMETROS - MESA'!D8 -> 106.28625
B9: Eficiência da unidade (t/reciclador/mês) | C9: ='PARÂMETROS - MESA'!D7 -> 4
B10: Horas total de operação diária | C10: 0.33333333
B11: Hora início operação | C11: ='PARÂMETROS - MESA'!D40 -> 0.3125
B12: Hora final operação | C12: ='PARÂMETROS - MESA'!D41 -> 0.6875 | D12: Adquirido | E12: Doado | H12: Possui
B13: Número de prensas | C13: ='PARÂMETROS - MESA'!D17 -> 2 | D13: 1 | E13: 0 | H13: =IF(C13>0,1,0) -> 1
B14: Número de esteiras padrão 10,5m | C14: ='PARÂMETROS - MESA'!D19 -> 0 | E14: 0 | H14: =IF(C14>0,1,0) -> 0
B15: Possui empilhadeira | C15: ='PARÂMETROS - MESA'!D21 -> 1 | D15: 1 | E15: 0 | H15: =IF(C15>0,1,0) -> 1
B16: Possui balança de plataforma | C16: ='PARÂMETROS - MESA'!D22 -> 1 | D16: 1 | E16: 0 | H16: =IF(C16>0,1,0) -> 1
B17: Possui carro plataforma | C17: ='PARÂMETROS - MESA'!D23 -> 2 | D17: 1
B19: 1. Uniformes e EPIs
B20: 1.1 Recicladores
B21: DISCRIMINAÇÃO | C21: UNIDADE | D21: QUANTIDADE | E21: PREÇO UNITÁRIO | F21: SUB-TOTAL | G21: TOTAL (R$)
B22: Calça | C22: unidade | D22: 0.16666667 | E22: ='MAPA DE PREÇOS'!M267 -> 53.9 | F22: =E22*D22 -> 8.9833333
B23: Camiseta de algodão | C23: unidade | D23: 0.33333333 | E23: ='MAPA DE PREÇOS'!M288 -> 32.53 | F23: =E23*D23 -> 10.843333
B24: Luva de malha | C24: par | D24: 0.33333333 | E24: ='MAPA DE PREÇOS'!M141 -> 2.77 | F24: =E24*D24 -> 0.92333333
B25: Avental PVC | C25: unidade | D25: 0.25 | E25: ='MAPA DE PREÇOS'!M162 -> 12.66 | F25: =E25*D25 -> 3.165
B26: Botina com elástico | C26: unidade | D26: 0.16666667 | E26: ='MAPA DE PREÇOS'!M183 -> 47.65 | F26: =E26*D26 -> 7.9416667
B27: Respirador dobrável | C27: unidade | D27: 4 | E27: ='MAPA DE PREÇOS'!M225 -> 1.58 | F27: =E27*D27 -> 6.32
B28: Óculos leopardo incolor | C28: unidade | D28: 2 | E28: ='MAPA DE PREÇOS'!M246 -> 2.65 | F28: =E28*D28 -> 5.3
B29: Total do efetivo | C29: homem | D29: =ROUND(C8/C9,0) -> 27 | E29: =SUM(F22:F28) -> 43.476667 | F29: =E29*D29 -> 1173.87
G30: =F29 -> 1173.87
B31: 1.2. Operador de prensa
B32: DISCRIMINAÇÃO | C32: UNIDADE | D32: QUANTIDADE | E32: PREÇO UNITÁRIO | F32: SUB-TOTAL | G32: TOTAL (R$)
B33: Calça | C33: unidade | D33: 0.16666667 | E33: =E22 -> 53.9 | F33: =E33*D33 -> 8.9833333
B34: Camiseta de algodão | C34: unidade | D34: 0.33333333 | E34: =E23 -> 32.53 | F34: =E34*D34 -> 10.843333
B35: Luva de malha | C35: par | D35: 0.33333333 | E35: =E24 -> 2.77 | F35: =E35*D35 -> 0.92333333
B36: Avental PVC | C36: unidade | D36: 0.25 | E36: =E25 -> 12.66 | F36: =E36*D36 -> 3.165
B37: Botina com elástico | C37: unidade | D37: 0.11111111 | E37: =E26 -> 47.65 | F37: =E37*D37 -> 5.2944444
B38: Respirador dobrável | C38: unidade | D38: 4 | E38: =E27 -> 1.58 | F38: =E38*D38 -> 6.32
B39: Óculos leopardo incolor | C39: unidade | D39: 2 | E39: =E28 -> 2.65 | F39: =E39*D39 -> 5.3
B40: Protetor auditivo | C40: unidade | D40: 0.16666667 | E40: ='MAPA DE PREÇOS'!M204 -> 12.47 | F40: =E40*D40 -> 2.0783333
B41: Total do efetivo | C41: homem | D41: 2 | E41: =SUM(F33:F40) -> 42.907778 | F41: =E41*D41 -> 85.815556
G42: =F41 -> 85.815556
B44: 1.2. Auxiliar de movimentação
B45: DISCRIMINAÇÃO | C45: UNIDADE | D45: QUANTIDADE | E45: PREÇO UNITÁRIO | F45: SUB-TOTAL | G45: TOTAL (R$)
B46: Calça | C46: unidade | D46: 0.16666667 | E46: =E35 -> 2.77 | F46: =E46*D46 -> 0.46166667
B47: Camiseta de algodão | C47: unidade | D47: 0.33333333 | E47: =E36 -> 12.66 | F47: =E47*D47 -> 4.22
B48: Luva de malha | C48: par | D48: 0.33333333 | E48: =E37 -> 47.65 | F48: =E48*D48 -> 15.883333
B49: Botina com elástico | C49: unidade | D49: 0.11111111 | E49: =E39 -> 2.65 | F49: =E49*D49 -> 0.29444444
B50: Total do efetivo | C50: homem | D50: 2 | E50: =SUM(F46:F49) -> 20.859444 | F50: =E50*D50 -> 41.718889
G51: =F50 -> 41.718889
B52: 1.3 Administrativos
B53: DISCRIMINAÇÃO | C53: UNIDADE | D53: QUANTIDADE | E53: PREÇO UNITÁRIO | F53: SUB-TOTAL | G53: TOTAL (R$)
B54: Calça | C54: unidade | D54: 0.16666667 | E54: =E22 -> 53.9 | F54: =E54*D54 -> 8.9833333
B55: Camiseta de algodão | C55: unidade | D55: 0.33333333 | E55: =E23 -> 32.53 | F55: =E55*D55 -> 10.843333
B56: Total do efetivo | C56: homem | D56: 1 | E56: =SUM(F54:F55) -> 19.826667 | F56: =E56*D56 -> 19.826667
G57: =F56 -> 19.826667
B59: Total Mensal com Uniformes e EPI2s (R$/mês) | G59: =G30+G42+G51+G57 -> 1321.2311
B61: 2. Equipamentos
B62: 2.1 - Prensas
B63: 2.1.1 - Depreciação
B64: DISCRIMINAÇÃO | C64: UNIDADE | D64: QUANTIDADE | E64: PREÇO UNITÁRIO | F64: SUB-TOTAL | G64: TOTAL (R$)
B65: Custo de aquisição do equipamento | C65: unidade | D65: =C13 -> 2 | E65: ='MAPA DE PREÇOS'!M15 -> 27220.45 | F65: =E65*D65 -> 54440.9
B66: Depreciação do equipamento | C66: % | D66: 80 | E66: =F65*D66/100 -> 43552.72 | F66: =E66 -> 43552.72
B67: Depreciação mensal do equipamento | C67: mêses | D67: 60 | F67: =F66/D67 -> 725.87867
G68: =F67 -> 725.87867
B69: 2.1.2. - Remuneração do capital investido
B70: DISCRIMINAÇÃO | C70: UNIDADE | D70: QUANTIDADE | E70: PREÇO UNITÁRIO | F70: SUB-TOTAL | G70: TOTAL (R$)
B71: Valor resídual do equipamento | C71: % | D71: =100-D66 -> 20 | E71: =E65*D13 -> 27220.45 | F71: =E71*D71/100 -> 5444.09
B72: Investimento médio | C72: v útil (anos) | D72: 5 | F72: =((E71-F71)*(D72+1)/(2*D72))+F71 -> 18509.906
B73: Remuneração mensal de capital | C73: Taxa Selic | D73: 14.75 | E73: =F72 -> 18509.906 | F73: =TRUNC(D73*E73/100/12,2) -> 227.51
G74: =F73 -> 227.51
B75: 2.1.3 - Manutenção
B76: DISCRIMINAÇÃO | C76: UNIDADE | D76: QUANTIDADE | E76: PREÇO UNITÁRIO | F76: SUB-TOTAL | G76: TOTAL (R$)
B77: Custo de aquisição do equipamento | C77: unidade | D77: =D65 -> 2 | E77: =E65 -> 27220.45 | F77: =E77*D77 -> 54440.9
B78: Custo estimando com manutenção (60 meses) | C78: % | D78: 85 | E78: =F77 -> 54440.9 | F78: =TRUNC(E78*D78/100,2) -> 46274.76
B79: Custo mensal com manutenção | C79: mês | D79: 60 | E79: =F78 -> 46274.76 | F79: =E79/D79 -> 771.246
G80: =F79 -> 771.246
B82: Sub total mensal com prensas | G82: =G80+G74+G68 -> 1724.6347
B84: 2.2 - Esteira de separação
B85: 2.2.1 - Depreciação
B86: DISCRIMINAÇÃO | C86: UNIDADE | D86: QUANTIDADE | E86: PREÇO UNITÁRIO | F86: SUB-TOTAL | G86: TOTAL (R$)
B87: Custo de aquisição do equipamento | C87: unidade | D87: =C14 -> 0 | E87: ='MAPA DE PREÇOS'!M36 -> 24150.58 | F87: =E87*D87 -> 0
B88: Depreciação do equipamento | C88: % | D88: 80 | E88: =F87*D88/100 -> 0 | F88: =E88 -> 0
B89: Depreciação mensal do equipamento | C89: mêses | D89: 60 | F89: =F88/D89 -> 0
G90: =F89 -> 0
B91: 2.2.2. - Remuneração do capital investido
B92: DISCRIMINAÇÃO | C92: UNIDADE | D92: QUANTIDADE | E92: PREÇO UNITÁRIO | F92: SUB-TOTAL | G92: TOTAL (R$)
B93: Valor resídual do equipamento | C93: % | D93: =100-D88 -> 20 | E93: =E87*D14 -> 0 | F93: =E93*D93/100 -> 0
B94: Investimento médio | C94: v útil (anos) | D94: 5 | F94: =((E93-F93)*(D94+1)/(2*D94))+F93 -> 0
B95: Remuneração mensal de capital | C95: Taxa Selic | D95: =D73 -> 14.75 | E95: =F94 -> 0 | F95: =TRUNC(D95*E95/100/12,2) -> 0
G96: =F95 -> 0
B97: 2.2.3 - Manutenção
B98: DISCRIMINAÇÃO | C98: UNIDADE | D98: QUANTIDADE | E98: PREÇO UNITÁRIO | F98: SUB-TOTAL | G98: TOTAL (R$)
B99: Custo de aquisição do equipamento | C99: unidade | D99: =D87 -> 0 | E99: =E87 -> 24150.58 | F99: =E99*D99 -> 0
B100: Custo estimando com manutenção (60 meses) | C100: % | D100: 85 | E100: =F99 -> 0 | F100: =TRUNC(E100*D100/100,2) -> 0
B101: Custo mensal com manutenção | C101: mês | D101: 60 | E101: =F100 -> 0 | F101: =E101/D101 -> 0
G102: =F101 -> 0
B104: Sub total mensal com esteira de separação | G104: =G102+G96+G90 -> 0
B106: 2.3 - Empilhadeira hidráulica
B107: 2.3.1 - Depreciação
B108: DISCRIMINAÇÃO | C108: UNIDADE | D108: QUANTIDADE | E108: PREÇO UNITÁRIO | F108: SUB-TOTAL | G108: TOTAL (R$)
B109: Custo de aquisição do equipamento | C109: unidade | D109: =C15 -> 1 | E109: ='MAPA DE PREÇOS'!M57 -> 6369.77 | F109: =E109*D109 -> 6369.77
B110: Depreciação do equipamento | C110: % | D110: 80 | E110: =F109*D110/100 -> 5095.816 | F110: =E110 -> 5095.816
B111: Depreciação mensal do equipamento | C111: mêses | D111: 60 | F111: =F110/D111 -> 84.930267
...

Sheet MAT SER E DESP - EST
B3: Planilha de Composição de Custos
B4: Serviço de operação de unidade de triagem e processamento de resíduos seletivos com esteira
B6: Resumo operacional da unidade
B7: Área construída total (m²) | C7: ='PARÂMETROS - EST'!D25 -> 832.08
B8: Quantitativo mensal contrato (t/mês) | C8: ='PARÂMETROS - EST'!D8 -> 106.28625
B9: Eficiência da unidade (t/reciclador/mês) | C9: ='PARÂMETROS - EST'!D7 -> 4
B10: Horas total de operação diária | C10: 0.33333333
B11: Hora início operação | C11: ='PARÂMETROS - EST'!D40 -> 0.3125
B12: Hora final operação | C12: ='PARÂMETROS - EST'!D41 -> 0.6875 | D12: Adquirido | E12: Doado | H12: Possui
B13: Número de prensas | C13: ='PARÂMETROS - EST'!D17 -> 2 | D13: 1 | E13: 0 | H13: =IF(C13>0,1,0) -> 1
B14: Número de esteiras padrão 10,5m | C14: ='PARÂMETROS - EST'!D19 -> 2 | D14: 1 | E14: 0 | H14: =IF(C14>0,1,0) -> 1
B15: Possui empilhadeira | C15: ='PARÂMETROS - EST'!D21 -> 1 | D15: 1 | E15: 0 | H15: =IF(C15>0,1,0) -> 1
B16: Possui balança de plataforma | C16: ='PARÂMETROS - EST'!D22 -> 1 | D16: 1 | E16: 0 | H16: =IF(C16>0,1,0) -> 1
B17: Possui carro plataforma | C17: ='PARÂMETROS - EST'!D23 -> 2 | D17: 1
B19: 1. Uniformes e EPIs
B20: 1.1 Recicladores
B21: DISCRIMINAÇÃO | C21: UNIDADE | D21: QUANTIDADE | E21: PREÇO UNITÁRIO | F21: SUB-TOTAL | G21: TOTAL (R$)
B22: Calça | C22: unidade | D22: 0.16666667 | E22: ='MAPA DE PREÇOS'!M267 -> 53.9 | F22: =E22*D22 -> 8.9833333
B23: Camiseta de algodão | C23: unidade | D23: 0.33333333 | E23: ='MAPA DE PREÇOS'!M288 -> 32.53 | F23: =E23*D23 -> 10.843333
B24: Luva de malha | C24: par | D24: 0.33333333 | E24: ='MAPA DE PREÇOS'!M141 -> 2.77 | F24: =E24*D24 -> 0.92333333
B25: Avental PVC | C25: unidade | D25: 0.25 | E25: ='MAPA DE PREÇOS'!M162 -> 12.66 | F25: =E25*D25 -> 3.165
B26: Botina com elástico | C26: unidade | D26: 0.16666667 | E26: ='MAPA DE PREÇOS'!M183 -> 47.65 | F26: =E26*D26 -> 7.9416667
B27: Respirador dobrável | C27: unidade | D27: 4 | E27: ='MAPA DE PREÇOS'!M225 -> 1.58 | F27: =E27*D27 -> 6.32
B28: Óculos leopardo incolor | C28: unidade | D28: 2 | E28: ='MAPA DE PREÇOS'!M246 -> 2.65 | F28: =E28*D28 -> 5.3
B29: Total do efetivo | C29: homem | D29: =ROUND(C8/C9,0) -> 27 | E29: =SUM(F22:F28) -> 43.476667 | F29: =E29*D29 -> 1173.87
G30: =F29 -> 1173.87
B31: 1.2. Operador de prensa
B32: DISCRIMINAÇÃO | C32: UNIDADE | D32: QUANTIDADE | E32: PREÇO UNITÁRIO | F32: SUB-TOTAL | G32: TOTAL (R$)
B33: Calça | C33: unidade | D33: 0.16666667 | E33: =E22 -> 53.9 | F33: =E33*D33 -> 8.9833333
B34: Camiseta de algodão | C34: unidade | D34: 0.33333333 | E34: =E23 -> 32.53 | F34: =E34*D34 -> 10.843333
B35: Luva de malha | C35: par | D35: 0.33333333 | E35: =E24 -> 2.77 | F35: =E35*D35 -> 0.92333333
B36: Avental PVC | C36: unidade | D36: 0.25 | E36: =E25 -> 12.66 | F36: =E36*D36 -> 3.165
B37: Botina com elástico | C37: unidade | D37: 0.11111111 | E37: =E26 -> 47.65 | F37: =E37*D37 -> 5.2944444
B38: Respirador dobrável | C38: unidade | D38: 4 | E38: =E27 -> 1.58 | F38: =E38*D38 -> 6.32
B39: Óculos leopardo incolor | C39: unidade | D39: 2 | E39: =E28 -> 2.65 | F39: =E39*D39 -> 5.3
B40: Protetor auditivo | C40: unidade | D40: 0.16666667 | E40: ='MAPA DE PREÇOS'!M204 -> 12.47 | F40: =E40*D40 -> 2.0783333
B41: Total do efetivo | C41: homem | D41: 2 | E41: =SUM(F33:F40) -> 42.907778 | F41: =E41*D41 -> 85.815556
G42: =F41 -> 85.815556
B44: 1.2. Auxiliar de movimentação
B45: DISCRIMINAÇÃO | C45: UNIDADE | D45: QUANTIDADE | E45: PREÇO UNITÁRIO | F45: SUB-TOTAL | G45: TOTAL (R$)
B46: Calça | C46: unidade | D46: 0.16666667 | E46: =E35 -> 2.77 | F46: =E46*D46 -> 0.46166667
B47: Camiseta de algodão | C47: unidade | D47: 0.33333333 | E47: =E36 -> 12.66 | F47: =E47*D47 -> 4.22
B48: Luva de malha | C48: par | D48: 0.33333333 | E48: =E37 -> 47.65 | F48: =E48*D48 -> 15.883333
B49: Botina com elástico | C49: unidade | D49: 0.11111111 | E49: =E39 -> 2.65 | F49: =E49*D49 -> 0.29444444
B50: Total do efetivo | C50: homem | D50: 2 | E50: =SUM(F46:F49) -> 20.859444 | F50: =E50*D50 -> 41.718889
G51: =F50 -> 41.718889
B52: 1.3 Administrativos
B53: DISCRIMINAÇÃO | C53: UNIDADE | D53: QUANTIDADE | E53: PREÇO UNITÁRIO | F53: SUB-TOTAL | G53: TOTAL (R$)
B54: Calça | C54: unidade | D54: 0.16666667 | E54: =E22 -> 53.9 | F54: =E54*D54 -> 8.9833333
B55: Camiseta de algodão | C55: unidade | D55: 0.33333333 | E55: =E23 -> 32.53 | F55: =E55*D55 -> 10.843333
B56: Total do efetivo | C56: homem | D56: 1 | E56: =SUM(F54:F55) -> 19.826667 | F56: =E56*D56 -> 19.826667
G57: =F56 -> 19.826667
B59: Total Mensal com Uniformes e EPI2s (R$/mês) | G59: =G30+G42+G51+G57 -> 1321.2311
B61: 2. Equipamentos
B62: 2.1 - Prensas
B63: 2.1.1 - Depreciação
B64: DISCRIMINAÇÃO | C64: UNIDADE | D64: QUANTIDADE | E64: PREÇO UNITÁRIO | F64: SUB-TOTAL | G64: TOTAL (R$)
B65: Custo de aquisição do equipamento | C65: unidade | D65: =C13 -> 2 | E65: ='MAPA DE PREÇOS'!M15 -> 27220.45 | F65: =E65*D65 -> 54440.9
B66: Depreciação do equipamento | C66: % | D66: 80 | E66: =F65*D66/100 -> 43552.72 | F66: =E66 -> 43552.72
B67: Depreciação mensal do equipamento | C67: mêses | D67: 60 | F67: =F66/D67 -> 725.87867
G68: =F67 -> 725.87867
B69: 2.1.2. - Remuneração do capital investido
B70: DISCRIMINAÇÃO | C70: UNIDADE | D70: QUANTIDADE | E70: PREÇO UNITÁRIO | F70: SUB-TOTAL | G70: TOTAL (R$)
B71: Valor resídual do equipamento | C71: % | D71: =100-D66 -> 20 | E71: =E65*D13 -> 27220.45 | F71: =E71*D71/100 -> 5444.09
B72: Investimento médio | C72: v útil (anos) | D72: 5 | F72: =((E71-F71)*(D72+1)/(2*D72))+F71 -> 18509.906
B73: Remuneração mensal de capital | C73: Taxa Selic | D73: 14.75 | E73: =F72 -> 18509.906 | F73: =TRUNC(D73*E73/100/12,2) -> 227.51
G74: =F73 -> 227.51
B75: 2.1.3 - Manutenção
B76: DISCRIMINAÇÃO | C76: UNIDADE | D76: QUANTIDADE | E76: PREÇO UNITÁRIO | F76: SUB-TOTAL | G76: TOTAL (R$)
B77: Custo de aquisição do equipamento | C77: unidade | D77: =D65 -> 2 | E77: =E65 -> 27220.45 | F77: =E77*D77 -> 54440.9
B78: Custo estimando com manutenção (60 meses) | C78: % | D78: 85 | E78: =F77 -> 54440.9 | F78: =TRUNC(E78*D78/100,2) -> 46274.76
B79: Custo mensal com manutenção | C79: mês | D79: 60 | E79: =F78 -> 46274.76 | F79: =E79/D79 -> 771.246
G80: =F79 -> 771.246
B82: Sub total mensal com prensas | G82: =G80+G74+G68 -> 1724.6347
B84: 2.2 - Esteira de separação
B85: 2.2.1 - Depreciação
B86: DISCRIMINAÇÃO | C86: UNIDADE | D86: QUANTIDADE | E86: PREÇO UNITÁRIO | F86: SUB-TOTAL | G86: TOTAL (R$)
B87: Custo de aquisição do equipamento | C87: unidade | D87: =C14 -> 2 | E87: ='MAPA DE PREÇOS'!M36 -> 24150.58 | F87: =E87*D87 -> 48301.16
B88: Depreciação do equipamento | C88: % | D88: 80 | E88: =F87*D88/100 -> 38640.928 | F88: =E88 -> 38640.928
B89: Depreciação mensal do equipamento | C89: mêses | D89: 60 | F89: =F88/D89 -> 644.01547
G90: =F89 -> 644.01547
B91: 2.2.2. - Remuneração do capital investido
B92: DISCRIMINAÇÃO | C92: UNIDADE | D92: QUANTIDADE | E92: PREÇO UNITÁRIO | F92: SUB-TOTAL | G92: TOTAL (R$)
B93: Valor resídual do equipamento | C93: % | D93: =100-D88 -> 20 | E93: =E87*D14 -> 24150.58 | F93: =E93*D93/100 -> 4830.116
B94: Investimento médio | C94: v útil (anos) | D94: 5 | F94: =((E93-F93)*(D94+1)/(2*D94))+F93 -> 16422.394
B95: Remuneração mensal de capital | C95: Taxa Selic | D95: =D73 -> 14.75 | E95: =F94 -> 16422.394 | F95: =TRUNC(D95*E95/100/12,2) -> 201.85
G96: =F95 -> 201.85
B97: 2.2.3 - Manutenção
B98: DISCRIMINAÇÃO | C98: UNIDADE | D98: QUANTIDADE | E98: PREÇO UNITÁRIO | F98: SUB-TOTAL | G98: TOTAL (R$)
B99: Custo de aquisição do equipamento | C99: unidade | D99: =D87 -> 2 | E99: =E87 -> 24150.58 | F99: =E99*D99 -> 48301.16
B100: Custo estimando com manutenção (60 meses) | C100: % | D100: 85 | E100: =F99 -> 48301.16 | F100: =TRUNC(E100*D100/100,2) -> 41055.98
B101: Custo mensal com manutenção | C101: mês | D101: 60 | E101: =F100 -> 41055.98 | F101: =E101/D101 -> 684.26633
G102: =F101 -> 684.26633
B104: Sub total mensal com esteira de separação | G104: =G102+G96+G90 -> 1530.1318
B106: 2.3 - Empilhadeira hidráulica
B107: 2.3.1 - Depreciação
B108: DISCRIMINAÇÃO | C108: UNIDADE | D108: QUANTIDADE | E108: PREÇO UNITÁRIO | F108: SUB-TOTAL | G108: TOTAL (R$)
B109: Custo de aquisição do equipamento | C109: unidade | D109: =C15 -> 1 | E109: ='MAPA DE PREÇOS'!M57 -> 6369.77 | F109: =E109*D109 -> 6369.77
B110: Depreciação do equipamento | C110: % | D110: 80 | E110: =F109*D110/100 -> 5095.816 | F110: =E110 -> 5095.816
B111: Depreciação mensal do equipamento | C111: mêses | D111: 60 | F111: =F110/D111 -> 84.930267
...

Sheet Energia Elétrica - MESA
A2: Cálculo da conta de energia elétrica unidades com mesas de triagem | X2: Horários de modalidade de tarifa | Z2: Passo (h) | AA2: 0.041666667 | AB2: Noite média
A4: Consumos | C4: Local / Equipamento | D4: Potência | E4: Unidade | F4: Consumo Reativo | X4: Hora | Y4: Mod | Z4: Operação | AA4: Mod | AB4: Horas | AC4: Incidencia
C5: Energia elétrica | D5: =SUM(D7:D17) -> 2636.9874 | E5: kWh | X5: 1 | Y5: F | Z5: =IF(AND(X5>=$V$27,X5<$V$28),X5,"") | AA5: =IF(Z5=X5,Y5,"-") -> - | AB5: =IF(AND(X5>=$V$29,X5<$V$30),X5,"") | AC5: =IF(AB5=X5,Y5,"-") -> -
C6: Área administrativa | X6: =X5+$AA$2 -> 1.0416667 | Y6: F | Z6: =IF(AND(X6>=$V$27,X6<$V$28),X6,"") | AA6: =IF(Z6=X6,Y6,"-") -> - | AB6: =IF(AND(X6>=$V$29,X6<$V$30),X6,"") | AC6: =IF(AB6=X6,Y6,"-") -> -
C7: Iluminação | D7: ='Iluminação - MESA'!I5 -> 15.428571 | E7: kWh | F7: 0 | X7: =X6+$AA$2 -> 1.0833333 | Y7: F | Z7: =IF(AND(X7>=$V$27,X7<$V$28),X7,"") | AA7: =IF(Z7=X7,Y7,"-") -> - | AB7: =IF(AND(X7>=$V$29,X7<$V$30),X7,"") | AC7: =IF(AB7=X7,Y7,"-") -> -
C8: Iluminação externa (200W LED x 30,5 dias) | D8: ='Iluminação - MESA'!I9 -> 202.3536 | E8: kWh | F8: 0 | X8: =X7+$AA$2 -> 1.125 | Y8: F | Z8: =IF(AND(X8>=$V$27,X8<$V$28),X8,"") | AA8: =IF(Z8=X8,Y8,"-") -> - | AB8: =IF(AND(X8>=$V$29,X8<$V$30),X8,"") | AC8: =IF(AB8=X8,Y8,"-") -> -
C9: Microcomputador e impressora (300W x 6h/d x 22 dias) | D9: 39 | E9: kWh | F9: 0 | X9: =X8+$AA$2 -> 1.1666667 | Y9: F | Z9: =IF(AND(X9>=$V$27,X9<$V$28),X9,"") | AA9: =IF(Z9=X9,Y9,"-") -> - | AB9: =IF(AND(X9>=$V$29,X9<$V$30),X9,"") | AC9: =IF(AB9=X9,Y9,"-") -> -
C10: Cozinha/refeitório/sanitários | X10: =X9+$AA$2 -> 1.2083333 | Y10: F | Z10: =IF(AND(X10>=$V$27,X10<$V$28),X10,"") | AA10: =IF(Z10=X10,Y10,"-") -> - | AB10: =IF(AND(X10>=$V$29,X10<$V$30),X10,"") | AC10: =IF(AB10=X10,Y10,"-") -> -
C11: Iluminação (3 horas/dia) | D11: ='Iluminação - MESA'!I6 -> 25.714286 | E11: kWh | F11: 0 | X11: =X10+$AA$2 -> 1.25 | Y11: F | Z11: =IF(AND(X11>=$V$27,X11<$V$28),X11,"") | AA11: =IF(Z11=X11,Y11,"-") -> - | AB11: =IF(AND(X11>=$V$29,X11<$V$30),X11,"") | AC11: =IF(AB11=X11,Y11,"-") -> -
C12: Refrigerador (130W x 24h x 30,42 dias ) | D12: 94 | E12: kWh | F12: 0 | X12: =X11+$AA$2 -> 1.2916667 | Y12: F | Z12: =IF(AND(X12>=$V$27,X12<$V$28),X12,"") | AA12: =IF(Z12=X12,Y12,"-") -> - | AB12: =IF(AND(X12>=$V$29,X12<$V$30),X12,"") | AC12: =IF(AB12=X12,Y12,"-") -> -
C13: Microondas (1200W x 1h x 26 d/mês) | D13: 31 | E13: kWh | F13: 0 | T13: Conversão horas decimais | X13: =X12+$AA$2 -> 1.3333333 | Y13: F | Z13: =IF(AND(X13>=$V$27,X13<$V$28),X13,"") -> 1.3333333 | AA13: =IF(Z13=X13,Y13,"-") -> F | AB13: =IF(AND(X13>=$V$29,X13<$V$30),X13,"") | AC13: =IF(AB13=X13,Y13,"-") -> -
C14: Área operacional | T14: ='MAT SER E DESP - EST'!C10 -> 0.33333333 | U14: =SUM(U15:U16) -> 8 | X14: =X13+$AA$2 -> 1.375 | Y14: F | Z14: =IF(AND(X14>=$V$27,X14<$V$28),X14,"") -> 1.375 | AA14: =IF(Z14=X14,Y14,"-") -> F | AB14: =IF(AND(X14>=$V$29,X14<$V$30),X14,"") | AC14: =IF(AB14=X14,Y14,"-") -> -
C15: Iluminação | D15: ='Iluminação - MESA'!I7+'Iluminação - MESA'!I8 -> 1330.8583 | E15: kWh | F15: 0 | T15: =HOUR(T14) -> 8 | U15: =T15 -> 8 | X15: =X14+$AA$2 -> 1.4166667 | Y15: F | Z15: =IF(AND(X15>=$V$27,X15<$V$28),X15,"") -> 1.4166667 | AA15: =IF(Z15=X15,Y15,"-") -> F | AB15: =IF(AND(X15>=$V$29,X15<$V$30),X15,"") | AC15: =IF(AB15=X15,Y15,"-") -> -
C16: Prensas | D16: ='Equipamentos - MESA'!C18 -> 898.63264 | E16: kWh/t | F16: 1 | T16: =MINUTE(T14) -> 0 | U16: =T16/60 -> 0 | X16: =X15+$AA$2 -> 1.4583333 | Y16: F | Z16: =IF(AND(X16>=$V$27,X16<$V$28),X16,"") -> 1.4583333 | AA16: =IF(Z16=X16,Y16,"-") -> F | AB16: =IF(AND(X16>=$V$29,X16<$V$30),X16,"") | AC16: =IF(AB16=X16,Y16,"-") -> -
C17: Esteira | D17: ='Equipamentos - MESA'!C35 -> 0 | E17: kWh | F17: 1 | X17: =X16+$AA$2 -> 1.5 | Y17: F | Z17: =IF(AND(X17>=$V$27,X17<$V$28),X17,"") -> 1.5 | AA17: =IF(Z17=X17,Y17,"-") -> F | AB17: =IF(AND(X17>=$V$29,X17<$V$30),X17,"") | AC17: =IF(AB17=X17,Y17,"-") -> -
T18: Kw/CV | U18: 0.735499 | X18: =X17+$AA$2 -> 1.5416667 | Y18: F | Z18: =IF(AND(X18>=$V$27,X18<$V$28),X18,"") -> 1.5416667 | AA18: =IF(Z18=X18,Y18,"-") -> F | AB18: =IF(AND(X18>=$V$29,X18<$V$30),X18,"") | AC18: =IF(AB18=X18,Y18,"-") -> -
A19: Horários de consumo | C19: Denominação | E19: Hora Inicial | F19: (Para cálculo) | X19: =X18+$AA$2 -> 1.5833333 | Y19: F | Z19: =IF(AND(X19>=$V$27,X19<$V$28),X19,"") -> 1.5833333 | AA19: =IF(Z19=X19,Y19,"-") -> F | AB19: =IF(AND(X19>=$V$29,X19<$V$30),X19,"") | AC19: =IF(AB19=X19,Y19,"-") -> -
C20: Horário Operação | D20: Início | E20: ='MAT SER E DESP - MESA'!C11 -> 0.3125 | F20: 1 | T20: Tipos Lampadas | X20: =X19+$AA$2 -> 1.625 | Y20: F | Z20: =IF(AND(X20>=$V$27,X20<$V$28),X20,"") -> 1.625 | AA20: =IF(Z20=X20,Y20,"-") -> F | AB20: =IF(AND(X20>=$V$29,X20<$V$30),X20,"") | AC20: =IF(AB20=X20,Y20,"-") -> -
D21: Fim | E21: ='MAT SER E DESP - MESA'!C12 -> 0.6875 | F21: 1 | T21: LED | U21: 91 | V21: lm/W | X21: =X20+$AA$2 -> 1.6666667 | Y21: F | Z21: =IF(AND(X21>=$V$27,X21<$V$28),X21,"") -> 1.6666667 | AA21: =IF(Z21=X21,Y21,"-") -> F | AB21: =IF(AND(X21>=$V$29,X21<$V$30),X21,"") | AC21: =IF(AB21=X21,Y21,"-") -> -
C22: Horário Iluminação externa | D22: Início | E22: 0.79166667 | F22: =F21 -> 1 | T22: Fluorescente | U22: 55 | V22: lm/W | X22: =X21+$AA$2 -> 1.7083333 | Y22: I | Z22: =IF(AND(X22>=$V$27,X22<$V$28),X22,"") | AA22: =IF(Z22=X22,Y22,"-") -> - | AB22: =IF(AND(X22>=$V$29,X22<$V$30),X22,"") | AC22: =IF(AB22=X22,Y22,"-") -> -
D23: Fim | E23: 0.29166667 | F23: 2 | T23: Vapor de mercúrio | U23: 55 | V23: lm/W | X23: =X22+$AA$2 -> 1.75 | Y23: P | Z23: =IF(AND(X23>=$V$27,X23<$V$28),X23,"") | AA23: =IF(Z23=X23,Y23,"-") -> - | AB23: =IF(AND(X23>=$V$29,X23<$V$30),X23,"") | AC23: =IF(AB23=X23,Y23,"-") -> -
T24: Vapor de sódio | U24: 130 | V24: lm/W | X24: =X23+$AA$2 -> 1.7916667 | Y24: P | Z24: =IF(AND(X24>=$V$27,X24<$V$28),X24,"") | AA24: =IF(Z24=X24,Y24,"-") -> - | AB24: =IF(AND(X24>=$V$29,X24<$V$30),X24,"") -> 1.7916667 | AC24: =IF(AB24=X24,Y24,"-") -> P
A25: Cálculo das faixas de consumo | B25: Função | C25: Descrição | D25: Tempo | E25: % | F25: KWh | T25: Cálculo do percentual em cada modalidade de tarifa | X25: =X24+$AA$2 -> 1.8333333 | Y25: P | Z25: =IF(AND(X25>=$V$27,X25<$V$28),X25,"") | AA25: =IF(Z25=X25,Y25,"-") -> - | AB25: =IF(AND(X25>=$V$29,X25<$V$30),X25,"") -> 1.8333333 | AC25: =IF(AB25=X25,Y25,"-") -> P
B26: Operação | C26: Horas de operação diária | D26: =COUNTIF($AA$5:$AA$205,"<>-") -> 9 | T26: Dados sobre a operação | X26: =X25+$AA$2 -> 1.875 | Y26: I | Z26: =IF(AND(X26>=$V$27,X26<$V$28),X26,"") | AA26: =IF(Z26=X26,Y26,"-") -> - | AB26: =IF(AND(X26>=$V$29,X26<$V$30),X26,"") -> 1.875 | AC26: =IF(AB26=X26,Y26,"-") -> I
C27: Consumo diario fora de ponta (h) | D27: =COUNTIF($AA$5:$AA$205,"=F") -> 9 | E27: =D27/D26 -> 1 | F27: =($D$5-$D$8)*E27 -> 2434.6338 | T27: Horário de operação ajustado | U27: Início | V27: =E20+F20 -> 1.3125 | X27: =X26+$AA$2 -> 1.9166667 | Y27: F | Z27: =IF(AND(X27>=$V$27,X27<$V$28),X27,"") | AA27: =IF(Z27=X27,Y27,"-") -> - | AB27: =IF(AND(X27>=$V$29,X27<$V$30),X27,"") -> 1.9166667 | AC27: =IF(AB27=X27,Y27,"-") -> F
C28: Consumo diário Intermediário (h) | D28: =COUNTIF($AA$5:$AA$205,"=I") -> 0 | E28: =D28/D26 -> 0 | F28: =($D$5-$D$8)*E28 -> 0 | U28: Fim | V28: =E21+F21 -> 1.6875 | X28: =X27+$AA$2 -> 1.9583333 | Y28: F | Z28: =IF(AND(X28>=$V$27,X28<$V$28),X28,"") | AA28: =IF(Z28=X28,Y28,"-") -> - | AB28: =IF(AND(X28>=$V$29,X28<$V$30),X28,"") -> 1.9583333 | AC28: =IF(AB28=X28,Y28,"-") -> F
C29: Consumo diário de ponta (h) | D29: =COUNTIF($AA$5:$AA$205,"=P") -> 0 | E29: =D29/D26 -> 0 | F29: =($D$5-$D$8)*E29 -> 0 | T29: Hora iluminação externa | U29: Início | V29: =E22+F22 -> 1.7916667 | X29: =X28+$AA$2 -> 2 | Y29: F | Z29: =IF(AND(X29>=$V$27,X29<$V$28),X29,"") | AA29: =IF(Z29=X29,Y29,"-") -> - | AB29: =IF(AND(X29>=$V$29,X29<$V$30),X29,"") -> 2 | AC29: =IF(AB29=X29,Y29,"-") -> F
C30: Total | D30: =SUM(D27:D29) -> 9 | F30: =SUM(F27:F29) -> 2434.6338 | U30: Fim | V30: =E23+F23 -> 2.2916667 | X30: =X29+$AA$2 -> 2.0416667 | Y30: F | Z30: =IF(AND(X30>=$V$27,X30<$V$28),X30,"") | AA30: =IF(Z30=X30,Y30,"-") -> - | AB30: =IF(AND(X30>=$V$29,X30<$V$30),X30,"") -> 2.0416667 | AC30: =IF(AB30=X30,Y30,"-") -> F
B31: Iliminação Externa | C31: Horas de operação diária | D31: =COUNTIF($AC$5:$AC$205,"<>-") -> 12 | X31: =X30+$AA$2 -> 2.0833333 | Y31: F | Z31: =IF(AND(X31>=$V$27,X31<$V$28),X31,"") | AA31: =IF(Z31=X31,Y31,"-") -> - | AB31: =IF(AND(X31>=$V$29,X31<$V$30),X31,"") -> 2.0833333 | AC31: =IF(AB31=X31,Y31,"-") -> F
C32: Consumo diario fora de ponta (h) | D32: =COUNTIF($AC$10:$AC$210,"=F") -> 9 | E32: =D32/D31 -> 0.75 | F32: =$D$8*E32 -> 151.7652 | X32: =X31+$AA$2 -> 2.125 | Y32: F | Z32: =IF(AND(X32>=$V$27,X32<$V$28),X32,"") | AA32: =IF(Z32=X32,Y32,"-") -> - | AB32: =IF(AND(X32>=$V$29,X32<$V$30),X32,"") -> 2.125 | AC32: =IF(AB32=X32,Y32,"-") -> F
C33: Consumo diário Intermediário (h) | D33: =COUNTIF($AC$10:$AC$210,"=I") -> 1 | E33: =D33/D31 -> 0.083333333 | F33: =$D$8*E33 -> 16.8628 | X33: =X32+$AA$2 -> 2.1666667 | Y33: F | Z33: =IF(AND(X33>=$V$27,X33<$V$28),X33,"") | AA33: =IF(Z33=X33,Y33,"-") -> - | AB33: =IF(AND(X33>=$V$29,X33<$V$30),X33,"") -> 2.1666667 | AC33: =IF(AB33=X33,Y33,"-") -> F
C34: Consumo diário de ponta (h) | D34: =COUNTIF($AC$10:$AC$210,"=P") -> 2 | E34: =D34/D31 -> 0.16666667 | F34: =$D$8*E34 -> 33.7256 | X34: =X33+$AA$2 -> 2.2083333 | Y34: F | Z34: =IF(AND(X34>=$V$27,X34<$V$28),X34,"") | AA34: =IF(Z34=X34,Y34,"-") -> - | AB34: =IF(AND(X34>=$V$29,X34<$V$30),X34,"") -> 2.2083333 | AC34: =IF(AB34=X34,Y34,"-") -> F
C35: Total | D35: =SUM(D32:D34) -> 12 | F35: =SUM(F32:F34) -> 202.3536 | X35: =X34+$AA$2 -> 2.25 | Y35: F | Z35: =IF(AND(X35>=$V$27,X35<$V$28),X35,"") | AA35: =IF(Z35=X35,Y35,"-") -> - | AB35: =IF(AND(X35>=$V$29,X35<$V$30),X35,"") -> 2.25 | AC35: =IF(AB35=X35,Y35,"-") -> F
B36: TOTAL | D36: =D30+D35 -> 21 | F36: =F30+F35 -> 2636.9874 | X36: =X35+$AA$2 -> 2.2916667 | Y36: F | Z36: =IF(AND(X36>=$V$27,X36<$V$28),X36,"") | AA36: =IF(Z36=X36,Y36,"-") -> - | AB36: =IF(AND(X36>=$V$29,X36<$V$30),X36,"") | AC36: =IF(AB36=X36,Y36,"-") -> -
X37: =X36+$AA$2 -> 2.3333333 | Y37: F | Z37: =IF(AND(X37>=$V$27,X37<$V$28),X37,"") | AA37: =IF(Z37=X37,Y37,"-") -> - | AB37: =IF(AND(X37>=$V$29,X37<$V$30),X37,"") | AC37: =IF(AB37=X37,Y37,"-") -> -
C38: Bandeira tarifária vitente | D38: Vermelha P1 | E38: =VLOOKUP(D38,C48:D51,2,FALSE) -> 0.04463 | X38: =X37+$AA$2 -> 2.375 | Y38: F | Z38: =IF(AND(X38>=$V$27,X38<$V$28),X38,"") | AA38: =IF(Z38=X38,Y38,"-") -> - | AB38: =IF(AND(X38>=$V$29,X38<$V$30),X38,"") | AC38: =IF(AB38=X38,Y38,"-") -> -
X39: =X38+$AA$2 -> 2.4166667 | Y39: F | Z39: =IF(AND(X39>=$V$27,X39<$V$28),X39,"") | AA39: =IF(Z39=X39,Y39,"-") -> - | AB39: =IF(AND(X39>=$V$29,X39<$V$30),X39,"") | AC39: =IF(AB39=X39,Y39,"-") -> -
A40: Conta de Energia Elétrica | C40: TABELA CEEE EQUATORIAL BAIXA TENSÃO | D40: % na faixa | E40: Qt (kWh) | F40: Preço Unt (R$) | G40: Bandeira (R$) | H40: Valor (R$) | X40: =X39+$AA$2 -> 2.4583333 | Y40: F | Z40: =IF(AND(X40>=$V$27,X40<$V$28),X40,"") | AA40: =IF(Z40=X40,Y40,"-") -> - | AB40: =IF(AND(X40>=$V$29,X40<$V$30),X40,"") | AC40: =IF(AB40=X40,Y40,"-") -> -
C41: Horário de ponta | D41: ='Energia Elétrica - MESA'!E29 -> 0 | E41: =F29+F34 -> 33.7256 | F41: ='MAPA DE PREÇOS'!P393 -> 1.40578 | G41: =E38 -> 0.04463 | H41: =(F41+G41)*E41 -> 48.915947 | X41: =X40+$AA$2 -> 2.5 | Y41: F | Z41: =IF(AND(X41>=$V$27,X41<$V$28),X41,"") | AA41: =IF(Z41=X41,Y41,"-") -> - | AB41: =IF(AND(X41>=$V$29,X41<$V$30),X41,"") | AC41: =IF(AB41=X41,Y41,"-") -> -
C42: Horário Intermediário | D42: ='Energia Elétrica - MESA'!E28 -> 0 | E42: =F33+F28 -> 16.8628 | F42: ='MAPA DE PREÇOS'!P414 -> 0.91633 | G42: =E38 -> 0.04463 | H42: =(F42+G42)*E42 -> 16.204476 | X42: =X41+$AA$2 -> 2.5416667 | Y42: F | Z42: =IF(AND(X42>=$V$27,X42<$V$28),X42,"") | AA42: =IF(Z42=X42,Y42,"-") -> - | AB42: =IF(AND(X42>=$V$29,X42<$V$30),X42,"") | AC42: =IF(AB42=X42,Y42,"-") -> -
C43: Horário fora de ponta | D43: ='Energia Elétrica - MESA'!E27 -> 1 | E43: =F27+F32 -> 2586.399 | F43: ='MAPA DE PREÇOS'!P435 -> 0.57352 | G43: =E38 -> 0.04463 | H43: =(F43+G43)*E43 -> 1598.7825 | X43: =X42+$AA$2 -> 2.5833333 | Y43: F | Z43: =IF(AND(X43>=$V$27,X43<$V$28),X43,"") | AA43: =IF(Z43=X43,Y43,"-") -> - | AB43: =IF(AND(X43>=$V$29,X43<$V$30),X43,"") | AC43: =IF(AB43=X43,Y43,"-") -> -
C44: CIP | E44: 1 | F44: ='MAPA DE PREÇOS'!M540+'MAPA DE PREÇOS'!M561 -> 370.73 | H44: =F44*0.074 -> 27.43402 | X44: =X43+$AA$2 -> 2.625 | Y44: F | Z44: =IF(AND(X44>=$V$27,X44<$V$28),X44,"") | AA44: =IF(Z44=X44,Y44,"-") -> - | AB44: =IF(AND(X44>=$V$29,X44<$V$30),X44,"") | AC44: =IF(AB44=X44,Y44,"-") -> -
C45: Valor total estimado da conta mensal de EE | E45: =SUM(E41:E43) -> 2636.9874 | H45: =SUM(H41:H44) -> 1691.337 | X45: =X44+$AA$2 -> 2.6666667 | Y45: F | Z45: =IF(AND(X45>=$V$27,X45<$V$28),X45,"") | AA45: =IF(Z45=X45,Y45,"-") -> - | AB45: =IF(AND(X45>=$V$29,X45<$V$30),X45,"") | AC45: =IF(AB45=X45,Y45,"-") -> -
X46: =X45+$AA$2 -> 2.7083333 | Y46: P | Z46: =IF(AND(X46>=$V$27,X46<$V$28),X46,"") | AA46: =IF(Z46=X46,Y46,"-") -> - | AB46: =IF(AND(X46>=$V$29,X46<$V$30),X46,"") | AC46: =IF(AB46=X46,Y46,"-") -> -
A47: Tabela Bandeira Tarifária | C47: Cor | D47: Acréscimo | X47: =X46+$AA$2 -> 2.75 | Y47: I | Z47: =IF(AND(X47>=$V$27,X47<$V$28),X47,"") | AA47: =IF(Z47=X47,Y47,"-") -> - | AB47: =IF(AND(X47>=$V$29,X47<$V$30),X47,"") | AC47: =IF(AB47=X47,Y47,"-") -> -
C48: Verde | D48: 0 | X48: =X47+$AA$2 -> 2.7916667 | Y48: I | Z48: =IF(AND(X48>=$V$27,X48<$V$28),X48,"") | AA48: =IF(Z48=X48,Y48,"-") -> - | AB48: =IF(AND(X48>=$V$29,X48<$V$30),X48,"") | AC48: =IF(AB48=X48,Y48,"-") -> -
C49: Amarela | D49: 0.01885 | X49: =X48+$AA$2 -> 2.8333333 | Y49: F | Z49: =IF(AND(X49>=$V$27,X49<$V$28),X49,"") | AA49: =IF(Z49=X49,Y49,"-") -> - | AB49: =IF(AND(X49>=$V$29,X49<$V$30),X49,"") | AC49: =IF(AB49=X49,Y49,"-") -> -
C50: Vermelha P1 | D50: 0.04463 | X50: =X49+$AA$2 -> 2.875 | Y50: F | Z50: =IF(AND(X50>=$V$27,X50<$V$28),X50,"") | AA50: =IF(Z50=X50,Y50,"-") -> - | AB50: =IF(AND(X50>=$V$29,X50<$V$30),X50,"") | AC50: =IF(AB50=X50,Y50,"-") -> -
C51: Vermelha P2 | D51: 0.07877 | X51: =X50+$AA$2 -> 2.9166667 | Y51: F | Z51: =IF(AND(X51>=$V$27,X51<$V$28),X51,"") | AA51: =IF(Z51=X51,Y51,"-") -> - | AB51: =IF(AND(X51>=$V$29,X51<$V$30),X51,"") | AC51: =IF(AB51=X51,Y51,"-") -> -
X52: =X51+$AA$2 -> 2.9583333 | Y52: F | Z52: =IF(AND(X52>=$V$27,X52<$V$28),X52,"") | AA52: =IF(Z52=X52,Y52,"-") -> - | AB52: =IF(AND(X52>=$V$29,X52<$V$30),X52,"") | AC52: =IF(AB52=X52,Y52,"-") -> -
X53: =X52+$AA$2 -> 3 | Y53: F | Z53: =IF(AND(X53>=$V$27,X53<$V$28),X53,"") | AA53: =IF(Z53=X53,Y53,"-") -> - | AB53: =IF(AND(X53>=$V$29,X53<$V$30),X53,"") | AC53: =IF(AB53=X53,Y53,"-") -> -
X54: =X53+$AA$2 -> 3.0416667 | Y54: F | Z54: =IF(AND(X54>=$V$27,X54<$V$28),X54,"") | AA54: =IF(Z54=X54,Y54,"-") -> - | AB54: =IF(AND(X54>=$V$29,X54<$V$30),X54,"") | AC54: =IF(AB54=X54,Y54,"-") -> -
X55: =X54+$AA$2 -> 3.0833333 | Y55: F | Z55: =IF(AND(X55>=$V$27,X55<$V$28),X55,"") | AA55: =IF(Z55=X55,Y55,"-") -> - | AB55: =IF(AND(X55>=$V$29,X55<$V$30),X55,"") | AC55: =IF(AB55=X55,Y55,"-") -> -
X56: =X55+$AA$2 -> 3.125 | Y56: F | Z56: =IF(AND(X56>=$V$27,X56<$V$28),X56,"") | AA56: =IF(Z56=X56,Y56,"-") -> - | AB56: =IF(AND(X56>=$V$29,X56<$V$30),X56,"") | AC56: =IF(AB56=X56,Y56,"-") -> -
X57: =X56+$AA$2 -> 3.1666667 | Y57: F | Z57: =IF(AND(X57>=$V$27,X57<$V$28),X57,"") | AA57: =IF(Z57=X57,Y57,"-") -> - | AB57: =IF(AND(X57>=$V$29,X57<$V$30),X57,"") | AC57: =IF(AB57=X57,Y57,"-") -> -
X58: =X57+$AA$2 -> 3.2083333 | Y58: F | Z58: =IF(AND(X58>=$V$27,X58<$V$28),X58,"") | AA58: =IF(Z58=X58,Y58,"-") -> - | AB58: =IF(AND(X58>=$V$29,X58<$V$30),X58,"") | AC58: =IF(AB58=X58,Y58,"-") -> -
X59: =X58+$AA$2 -> 3.25 | Y59: F | Z59: =IF(AND(X59>=$V$27,X59<$V$28),X59,"") | AA59: =IF(Z59=X59,Y59,"-") -> - | AB59: =IF(AND(X59>=$V$29,X59<$V$30),X59,"") | AC59: =IF(AB59=X59,Y59,"-") -> -
X60: =X59+$AA$2 -> 3.2916667 | Y60: F | Z60: =IF(AND(X60>=$V$27,X60<$V$28),X60,"") | AA60: =IF(Z60=X60,Y60,"-") -> - | AB60: =IF(AND(X60>=$V$29,X60<$V$30),X60,"") | AC60: =IF(AB60=X60,Y60,"-") -> -
X61: =X60+$AA$2 -> 3.3333333 | Y61: F | Z61: =IF(AND(X61>=$V$27,X61<$V$28),X61,"") | AA61: =IF(Z61=X61,Y61,"-") -> - | AB61: =IF(AND(X61>=$V$29,X61<$V$30),X61,"") | AC61: =IF(AB61=X61,Y61,"-") -> -
X62: =X61+$AA$2 -> 3.375 | Y62: F | Z62: =IF(AND(X62>=$V$27,X62<$V$28),X62,"") | AA62: =IF(Z62=X62,Y62,"-") -> - | AB62: =IF(AND(X62>=$V$29,X62<$V$30),X62,"") | AC62: =IF(AB62=X62,Y62,"-") -> -
X63: =X62+$AA$2 -> 3.4166667 | Y63: F | Z63: =IF(AND(X63>=$V$27,X63<$V$28),X63,"") | AA63: =IF(Z63=X63,Y63,"-") -> - | AB63: =IF(AND(X63>=$V$29,X63<$V$30),X63,"") | AC63: =IF(AB63=X63,Y63,"-") -> -
... X76: =X75+$AA$2 -> 3.9583333 | Y76: F | Z76: =IF(AND(X76>=$V$27,X76<$V$28),X76,"") | AA76: =IF(Z76=X76,Y76,"-") -> - | AB76: =IF(AND(X76>=$V$29,X76<$V$30),X76,"") | AC76: =IF(AB76=X76,Y76,"-") -> -
P77: Cálculo do percentual | X77: =X76+$AA$2 -> 4 | Y77: F | Z77: =IF(AND(X77>=$V$27,X77<$V$28),X77,"") | AA77: =IF(Z77=X77,Y77,"-") -> - | AB77: =IF(AND(X77>=$V$29,X77<$V$30),X77,"") | AC77: =IF(AB77=X77,Y77,"-") -> -
X78: =X77+$AA$2 -> 4.0416667 | Y78: F | Z78: =IF(AND(X78>=$V$27,X78<$V$28),X78,"") | AA78: =IF(Z78=X78,Y78,"-") -> - | AB78: =IF(AND(X78>=$V$29,X78<$V$30),X78,"") | AC78: =IF(AB78=X78,Y78,"-") -> -
X79: =X78+$AA$2 -> 4.0833333 | Y79: F | Z79: =IF(AND(X79>=$V$27,X79<$V$28),X79,"") | AA79: =IF(Z79=X79,Y79,"-") -> - | AB79: =IF(AND(X79>=$V$29,X79<$V$30),X79,"") | AC79: =IF(AB79=X79,Y79,"-") -> -
X80: =X79+$AA$2 -> 4.125 | Y80: F | Z80: =IF(AND(X80>=$V$27,X80<$V$28),X80,"") | AA80: =IF(Z80=X80,Y80,"-") -> - | AB80: =IF(AND(X80>=$V$29,X80<$V$30),X80,"") | AC80: =IF(AB80=X80,Y80,"-") -> -
X81: =X80+$AA$2 -> 4.1666667 | Y81: F | Z81: =IF(AND(X81>=$V$27,X81<$V$28),X81,"") | AA81: =IF(Z81=X81,Y81,"-") -> - | AB81: =IF(AND(X81>=$V$29,X81<$V$30),X81,"") | AC81: =IF(AB81=X81,Y81,"-") -> -
X82: =X81+$AA$2 -> 4.2083333 | Y82: F | Z82: =IF(AND(X82>=$V$27,X82<$V$28),X82,"") | AA82: =IF(Z82=X82,Y82,"-") -> - | AB82: =IF(AND(X82>=$V$29,X82<$V$30),X82,"") | AC82: =IF(AB82=X82,Y82,"-") -> -
X83: =X82+$AA$2 -> 4.25 | Y83: F | Z83: =IF(AND(X83>=$V$27,X83<$V$28),X83,"") | AA83: =IF(Z83=X83,Y83,"-") -> - | AB83: =IF(AND(X83>=$V$29,X83<$V$30),X83,"") | AC83: =IF(AB83=X83,Y83,"-") -> -
X84: =X83+$AA$2 -> 4.2916667 | Y84: F | Z84: =IF(AND(X84>=$V$27,X84<$V$28),X84,"") | AA84: =IF(Z84=X84,Y84,"-") -> - | AB84: =IF(AND(X84>=$V$29,X84<$V$30),X84,"") | AC84: =IF(AB84=X84,Y84,"-") -> -
X85: =X84+$AA$2 -> 4.3333333 | Y85: F | Z85: =IF(AND(X85>=$V$27,X85<$V$28),X85,"") | AA85: =IF(Z85=X85,Y85,"-") -> - | AB85: =IF(AND(X85>=$V$29,X85<$V$30),X85,"") | AC85: =IF(AB85=X85,Y85,"-") -> -
X86: =X85+$AA$2 -> 4.375 | Y86: F | Z86: =IF(AND(X86>=$V$27,X86<$V$28),X86,"") | AA86: =IF(Z86=X86,Y86,"-") -> - | AB86: =IF(AND(X86>=$V$29,X86<$V$30),X86,"") | AC86: =IF(AB86=X86,Y86,"-") -> -
X87: =X86+$AA$2 -> 4.4166667 | Y87: F | Z87: =IF(AND(X87>=$V$27,X87<$V$28),X87,"") | AA87: =IF(Z87=X87,Y87,"-") -> - | AB87: =IF(AND(X87>=$V$29,X87<$V$30),X87,"") | AC87: =IF(AB87=X87,Y87,"-") -> -
X88: =X87+$AA$2 -> 4.4583333 | Y88: F | Z88: =IF(AND(X88>=$V$27,X88<$V$28),X88,"") | AA88: =IF(Z88=X88,Y88,"-") -> - | AB88: =IF(AND(X88>=$V$29,X88<$V$30),X88,"") | AC88: =IF(AB88=X88,Y88,"-") -> -
X89: =X88+$AA$2 -> 4.5 | Y89: F | Z89: =IF(AND(X89>=$V$27,X89<$V$28),X89,"") | AA89: =IF(Z89=X89,Y89,"-") -> - | AB89: =IF(AND(X89>=$V$29,X89<$V$30),X89,"") | AC89: =IF(AB89=X89,Y89,"-") -> -
... X205: =X204+$AA$2 -> 9.3333333 | Y205: F | Z205: =IF(AND(X205>=$V$27,X205<$V$28),X205,"") | AA205: =IF(Z205=X205,Y205,"-") -> - | AB205: =IF(AND(X205>=$V$29,X205<$V$30),X205,"") | AC205: =IF(AB205=X205,Y205,"-") -> -

Sheet Energia Elétrica - EST
A2: Cálculo da conta de energia elétrica unidades com esteira | X2: Horários de modalidade de tarifa | Z2: Passo (h) | AA2: 0.041666667 | AB2: Noite média
A4: Consumos | C4: Local / Equipamento | D4: Potência | E4: Unidade | F4: Consumo Reativo | X4: Hora | Y4: Mod | Z4: Operação | AA4: Mod | AB4: Horas | AC4: Incidencia
C5: Energia elétrica | D5: =SUM(D7:D17) -> 2746.3132 | E5: kWh | X5: 1 | Y5: F | Z5: =IF(AND(X5>=$V$27,X5<$V$28),X5,"") | AA5: =IF(Z5=X5,Y5,"-") -> - | AB5: =IF(AND(X5>=$V$29,X5<$V$30),X5,"") | AC5: =IF(AB5=X5,Y5,"-") -> -
C6: Área administrativa | X6: =X5+$AA$2 -> 1.0416667 | Y6: F | Z6: =IF(AND(X6>=$V$27,X6<$V$28),X6,"") | AA6: =IF(Z6=X6,Y6,"-") -> - | AB6: =IF(AND(X6>=$V$29,X6<$V$30),X6,"") | AC6: =IF(AB6=X6,Y6,"-") -> -
C7: Iluminação | D7: ='Iluminação - EST'!I5 -> 15.428571 | E7: kWh | F7: 0 | X7: =X6+$AA$2 -> 1.0833333 | Y7: F | Z7: =IF(AND(X7>=$V$27,X7<$V$28),X7,"") | AA7: =IF(Z7=X7,Y7,"-") -> - | AB7: =IF(AND(X7>=$V$29,X7<$V$30),X7,"") | AC7: =IF(AB7=X7,Y7,"-") -> -
C8: Iluminação externa (200W LED x 30,5 dias) | D8: ='Iluminação - EST'!I9 -> 202.3536 | E8: kWh | F8: 0 | X8: =X7+$AA$2 -> 1.125 | Y8: F | Z8: =IF(AND(X8>=$V$27,X8<$V$28),X8,"") | AA8: =IF(Z8=X8,Y8,"-") -> - | AB8: =IF(AND(X8>=$V$29,X8<$V$30),X8,"") | AC8: =IF(AB8=X8,Y8,"-") -> -
C9: Microcomputador e impressora (300W x 6h/d x 22 dias) | D9: 39 | E9: kWh | F9: 0 | X9: =X8+$AA$2 -> 1.1666667 | Y9: F | Z9: =IF(AND(X9>=$V$27,X9<$V$28),X9,"") | AA9: =IF(Z9=X9,Y9,"-") -> - | AB9: =IF(AND(X9>=$V$29,X9<$V$30),X9,"") | AC9: =IF(AB9=X9,Y9,"-") -> -
C10: Cozinha/refeitório/sanitários | X10: =X9+$AA$2 -> 1.2083333 | Y10: F | Z10: =IF(AND(X10>=$V$27,X10<$V$28),X10,"") | AA10: =IF(Z10=X10,Y10,"-") -> - | AB10: =IF(AND(X10>=$V$29,X10<$V$30),X10,"") | AC10: =IF(AB10=X10,Y10,"-") -> -
C11: Iluminação (3 horas/dia) | D11: ='Iluminação - EST'!I6 -> 25.714286 | E11: kWh | F11: 0 | X11: =X10+$AA$2 -> 1.25 | Y11: F | Z11: =IF(AND(X11>=$V$27,X11<$V$28),X11,"") | AA11: =IF(Z11=X11,Y11,"-") -> - | AB11: =IF(AND(X11>=$V$29,X11<$V$30),X11,"") | AC11: =IF(AB11=X11,Y11,"-") -> -
C12: Refrigerador (130W x 24h x 30,42 dias ) | D12: 94 | E12: kWh | F12: 0 | X12: =X11+$AA$2 -> 1.2916667 | Y12: F | Z12: =IF(AND(X12>=$V$27,X12<$V$28),X12,"") | AA12: =IF(Z12=X12,Y12,"-") -> - | AB12: =IF(AND(X12>=$V$29,X12<$V$30),X12,"") | AC12: =IF(AB12=X12,Y12,"-") -> -
C13: Microondas (1200W x 1h x 26 d/mês) | D13: 31 | E13: kWh | F13: 0 | T13: Conversão horas decimais | X13: =X12+$AA$2 -> 1.3333333 | Y13: F | Z13: =IF(AND(X13>=$V$27,X13<$V$28),X13,"") -> 1.3333333 | AA13: =IF(Z13=X13,Y13,"-") -> F | AB13: =IF(AND(X13>=$V$29,X13<$V$30),X13,"") | AC13: =IF(AB13=X13,Y13,"-") -> -
C14: Área operacional | T14: ='MAT SER E DESP - EST'!C10 -> 0.33333333 | U14: =SUM(U15:U16) -> 8 | X14: =X13+$AA$2 -> 1.375 | Y14: F | Z14: =IF(AND(X14>=$V$27,X14<$V$28),X14,"") -> 1.375 | AA14: =IF(Z14=X14,Y14,"-") -> F | AB14: =IF(AND(X14>=$V$29,X14<$V$30),X14,"") | AC14: =IF(AB14=X14,Y14,"-") -> -
C15: Iluminação | D15: ='Iluminação - EST'!I7+'Iluminação - EST'!I8 -> 1330.8583 | E15: kWh | F15: 0 | T15: =HOUR(T14) -> 8 | U15: =T15 -> 8 | X15: =X14+$AA$2 -> 1.4166667 | Y15: F | Z15: =IF(AND(X15>=$V$27,X15<$V$28),X15,"") -> 1.4166667 | AA15: =IF(Z15=X15,Y15,"-") -> F | AB15: =IF(AND(X15>=$V$29,X15<$V$30),X15,"") | AC15: =IF(AB15=X15,Y15,"-") -> -
C16: Prensas | D16: ='Equipamentos - EST'!C18 -> 898.63264 | E16: kWh/t | F16: 1 | T16: =MINUTE(T14) -> 0 | U16: =T16/60 -> 0 | X16: =X15+$AA$2 -> 1.4583333 | Y16: F | Z16: =IF(AND(X16>=$V$27,X16<$V$28),X16,"") -> 1.4583333 | AA16: =IF(Z16=X16,Y16,"-") -> F | AB16: =IF(AND(X16>=$V$29,X16<$V$30),X16,"") | AC16: =IF(AB16=X16,Y16,"-") -> -
C17: Esteira | D17: ='Equipamentos - EST'!C35 -> 109.3258 | E17: kWh | F17: 1 | X17: =X16+$AA$2 -> 1.5 | Y17: F | Z17: =IF(AND(X17>=$V$27,X17<$V$28),X17,"") -> 1.5 | AA17: =IF(Z17=X17,Y17,"-") -> F | AB17: =IF(AND(X17>=$V$29,X17<$V$30),X17,"") | AC17: =IF(AB17=X17,Y17,"-") -> -
T18: Kw/CV | U18: 0.735499 | X18: =X17+$AA$2 -> 1.5416667 | Y18: F | Z18: =IF(AND(X18>=$V$27,X18<$V$28),X18,"") -> 1.5416667 | AA18: =IF(Z18=X18,Y18,"-") -> F | AB18: =IF(AND(X18>=$V$29,X18<$V$30),X18,"") | AC18: =IF(AB18=X18,Y18,"-") -> -
A19: Horários de consumo | C19: Denominação | E19: Hora Inicial | F19: (Para cálculo) | X19: =X18+$AA$2 -> 1.5833333 | Y19: F | Z19: =IF(AND(X19>=$V$27,X19<$V$28),X19,"") -> 1.5833333 | AA19: =IF(Z19=X19,Y19,"-") -> F | AB19: =IF(AND(X19>=$V$29,X19<$V$30),X19,"") | AC19: =IF(AB19=X19,Y19,"-") -> -
C20: Horário Operação | D20: Início | E20: ='MAT SER E DESP - EST'!C11 -> 0.3125 | F20: 1 | T20: Tipos Lampadas | X20: =X19+$AA$2 -> 1.625 | Y20: F | Z20: =IF(AND(X20>=$V$27,X20<$V$28),X20,"") -> 1.625 | AA20: =IF(Z20=X20,Y20,"-") -> F | AB20: =IF(AND(X20>=$V$29,X20<$V$30),X20,"") | AC20: =IF(AB20=X20,Y20,"-") -> -
D21: Fim | E21: ='MAT SER E DESP - EST'!C12 -> 0.6875 | F21: 1 | T21: LED | U21: 91 | V21: lm/W | X21: =X20+$AA$2 -> 1.6666667 | Y21: F | Z21: =IF(AND(X21>=$V$27,X21<$V$28),X21,"") -> 1.6666667 | AA21: =IF(Z21=X21,Y21,"-") -> F | AB21: =IF(AND(X21>=$V$29,X21<$V$30),X21,"") | AC21: =IF(AB21=X21,Y21,"-") -> -
C22: Horário Iluminação externa | D22: Início | E22: 0.79166667 | F22: =F21 -> 1 | T22: Fluorescente | U22: 55 | V22: lm/W | X22: =X21+$AA$2 -> 1.7083333 | Y22: I | Z22: =IF(AND(X22>=$V$27,X22<$V$28),X22,"") | AA22: =IF(Z22=X22,Y22,"-") -> - | AB22: =IF(AND(X22>=$V$29,X22<$V$30),X22,"") | AC22: =IF(AB22=X22,Y22,"-") -> -
D23: Fim | E23: 0.29166667 | F23: 2 | T23: Vapor de mercúrio | U23: 55 | V23: lm/W | X23: =X22+$AA$2 -> 1.75 | Y23: P | Z23: =IF(AND(X23>=$V$27,X23<$V$28),X23,"") | AA23: =IF(Z23=X23,Y23,"-") -> - | AB23: =IF(AND(X23>=$V$29,X23<$V$30),X23,"") | AC23: =IF(AB23=X23,Y23,"-") -> -
T24: Vapor de sódio | U24: 130 | V24: lm/W | X24: =X23+$AA$2 -> 1.7916667 | Y24: P | Z24: =IF(AND(X24>=$V$27,X24<$V$28),X24,"") | AA24: =IF(Z24=X24,Y24,"-") -> - | AB24: =IF(AND(X24>=$V$29,X24<$V$30),X24,"") -> 1.7916667 | AC24: =IF(AB24=X24,Y24,"-") -> P
A25: Cálculo das faixas de consumo | B25: Função | C25: Descrição | D25: Tempo | E25: % | F25: KWh | T25: Cálculo do percentual em cada modalidade de tarifa | X25: =X24+$AA$2 -> 1.8333333 | Y25: P | Z25: =IF(AND(X25>=$V$27,X25<$V$28),X25,"") | AA25: =IF(Z25=X25,Y25,"-") -> - | AB25: =IF(AND(X25>=$V$29,X25<$V$30),X25,"") -> 1.8333333 | AC25: =IF(AB25=X25,Y25,"-") -> P
B26: Operação | C26: Horas de operação diária | D26: =COUNTIF($AA$5:$AA$205,"<>-") -> 9 | T26: Dados sobre a operação | X26: =X25+$AA$2 -> 1.875 | Y26: I | Z26: =IF(AND(X26>=$V$27,X26<$V$28),X26,"") | AA26: =IF(Z26=X26,Y26,"-") -> - | AB26: =IF(AND(X26>=$V$29,X26<$V$30),X26,"") -> 1.875 | AC26: =IF(AB26=X26,Y26,"-") -> I
C27: Consumo diario fora de ponta (h) | D27: =COUNTIF($AA$5:$AA$205,"=F") -> 9 | E27: =D27/D26 -> 1 | F27: =($D$5-$D$8)*E27 -> 2543.9596 | T27: Horário de operação ajustado | U27: Início | V27: =E20+F20 -> 1.3125 | X27: =X26+$AA$2 -> 1.9166667 | Y27: F | Z27: =IF(AND(X27>=$V$27,X27<$V$28),X27,"") | AA27: =IF(Z27=X27,Y27,"-") -> - | AB27: =IF(AND(X27>=$V$29,X27<$V$30),X27,"") -> 1.9166667 | AC27: =IF(AB27=X27,Y27,"-") -> F
C28: Consumo diário Intermediário (h) | D28: =COUNTIF($AA$5:$AA$205,"=I") -> 0 | E28: =D28/D26 -> 0 | F28: =($D$5-$D$8)*E28 -> 0 | U28: Fim | V28: =E21+F21 -> 1.6875 | X28: =X27+$AA$2 -> 1.9583333 | Y28: F | Z28: =IF(AND(X28>=$V$27,X28<$V$28),X28,"") | AA28: =IF(Z28=X28,Y28,"-") -> - | AB28: =IF(AND(X28>=$V$29,X28<$V$30),X28,"") -> 1.9583333 | AC28: =IF(AB28=X28,Y28,"-") -> F
C29: Consumo diário de ponta (h) | D29: =COUNTIF($AA$5:$AA$205,"=P") -> 0 | E29: =D29/D26 -> 0 | F29: =($D$5-$D$8)*E29 -> 0 | T29: Hora iluminação externa | U29: Início | V29: =E22+F22 -> 1.7916667 | X29: =X28+$AA$2 -> 2 | Y29: F | Z29: =IF(AND(X29>=$V$27,X29<$V$28),X29,"") | AA29: =IF(Z29=X29,Y29,"-") -> - | AB29: =IF(AND(X29>=$V$29,X29<$V$30),X29,"") -> 2 | AC29: =IF(AB29=X29,Y29,"-") -> F
C30: Total | D30: =SUM(D27:D29) -> 9 | F30: =SUM(F27:F29) -> 2543.9596 | U30: Fim | V30: =E23+F23 -> 2.2916667 | X30: =X29+$AA$2 -> 2.0416667 | Y30: F | Z30: =IF(AND(X30>=$V$27,X30<$V$28),X30,"") | AA30: =IF(Z30=X30,Y30,"-") -> - | AB30: =IF(AND(X30>=$V$29,X30<$V$30),X30,"") -> 2.0416667 | AC30: =IF(AB30=X30,Y30,"-") -> F
B31: Iliminação Externa | C31: Horas de operação diária | D31: =COUNTIF($AC$5:$AC$205,"<>-") -> 12 | X31: =X30+$AA$2 -> 2.0833333 | Y31: F | Z31: =IF(AND(X31>=$V$27,X31<$V$28),X31,"") | AA31: =IF(Z31=X31,Y31,"-") -> - | AB31: =IF(AND(X31>=$V$29,X31<$V$30),X31,"") -> 2.0833333 | AC31: =IF(AB31=X31,Y31,"-") -> F
C32: Consumo diario fora de ponta (h) | D32: =COUNTIF($AC$10:$AC$210,"=F") -> 9 | E32: =D32/D31 -> 0.75 | F32: =$D$8*E32 -> 151.7652 | X32: =X31+$AA$2 -> 2.125 | Y32: F | Z32: =IF(AND(X32>=$V$27,X32<$V$28),X32,"") | AA32: =IF(Z32=X32,Y32,"-") -> - | AB32: =IF(AND(X32>=$V$29,X32<$V$30),X32,"") -> 2.125 | AC32: =IF(AB32=X32,Y32,"-") -> F
C33: Consumo diário Intermediário (h) | D33: =COUNTIF($AC$10:$AC$210,"=I") -> 1 | E33: =D33/D31 -> 0.083333333 | F33: =$D$8*E33 -> 16.8628 | X33: =X32+$AA$2 -> 2.1666667 | Y33: F | Z33: =IF(AND(X33>=$V$27,X33<$V$28),X33,"") | AA33: =IF(Z33=X33,Y33,"-") -> - | AB33: =IF(AND(X33>=$V$29,X33<$V$30),X33,"") -> 2.1666667 | AC33: =IF(AB33=X33,Y33,"-") -> F
C34: Consumo diário de ponta (h) | D34: =COUNTIF($AC$10:$AC$210,"=P") -> 2 | E34: =D34/D31 -> 0.16666667 | F34: =$D$8*E34 -> 33.7256 | X34: =X33+$AA$2 -> 2.2083333 | Y34: F | Z34: =IF(AND(X34>=$V$27,X34<$V$28),X34,"") | AA34: =IF(Z34=X34,Y34,"-") -> - | AB34: =IF(AND(X34>=$V$29,X34<$V$30),X34,"") -> 2.2083333 | AC34: =IF(AB34=X34,Y34,"-") -> F
C35: Total | D35: =SUM(D32:D34) -> 12 | F35: =SUM(F32:F34) -> 202.3536 | X35: =X34+$AA$2 -> 2.25 | Y35: F | Z35: =IF(AND(X35>=$V$27,X35<$V$28),X35,"") | AA35: =IF(Z35=X35,Y35,"-") -> - | AB35: =IF(AND(X35>=$V$29,X35<$V$30),X35,"") -> 2.25 | AC35: =IF(AB35=X35,Y35,"-") -> F
B36: TOTAL | D36: =D30+D35 -> 21 | F36: =F30+F35 -> 2746.3132 | X36: =X35+$AA$2 -> 2.2916667 | Y36: F | Z36: =IF(AND(X36>=$V$27,X36<$V$28),X36,"") | AA36: =IF(Z36=X36,Y36,"-") -> - | AB36: =IF(AND(X36>=$V$29,X36<$V$30),X36,"") | AC36: =IF(AB36=X36,Y36,"-") -> -
X37: =X36+$AA$2 -> 2.3333333 | Y37: F | Z37: =IF(AND(X37>=$V$27,X37<$V$28),X37,"") | AA37: =IF(Z37=X37,Y37,"-") -> - | AB37: =IF(AND(X37>=$V$29,X37<$V$30),X37,"") | AC37: =IF(AB37=X37,Y37,"-") -> -
C38: Bandeira tarifária vitente | D38: Vermelha P1 | E38: =VLOOKUP(D38,C48:D51,2,FALSE) -> 0.04463 | X38: =X37+$AA$2 -> 2.375 | Y38: F | Z38: =IF(AND(X38>=$V$27,X38<$V$28),X38,"") | AA38: =IF(Z38=X38,Y38,"-") -> - | AB38: =IF(AND(X38>=$V$29,X38<$V$30),X38,"") | AC38: =IF(AB38=X38,Y38,"-") -> -
X39: =X38+$AA$2 -> 2.4166667 | Y39: F | Z39: =IF(AND(X39>=$V$27,X39<$V$28),X39,"") | AA39: =IF(Z39=X39,Y39,"-") -> - | AB39: =IF(AND(X39>=$V$29,X39<$V$30),X39,"") | AC39: =IF(AB39=X39,Y39,"-") -> -
A40: Conta de Energia Elétrica | C40: TABELA CEEE EQUATORIAL BAIXA TENSÃO | D40: % na faixa | E40: Qt (kWh) | F40: Preço Unt (R$) | G40: Bandeira (R$) | H40: Valor (R$) | X40: =X39+$AA$2 -> 2.4583333 | Y40: F | Z40: =IF(AND(X40>=$V$27,X40<$V$28),X40,"") | AA40: =IF(Z40=X40,Y40,"-") -> - | AB40: =IF(AND(X40>=$V$29,X40<$V$30),X40,"") | AC40: =IF(AB40=X40,Y40,"-") -> -
C41: Horário de ponta | D41: ='Energia Elétrica - EST'!E29 -> 0 | E41: =F29+F34 -> 33.7256 | F41: ='MAPA DE PREÇOS'!P393 -> 1.40578 | G41: =E38 -> 0.04463 | H41: =(F41+G41)*E41 -> 48.915947 | X41: =X40+$AA$2 -> 2.5 | Y41: F | Z41: =IF(AND(X41>=$V$27,X41<$V$28),X41,"") | AA41: =IF(Z41=X41,Y41,"-") -> - | AB41: =IF(AND(X41>=$V$29,X41<$V$30),X41,"") | AC41: =IF(AB41=X41,Y41,"-") -> -
C42: Horário Intermediário | D42: ='Energia Elétrica - EST'!E28 -> 0 | E42: =F33+F28 -> 16.8628 | F42: ='MAPA DE PREÇOS'!P414 -> 0.91633 | G42: =E38 -> 0.04463 | H42: =(F42+G42)*E42 -> 16.204476 | X42: =X41+$AA$2 -> 2.5416667 | Y42: F | Z42: =IF(AND(X42>=$V$27,X42<$V$28),X42,"") | AA42: =IF(Z42=X42,Y42,"-") -> - | AB42: =IF(AND(X42>=$V$29,X42<$V$30),X42,"") | AC42: =IF(AB42=X42,Y42,"-") -> -
C43: Horário fora de ponta | D43: ='Energia Elétrica - EST'!E27 -> 1 | E43: =F27+F32 -> 2695.7248 | F43: ='MAPA DE PREÇOS'!P435 -> 0.57352 | G43: =E38 -> 0.04463 | H43: =(F43+G43)*E43 -> 1666.3623 | X43: =X42+$AA$2 -> 2.5833333 | Y43: F | Z43: =IF(AND(X43>=$V$27,X43<$V$28),X43,"") | AA43: =IF(Z43=X43,Y43,"-") -> - | AB43: =IF(AND(X43>=$V$29,X43<$V$30),X43,"") | AC43: =IF(AB43=X43,Y43,"-") -> -
C44: CIP | E44: 1 | F44: ='MAPA DE PREÇOS'!M540+'MAPA DE PREÇOS'!M561 -> 370.73 | H44: =F44*0.074 -> 27.43402 | X44: =X43+$AA$2 -> 2.625 | Y44: F | Z44: =IF(AND(X44>=$V$27,X44<$V$28),X44,"") | AA44: =IF(Z44=X44,Y44,"-") -> - | AB44: =IF(AND(X44>=$V$29,X44<$V$30),X44,"") | AC44: =IF(AB44=X44,Y44,"-") -> -
C45: Valor total estimado da conta mensal de EE | E45: =SUM(E41:E43) -> 2746.3132 | H45: =SUM(H41:H44) -> 1758.9167 | X45: =X44+$AA$2 -> 2.6666667 | Y45: F | Z45: =IF(AND(X45>=$V$27,X45<$V$28),X45,"") | AA45: =IF(Z45=X45,Y45,"-") -> - | AB45: =IF(AND(X45>=$V$29,X45<$V$30),X45,"") | AC45: =IF(AB45=X45,Y45,"-") -> -
X46: =X45+$AA$2 -> 2.7083333 | Y46: P | Z46: =IF(AND(X46>=$V$27,X46<$V$28),X46,"") | AA46: =IF(Z46=X46,Y46,"-") -> - | AB46: =IF(AND(X46>=$V$29,X46<$V$30),X46,"") | AC46: =IF(AB46=X46,Y46,"-") -> -
A47: Tabela Bandeira Tarifária | C47: Cor | D47: Acréscimo | X47: =X46+$AA$2 -> 2.75 | Y47: I | Z47: =IF(AND(X47>=$V$27,X47<$V$28),X47,"") | AA47: =IF(Z47=X47,Y47,"-") -> - | AB47: =IF(AND(X47>=$V$29,X47<$V$30),X47,"") | AC47: =IF(AB47=X47,Y47,"-") -> -
C48: Verde | D48: 0 | X48: =X47+$AA$2 -> 2.7916667 | Y48: I | Z48: =IF(AND(X48>=$V$27,X48<$V$28),X48,"") | AA48: =IF(Z48=X48,Y48,"-") -> - | AB48: =IF(AND(X48>=$V$29,X48<$V$30),X48,"") | AC48: =IF(AB48=X48,Y48,"-") -> -
C49: Amarela | D49: 0.01885 | X49: =X48+$AA$2 -> 2.8333333 | Y49: F | Z49: =IF(AND(X49>=$V$27,X49<$V$28),X49,"") | AA49: =IF(Z49=X49,Y49,"-") -> - | AB49: =IF(AND(X49>=$V$29,X49<$V$30),X49,"") | AC49: =IF(AB49=X49,Y49,"-") -> -
C50: Vermelha P1 | D50: 0.04463 | X50: =X49+$AA$2 -> 2.875 | Y50: F | Z50: =IF(AND(X50>=$V$27,X50<$V$28),X50,"") | AA50: =IF(Z50=X50,Y50,"-") -> - | AB50: =IF(AND(X50>=$V$29,X50<$V$30),X50,"") | AC50: =IF(AB50=X50,Y50,"-") -> -
C51: Vermelha P2 | D51: 0.07877 | X51: =X50+$AA$2 -> 2.9166667 | Y51: F | Z51: =IF(AND(X51>=$V$27,X51<$V$28),X51,"") | AA51: =IF(Z51=X51,Y51,"-") -> - | AB51: =IF(AND(X51>=$V$29,X51<$V$30),X51,"") | AC51: =IF(AB51=X51,Y51,"-") -> -
X52: =X51+$AA$2 -> 2.9583333 | Y52: F | Z52: =IF(AND(X52>=$V$27,X52<$V$28),X52,"") | AA52: =IF(Z52=X52,Y52,"-") -> - | AB52: =IF(AND(X52>=$V$29,X52<$V$30),X52,"") | AC52: =IF(AB52=X52,Y52,"-") -> -
X53: =X52+$AA$2 -> 3 | Y53: F | Z53: =IF(AND(X53>=$V$27,X53<$V$28),X53,"") | AA53: =IF(Z53=X53,Y53,"-") -> - | AB53: =IF(AND(X53>=$V$29,X53<$V$30),X53,"") | AC53: =IF(AB53=X53,Y53,"-") -> -
X54: =X53+$AA$2 -> 3.0416667 | Y54: F | Z54: =IF(AND(X54>=$V$27,X54<$V$28),X54,"") | AA54: =IF(Z54=X54,Y54,"-") -> - | AB54: =IF(AND(X54>=$V$29,X54<$V$30),X54,"") | AC54: =IF(AB54=X54,Y54,"-") -> -
X55: =X54+$AA$2 -> 3.0833333 | Y55: F | Z55: =IF(AND(X55>=$V$27,X55<$V$28),X55,"") | AA55: =IF(Z55=X55,Y55,"-") -> - | AB55: =IF(AND(X55>=$V$29,X55<$V$30),X55,"") | AC55: =IF(AB55=X55,Y55,"-") -> -
X56: =X55+$AA$2 -> 3.125 | Y56: F | Z56: =IF(AND(X56>=$V$27,X56<$V$28),X56,"") | AA56: =IF(Z56=X56,Y56,"-") -> - | AB56: =IF(AND(X56>=$V$29,X56<$V$30),X56,"") | AC56: =IF(AB56=X56,Y56,"-") -> -
X57: =X56+$AA$2 -> 3.1666667 | Y57: F | Z57: =IF(AND(X57>=$V$27,X57<$V$28),X57,"") | AA57: =IF(Z57=X57,Y57,"-") -> - | AB57: =IF(AND(X57>=$V$29,X57<$V$30),X57,"") | AC57: =IF(AB57=X57,Y57,"-") -> -
X58: =X57+$AA$2 -> 3.2083333 | Y58: F | Z58: =IF(AND(X58>=$V$27,X58<$V$28),X58,"") | AA58: =IF(Z58=X58,Y58,"-") -> - | AB58: =IF(AND(X58>=$V$29,X58<$V$30),X58,"") | AC58: =IF(AB58=X58,Y58,"-") -> -
X59: =X58+$AA$2 -> 3.25 | Y59: F | Z59: =IF(AND(X59>=$V$27,X59<$V$28),X59,"") | AA59: =IF(Z59=X59,Y59,"-") -> - | AB59: =IF(AND(X59>=$V$29,X59<$V$30),X59,"") | AC59: =IF(AB59=X59,Y59,"-") -> -
X60: =X59+$AA$2 -> 3.2916667 | Y60: F | Z60: =IF(AND(X60>=$V$27,X60<$V$28),X60,"") | AA60: =IF(Z60=X60,Y60,"-") -> - | AB60: =IF(AND(X60>=$V$29,X60<$V$30),X60,"") | AC60: =IF(AB60=X60,Y60,"-") -> -
X61: =X60+$AA$2 -> 3.3333333 | Y61: F | Z61: =IF(AND(X61>=$V$27,X61<$V$28),X61,"") | AA61: =IF(Z61=X61,Y61,"-") -> - | AB61: =IF(AND(X61>=$V$29,X61<$V$30),X61,"") | AC61: =IF(AB61=X61,Y61,"-") -> -
X62: =X61+$AA$2 -> 3.375 | Y62: F | Z62: =IF(AND(X62>=$V$27,X62<$V$28),X62,"") | AA62: =IF(Z62=X62,Y62,"-") -> - | AB62: =IF(AND(X62>=$V$29,X62<$V$30),X62,"") | AC62: =IF(AB62=X62,Y62,"-") -> -
X63: =X62+$AA$2 -> 3.4166667 | Y63: F | Z63: =IF(AND(X63>=$V$27,X63<$V$28),X63,"") | AA63: =IF(Z63=X63,Y63,"-") -> - | AB63: =IF(AND(X63>=$V$29,X63<$V$30),X63,"") | AC63: =IF(AB63=X63,Y63,"-") -> -
... X76: =X75+$AA$2 -> 3.9583333 | Y76: F | Z76: =IF(AND(X76>=$V$27,X76<$V$28),X76,"") | AA76: =IF(Z76=X76,Y76,"-") -> - | AB76: =IF(AND(X76>=$V$29,X76<$V$30),X76,"") | AC76: =IF(AB76=X76,Y76,"-") -> -
P77: Cálculo do percentual | X77: =X76+$AA$2 -> 4 | Y77: F | Z77: =IF(AND(X77>=$V$27,X77<$V$28),X77,"") | AA77: =IF(Z77=X77,Y77,"-") -> - | AB77: =IF(AND(X77>=$V$29,X77<$V$30),X77,"") | AC77: =IF(AB77=X77,Y77,"-") -> -
X78: =X77+$AA$2 -> 4.0416667 | Y78: F | Z78: =IF(AND(X78>=$V$27,X78<$V$28),X78,"") | AA78: =IF(Z78=X78,Y78,"-") -> - | AB78: =IF(AND(X78>=$V$29,X78<$V$30),X78,"") | AC78: =IF(AB78=X78,Y78,"-") -> -
X79: =X78+$AA$2 -> 4.0833333 | Y79: F | Z79: =IF(AND(X79>=$V$27,X79<$V$28),X79,"") | AA79: =IF(Z79=X79,Y79,"-") -> - | AB79: =IF(AND(X79>=$V$29,X79<$V$30),X79,"") | AC79: =IF(AB79=X79,Y79,"-") -> -
X80: =X79+$AA$2 -> 4.125 | Y80: F | Z80: =IF(AND(X80>=$V$27,X80<$V$28),X80,"") | AA80: =IF(Z80=X80,Y80,"-") -> - | AB80: =IF(AND(X80>=$V$29,X80<$V$30),X80,"") | AC80: =IF(AB80=X80,Y80,"-") -> -
X81: =X80+$AA$2 -> 4.1666667 | Y81: F | Z81: =IF(AND(X81>=$V$27,X81<$V$28),X81,"") | AA81: =IF(Z81=X81,Y81,"-") -> - | AB81: =IF(AND(X81>=$V$29,X81<$V$30),X81,"") | AC81: =IF(AB81=X81,Y81,"-") -> -
X82: =X81+$AA$2 -> 4.2083333 | Y82: F | Z82: =IF(AND(X82>=$V$27,X82<$V$28),X82,"") | AA82: =IF(Z82=X82,Y82,"-") -> - | AB82: =IF(AND(X82>=$V$29,X82<$V$30),X82,"") | AC82: =IF(AB82=X82,Y82,"-") -> -
X83: =X82+$AA$2 -> 4.25 | Y83: F | Z83: =IF(AND(X83>=$V$27,X83<$V$28),X83,"") | AA83: =IF(Z83=X83,Y83,"-") -> - | AB83: =IF(AND(X83>=$V$29,X83<$V$30),X83,"") | AC83: =IF(AB83=X83,Y83,"-") -> -
X84: =X83+$AA$2 -> 4.2916667 | Y84: F | Z84: =IF(AND(X84>=$V$27,X84<$V$28),X84,"") | AA84: =IF(Z84=X84,Y84,"-") -> - | AB84: =IF(AND(X84>=$V$29,X84<$V$30),X84,"") | AC84: =IF(AB84=X84,Y84,"-") -> -
X85: =X84+$AA$2 -> 4.3333333 | Y85: F | Z85: =IF(AND(X85>=$V$27,X85<$V$28),X85,"") | AA85: =IF(Z85=X85,Y85,"-") -> - | AB85: =IF(AND(X85>=$V$29,X85<$V$30),X85,"") | AC85: =IF(AB85=X85,Y85,"-") -> -
X86: =X85+$AA$2 -> 4.375 | Y86: F | Z86: =IF(AND(X86>=$V$27,X86<$V$28),X86,"") | AA86: =IF(Z86=X86,Y86,"-") -> - | AB86: =IF(AND(X86>=$V$29,X86<$V$30),X86,"") | AC86: =IF(AB86=X86,Y86,"-") -> -
X87: =X86+$AA$2 -> 4.4166667 | Y87: F | Z87: =IF(AND(X87>=$V$27,X87<$V$28),X87,"") | AA87: =IF(Z87=X87,Y87,"-") -> - | AB87: =IF(AND(X87>=$V$29,X87<$V$30),X87,"") | AC87: =IF(AB87=X87,Y87,"-") -> -
X88: =X87+$AA$2 -> 4.4583333 | Y88: F | Z88: =IF(AND(X88>=$V$27,X88<$V$28),X88,"") | AA88: =IF(Z88=X88,Y88,"-") -> - | AB88: =IF(AND(X88>=$V$29,X88<$V$30),X88,"") | AC88: =IF(AB88=X88,Y88,"-") -> -
X89: =X88+$AA$2 -> 4.5 | Y89: F | Z89: =IF(AND(X89>=$V$27,X89<$V$28),X89,"") | AA89: =IF(Z89=X89,Y89,"-") -> - | AB89: =IF(AND(X89>=$V$29,X89<$V$30),X89,"") | AC89: =IF(AB89=X89,Y89,"-") -> -
... X205: =X204+$AA$2 -> 9.3333333 | Y205: F | Z205: =IF(AND(X205>=$V$27,X205<$V$28),X205,"") | AA205: =IF(Z205=X205,Y205,"-") -> - | AB205: =IF(AND(X205>=$V$29,X205<$V$30),X205,"") | AC205: =IF(AB205=X205,Y205,"-") -> -

Sheet Equipamentos - MESA
A2: Dimensionamento de equipamentos para unidades com mesas
A4: Prensas eletro-hidráulicas | B4: Descrição | C4: Valor | E4: Volumes da prensa
B5: Pressão Hidráulica (t) | C5: 15 | E5: Volume da caixa de prensagem | F5: Largura (m) | G5: 0.8
B6: Capacidade (fardos por hora) | C6: 4 | F6: Profundidade (m) | G6: 0.6
B7: Potência cv | C7: 5 | F7: Altura (m) | G7: 1.9
B8: Potênica kWh | C8: =C7*'Energia Elétrica - MESA'!$U$18 -> 3.677495 | F8: Volume (m³) | G8: =G5*G6*G7 -> 0.912
B9: Volume da caixa de prensagem (m³) | C9: 0.912 | E9: Fardo | F9: Largura (m) | G9: 0.8
B10: Produção horária (m³/h) | C10: =C9*C6 -> 3.648 | F10: Profundidade (m) | G10: 0.6
B11: Massa específica estimada do resíduo (t/m³) | C11: 0.095 | F11: Altura (m) | G11: 0.7
B12: Produção horária (t/hora) | C12: =C10*C11 -> 0.34656 | F12: Volume (m³) | G12: =G9*G10*G11 -> 0.336
B13: Possui prensa? | C13: ='MAT SER E DESP - MESA'!H13 -> 1 | E13: Redução de volume (x) | G13: =G8/G12 -> 2.7142857
B14: Consumo kWh/t | C14: =C8/C12 -> 10.611424 | E14: Amarração fardo 2 vezes (m) | G14: =(G11+G9)*4+(G9+G10)*2+1 -> 9.8
B15: Quantiativo de reciclcáveis (t/mês) | C15: =(1-'PARÂMETROS - MESA'!D9/100)*'MAT SER E DESP - MESA'!C8 -> 105.85675
B16: Fração de resíduos prensáveis (%) | C16: 0.8
B17: Quantitativo de resíduo prensado (t/mês) | C17: =C16*C15 -> 84.685398
B18: Consumo energia elétrica mensal (kWh/mês) | C18: =C17*C14*C13 -> 898.63264
B19: Horas mensais de prensagem (h/mês) | C19: =C17/C12 -> 244.35999
B20: Horas mensais de operação | C20: ='PARÂMETROS - MESA'!D33 -> 208
B21: Número de prensas calculado | C21: =C19/C20+0.5 -> 1.6748076
B22: Número de prensas sugerido adotado | C22: =ROUND(C21+0.5,0) -> 2
A24: Esteira | B24: Descrição | C24: Valor | E24: Cálculo fator de utilização de esteira por hora | F24: Descrição | G24: Valor
B25: Comprimento de esteira calculado (m) | C25: ='PARÂMETROS - MESA'!D35/'PARÂMETROS - MESA'!D37 -> 13.285781 | F25: Produção mensal (t/mês) | G25: ='MAT SER E DESP - MESA'!C8 -> 106.28625
B26: Largura da esteira | C26: 1 | F26: Horas operação mensal (h) | G26: =C20 -> 208
B27: Potência específica (cv /m) | C27: 0.3 | F27: Produção por hora (t/h) | G27: =G25/G26 -> 0.51099159
B28: Potência da esteira (cv) | C28: =C27*C25 -> 3.9857344 | F28: Volume por hora (m³/h) | G28: =G27/C11 -> 5.3788588
B29: Conversão cv para kw | C29: 0.7355 | F29: Altura média de resíduo (m) | G29: 0.05
B30: Potência específica (kW/m) | C30: =ROUND(C27*C29,6) -> 0.22065 | F30: Volume esteira carregada (m³) | G30: =G29*C26*C25 -> 0.66428906
B31: Potência da esteira (kW) | C31: =C28*'Energia Elétrica - MESA'!U18 -> 2.9315036 | F31: Cargas por hora | G31: =G28/G30 -> 8.097166
B32: Possui esteira? | C32: ='MAT SER E DESP - MESA'!H14 -> 0 | F32: Velocidade esteira (m/min) | G32: 10
B33: Horas mensais de operação da unidade (h) | C33: ='PARÂMETROS - MESA'!D33 -> 208 | F33: Comprimento (m) | G33: =C25 -> 13.285781
B34: Fator de utilização (%) | C34: =G36 -> 0.17929529 | F34: Tempo de carga da esteira (min) | G34: =G33/G32 -> 1.3285781
B35: Consumo mensal energia elétrica (kWh/mês) | C35: =(C34*C33*C31)*'MAT SER E DESP - MESA'!H14*C32 -> 0 | F35: Tempo esteira ligada por hora (min) | G35: =G31*G34 -> 10.757718
B36: Comprimento da esteira padrão (m) | C36: 10.5 | F36: Fator de utilização por hora (%) | G36: =G35/60 -> 0.17929529
B37: Número de esteiras padrão sugerido adotado | C37: =ROUND((C25/C36)+0.5,0)*('PARÂMETROS - MESA'!D18='PARÂMETROS - MESA'!J7) -> 0

Sheet Equipamentos - EST
A2: Dimensionamento de equipamentos para unidades com esteira
A4: Prensas eletro-hidráulicas | B4: Descrição | C4: Valor | E4: Volumes da prensa
B5: Pressão Hidráulica (t) | C5: 15 | E5: Volume da caixa de prensagem | F5: Largura (m) | G5: 0.8
B6: Capacidade (fardos por hora) | C6: 4 | F6: Profundidade (m) | G6: 0.6
B7: Potência cv | C7: 5 | F7: Altura (m) | G7: 1.9
B8: Potênica kWh | C8: =C7*'Energia Elétrica - EST'!$U$18 -> 3.677495 | F8: Volume (m³) | G8: =G5*G6*G7 -> 0.912
B9: Volume da caixa de prensagem (m³) | C9: 0.912 | E9: Fardo | F9: Largura (m) | G9: 0.8
B10: Produção horária (m³/h) | C10: =C9*C6 -> 3.648 | F10: Profundidade (m) | G10: 0.6
B11: Massa específica estimada do resíduo (t/m³) | C11: 0.095 | F11: Altura (m) | G11: 0.7
B12: Produção horária (t/hora) | C12: =C10*C11 -> 0.34656 | F12: Volume (m³) | G12: =G9*G10*G11 -> 0.336
B13: Possui prensa? | C13: ='MAT SER E DESP - EST'!H13 -> 1 | E13: Redução de volume (x) | G13: =G8/G12 -> 2.7142857
B14: Consumo kWh/t | C14: =C8/C12 -> 10.611424 | E14: Amarração fardo 2 vezes (m) | G14: =(G11+G9)*4+(G9+G10)*2+1 -> 9.8
B15: Quantiativo de reciclcáveis (t/mês) | C15: =(1-'PARÂMETROS - EST'!D9/100)*'MAT SER E DESP - EST'!C8 -> 105.85675
B16: Fração de resíduos prensáveis (%) | C16: 0.8
B17: Quantitativo de resíduo prensado (t/mês) | C17: =C16*C15 -> 84.685398
B18: Consumo energia elétrica mensal (kWh/mês) | C18: =C17*C14*C13 -> 898.63264
B19: Horas mensais de prensagem (h/mês) | C19: =C17/C12 -> 244.35999
B20: Horas mensais de operação | C20: ='PARÂMETROS - EST'!D33 -> 208
B21: Número de prensas calculado | C21: =C19/C20+0.5 -> 1.6748076
B22: Número de prensas sugerido adotado | C22: =ROUND(C21+0.5,0) -> 2
A24: Esteira | B24: Descrição | C24: Valor | E24: Cálculo fator de utilização de esteira por hora | F24: Descrição | G24: Valor
B25: Comprimento de esteira calculado (m) | C25: ='PARÂMETROS - EST'!D35/'PARÂMETROS - EST'!D37 -> 13.285781 | F25: Produção mensal (t/mês) | G25: ='MAT SER E DESP - EST'!C8 -> 106.28625
B26: Largura da esteira | C26: 1 | F26: Horas operação mensal (h) | G26: =C20 -> 208
B27: Potência específica (cv /m) | C27: 0.3 | F27: Produção por hora (t/h) | G27: =G25/G26 -> 0.51099159
B28: Potência da esteira (cv) | C28: =C27*C25 -> 3.9857344 | F28: Volume por hora (m³/h) | G28: =G27/C11 -> 5.3788588
B29: Conversão cv para kw | C29: 0.7355 | F29: Altura média de resíduo (m) | G29: 0.05
B30: Potência específica (kW/m) | C30: =ROUND(C27*C29,6) -> 0.22065 | F30: Volume esteira carregada (m³) | G30: =G29*C26*C25 -> 0.66428906
B31: Potência da esteira (kW) | C31: =C28*'Energia Elétrica - EST'!U18 -> 2.9315036 | F31: Cargas por hora | G31: =G28/G30 -> 8.097166
B32: Possui esteira? | C32: ='MAT SER E DESP - EST'!H14 -> 1 | F32: Velocidade esteira (m/min) | G32: 10
B33: Horas mensais de operação da unidade (h) | C33: ='PARÂMETROS - EST'!D33 -> 208 | F33: Comprimento (m) | G33: =C25 -> 13.285781
B34: Fator de utilização (%) | C34: =G36 -> 0.17929529 | F34: Tempo de carga da esteira (min) | G34: =G33/G32 -> 1.3285781
B35: Consumo mensal energia elétrica (kWh/mês) | C35: =(C34*C33*C31)*'MAT SER E DESP - EST'!H14*C32 -> 109.3258 | F35: Tempo esteira ligada por hora (min) | G35: =G31*G34 -> 10.757718
B36: Comprimento da esteira padrão (m) | C36: 10.5 | F36: Fator de utilização por hora (%) | G36: =G35/60 -> 0.17929529
B37: Número de esteiras padrão sugerido adotado | C37: =ROUND((C25/C36)+0.5,0)*('PARÂMETROS - EST'!D18='PARÂMETROS - EST'!J7) -> 2

Sheet Iluminação - MESA
A2: Cálculo do consumo de energia elétrica para iluminação
A4: Cálculo consumo iluminação | B4: Local | C4: Densidade luminosa (LUX/m²) | D4: Área | E4: Lumens | F4: Tipo Lâmpada | G4: Potência (w) | H4: Horas/d | I4: Consumo kWh/mês
B5: Escritório | C5: 500 | D5: ='PARÂMETROS - MESA'!D28 -> 12 | E5: =D5*C5 -> 6000 | F5: LED | G5: =E5/VLOOKUP(F5,'Energia Elétrica - MESA'!$T$21:$U$24,2,FALSE) -> 65.934066 | H5: ='Energia Elétrica - MESA'!D26 -> 9 | I5: =26*H5*G5/1000 -> 15.428571
B6: Cozinha/refeitório/sanitários | C6: 500 | D6: ='PARÂMETROS - MESA'!D29+'PARÂMETROS - MESA'!D30 -> 45 | E6: =D6*C6 -> 22500 | F6: LED | G6: =E6/VLOOKUP(F6,'Energia Elétrica - MESA'!$T$21:$U$24,2,FALSE) -> 247.25275 | H6: 4 | I6: =26*H6*G6/1000 -> 25.714286
B7: Área de triagem | C7: 700 | D7: ='PARÂMETROS - MESA'!D26 -> 725.08 | E7: =D7*C7 -> 507556 | F7: LED | G7: =E7/VLOOKUP(F7,'Energia Elétrica - MESA'!$T$21:$U$24,2,FALSE) -> 5577.5385 | H7: ='Energia Elétrica - MESA'!D26 -> 9 | I7: =26*H7*G7/1000 -> 1305.144
B8: Área de armazenamento de material triado | C8: 200 | D8: ='PARÂMETROS - MESA'!D27 -> 50 | E8: =D8*C8 -> 10000 | F8: LED | G8: =E8/VLOOKUP(F8,'Energia Elétrica - MESA'!$T$21:$U$24,2,FALSE) -> 109.89011 | H8: ='Energia Elétrica - MESA'!D26 -> 9 | I8: =26*H8*G8/1000 -> 25.714286
B9: Iluminação externa | C9: 200 | D9: ='PARÂMETROS - MESA'!D31 -> 421.57 | E9: =D9*C9 -> 84314 | F9: Vapor de sódio | G9: =E9/VLOOKUP(F9,'Energia Elétrica - MESA'!$T$21:$U$24,2,FALSE) -> 648.56923 | H9: =COUNTIF('Energia Elétrica - MESA'!AC5:AC205,"<>-") -> 12 | I9: =26*H9*G9/1000 -> 202.3536
B10: Consumo total iluminação | I10: =SUM(I5:I9) -> 1574.3547

Sheet Iluminação - EST
A2: Cálculo do consumo de energia elétrica para iluminação
A4: Cálculo consumo iluminação | B4: Local | C4: Densidade luminosa (LUX/m²) | D4: Área | E4: Lumens | F4: Tipo Lâmpada | G4: Potência (w) | H4: Horas/d | I4: Consumo kWh/mês
B5: Escritório | C5: 500 | D5: ='PARÂMETROS - EST'!D28 -> 12 | E5: =D5*C5 -> 6000 | F5: LED | G5: =E5/VLOOKUP(F5,'Energia Elétrica - EST'!$T$21:$U$24,2,FALSE) -> 65.934066 | H5: ='Energia Elétrica - EST'!D26 -> 9 | I5: =26*H5*G5/1000 -> 15.428571
B6: Cozinha/refeitório/sanitários | C6: 500 | D6: ='PARÂMETROS - EST'!D29+'PARÂMETROS - EST'!D30 -> 45 | E6: =D6*C6 -> 22500 | F6: LED | G6: =E6/VLOOKUP(F6,'Energia Elétrica - EST'!$T$21:$U$24,2,FALSE) -> 247.25275 | H6: 4 | I6: =26*H6*G6/1000 -> 25.714286
B7: Área de triagem | C7: 700 | D7: ='PARÂMETROS - EST'!D26 -> 725.08 | E7: =D7*C7 -> 507556 | F7: LED | G7: =E7/VLOOKUP(F7,'Energia Elétrica - EST'!$T$21:$U$24,2,FALSE) -> 5577.5385 | H7: ='Energia Elétrica - EST'!D26 -> 9 | I7: =26*H7*G7/1000 -> 1305.144
B8: Área de armazenamento de material triado | C8: 200 | D8: ='PARÂMETROS - EST'!D27 -> 50 | E8: =D8*C8 -> 10000 | F8: LED | G8: =E8/VLOOKUP(F8,'Energia Elétrica - EST'!$T$21:$U$24,2,FALSE) -> 109.89011 | H8: ='Energia Elétrica - EST'!D26 -> 9 | I8: =26*H8*G8/1000 -> 25.714286
B9: Iluminação externa | C9: 200 | D9: ='PARÂMETROS - EST'!D31 -> 421.57 | E9: =D9*C9 -> 84314 | F9: Vapor de sódio | G9: =E9/VLOOKUP(F9,'Energia Elétrica - EST'!$T$21:$U$24,2,FALSE) -> 648.56923 | H9: =COUNTIF('Energia Elétrica - EST'!AC5:AC205,"<>-") -> 12 | I9: =26*H9*G9/1000 -> 202.3536
B10: Consumo total iluminação | I10: =SUM(I5:I9) -> 1574.3547

Sheet Consumíveis - MESA
A2: Cálculo de quantitativos de materiais de consumo para unidades com mesas
A4: Materiais de limpeza | B4: Calculo de gasto em litros
B5: Local | C5: Área | D5: Consumo d'água estimada | E5: Água | F5: Detergente | G5: Desinfetante
C6: m² | D6: l/m²/dia | E6: l/dia | F6: l/dia | G6: l/dia
B7: Cozinha | C7: ='PARÂMETROS - MESA'!D29 -> 30 | D7: 1.1 | E7: =C7*D7 -> 33 | F7: =D7*$C$16*C7 -> 0.66
B8: Sanitários | C8: ='PARÂMETROS - MESA'!D30 -> 15 | D8: 1.1 | E8: =C8*D8 -> 16.5 | F8: =D8*$C$16*C8 -> 0.33 | G8: =$C$17*C8 -> 0.75
B9: Administrativo | C9: ='PARÂMETROS - MESA'!D28 -> 12 | D9: 0.2 | E9: =C9*D9 -> 2.4 | F9: =D9*$C$16*C9 -> 0.048
B10: Área de Triagem | C10: ='PARÂMETROS - MESA'!D26 -> 725.08 | D10: 0.006 | E10: =C10*D10 -> 4.35048 | F10: =D10*$C$16*C10 -> 0.0870096
B11: Armazenamento Material Triado | C11: ='PARÂMETROS - MESA'!D27 -> 50 | D11: 0.006 | E11: =C11*D11 -> 0.3 | F11: =D11*$C$16*C11 -> 0.006
B12: Total | C12: =SUM(C7:C11) -> 832.08 | E12: =SUM(E7:E11) -> 56.55048 | F12: =SUM(F7:F11) -> 1.1310096 | G12: =SUM(G7:G11) -> 0.75
B13: Gasto mensal | C13: 26.07 | E13: =E12*C13 -> 1474.271 | F13: =F12*C13 -> 29.48542 | G13: =G12*C13 -> 19.5525
B14: Orçamento
B15: Consumos | C15: Diluição | D15: Custo unitário | E15: Consumo Mensal | F15: Custo mensal
B16: Detergente | C16: 0.02 | D16: ='MAPA DE PREÇOS'!M456 -> 1.94 | E16: =F13 -> 29.48542 | F16: =E16*D16 -> 57.201715
B17: Desinfetante | C17: 0.05 | D17: ='MAPA DE PREÇOS'!M477 -> 5.48 | E17: =G13 -> 19.5525 | F17: =E17*D17 -> 107.1477
B18: TOTAL MENSAL | F18: =SUM(F16:F17) -> 164.34942
A20: Cálculo quantitativo de bomboas | B20: Descrição | C20: Valor
B21: Materiais diferentes separados | C21: 17
B22: Triagem em mesas
B23: Número de mesas | C23: ='PARÂMETROS - MESA'!D20 -> 3
B24: Numero de bombonas | C24: =C21*C23 -> 51
B25: Triagem em esteira
B26: Número de catadores | C26: =IF('PARÂMETROS - MESA'!D19>0,'PARÂMETROS - MESA'!D11,0) -> 0
B27: Número de bombonas | C27: =C26 -> 0
B28: TOTAL | C28: =C27+C24 -> 51
A30: Big Bags | B30: Descrição | C30: Valor
B31: Cargas mensais (t) | C31: ='PARÂMETROS - MESA'!D8 -> 106.28625
B32: Rejeito percentual | C32: ='PARÂMETROS - MESA'!D9/100 -> 0.004041
B33: Resíduo reciclável (t) | C33: =C31*(1-C32) -> 105.85675
B34: Massa específica do reciclável (t/m³) | C34: ='Equipamentos - MESA'!C11 -> 0.095
B35: Volume mensal de reciclável (m³) | C35: =C33/C34 -> 1114.2816
B36: Comercializações mensais | C36: 4
B37: Estoque semanal de material triado (m³) | C37: =C35/C36 -> 278.57039
B38: Percentual de volumosos ou não prensáveis | C38: 0.3
B39: Volumosos ou não prensáveis (m³) | C39: =C37*C38 -> 83.571116
B40: Volume de um big-bag (m³) | C40: 1
B41: Número de big-bags estimado | C41: =C39/C40 -> 83.571116
B42: Número de big bags adotado | C42: =ROUND(C41,0) -> 84
A43: Fitilho | B43: Material prensável mensal (m³) | C43: =C35*(1-C38) -> 779.99709
B44: Redução de volume prensado (m³) | C44: ='Equipamentos - MESA'!G13 -> 2.7142857
B45: Volume prensado (m³) | C45: =C43/C44 -> 287.36735
B46: Volume do fardo (m³) | C46: ='Equipamentos - MESA'!G12 -> 0.336
B47: Número de fardos mensais | C47: =C45/C46 -> 855.25996
B48: Comprimento de amarração do fardo (m) | C48: ='Equipamentos - MESA'!G14 -> 9.8
B49: Metros de fitilho mensal | C49: =C47*C48 -> 8381.5476
B50: Metros por quilograma fitilho (m/kg) | C50: 520
B51: Consumo mensal de fitilho (kg) | C51: =C49/C50 -> 16.118361
A53: Água | B53: Descrição | C53: Valor
B54: Consumo unitário diário (m³/pessoa/dia) | C54: =50/1000 -> 0.05
B55: Pessoal total na cooperativa | C55: ='PARÂMETROS - MESA'!D10 -> 32.571562
B56: Consumo diário (m³) | C56: =C54*C55 -> 1.6285781
B57: Dias úteis por mês (incluindo sábados) | C57: =(365-52)/12 -> 26.083333
B58: Consumo mensal (m³) | C58: =C56*C57 -> 42.478746

Sheet Consumíveis - EST
A2: Cálculos de quantitativos de materiais de consumo para unidades com esteira
A4: Materiais de limpeza | B4: Calculo de gasto em litros
B5: Local | C5: Área | D5: Consumo d'água estimada | E5: Água | F5: Detergente | G5: Desinfetante
C6: m² | D6: l/m²/dia | E6: l/dia | F6: l/dia | G6: l/dia
B7: Cozinha | C7: ='PARÂMETROS - EST'!D29 -> 30 | D7: 1.1 | E7: =C7*D7 -> 33 | F7: =D7*$C$16*C7 -> 0.66
B8: Sanitários | C8: ='PARÂMETROS - EST'!D30 -> 15 | D8: 1.1 | E8: =C8*D8 -> 16.5 | F8: =D8*$C$16*C8 -> 0.33 | G8: =$C$17*C8 -> 0.75
B9: Administrativo | C9: ='PARÂMETROS - EST'!D28 -> 12 | D9: 0.2 | E9: =C9*D9 -> 2.4 | F9: =D9*$C$16*C9 -> 0.048
B10: Área de Triagem | C10: ='PARÂMETROS - EST'!D26 -> 725.08 | D10: 0.006 | E10: =C10*D10 -> 4.35048 | F10: =D10*$C$16*C10 -> 0.0870096
B11: Armazenamento Material Triado | C11: ='PARÂMETROS - EST'!D27 -> 50 | D11: 0.006 | E11: =C11*D11 -> 0.3 | F11: =D11*$C$16*C11 -> 0.006
B12: Total | C12: =SUM(C7:C11) -> 832.08 | E12: =SUM(E7:E11) -> 56.55048 | F12: =SUM(F7:F11) -> 1.1310096 | G12: =SUM(G7:G11) -> 0.75
B13: Gasto mensal | C13: 26.07 | E13: =E12*C13 -> 1474.271 | F13: =F12*C13 -> 29.48542 | G13: =G12*C13 -> 19.5525
B14: Orçamento
B15: Consumos | C15: Diluição | D15: Custo unitário | E15: Consumo Mensal | F15: Custo mensal
B16: Detergente | C16: 0.02 | D16: ='MAPA DE PREÇOS'!M456 -> 1.94 | E16: =F13 -> 29.48542 | F16: =E16*D16 -> 57.201715
B17: Desinfetante | C17: 0.05 | D17: ='MAPA DE PREÇOS'!M477 -> 5.48 | E17: =G13 -> 19.5525 | F17: =E17*D17 -> 107.1477
B18: TOTAL MENSAL | F18: =SUM(F16:F17) -> 164.34942
A20: Cálculo quantitativo de bomboas | B20: Descrição | C20: Valor
B21: Materiais diferentes separados | C21: 17
B22: Triagem em mesas
B23: Número de mesas | C23: ='PARÂMETROS - EST'!D20 -> 0
B24: Numero de bombonas | C24: =C21*C23 -> 0
B25: Triagem em esteira
B26: Número de catadores | C26: =IF('PARÂMETROS - EST'!D19>0,'PARÂMETROS - EST'!D11,0) -> 26.571562
B27: Número de bombonas | C27: =C26 -> 26.571562
B28: TOTAL | C28: =C27+C24 -> 26.571562
A30: Big Bags | B30: Descrição | C30: Valor
B31: Cargas mensais (t) | C31: ='PARÂMETROS - EST'!D8 -> 106.28625
B32: Rejeito percentual | C32: ='PARÂMETROS - EST'!D9/100 -> 0.004041
B33: Resíduo reciclável (t) | C33: =C31*(1-C32) -> 105.85675
B34: Massa específica do reciclável (t/m³) | C34: ='Equipamentos - EST'!C11 -> 0.095
B35: Volume mensal de reciclável (m³) | C35: =C33/C34 -> 1114.2816
B36: Comercializações mensais | C36: 4
B37: Estoque semanal de material triado (m³) | C37: =C35/C36 -> 278.57039
B38: Percentual de volumosos ou não prensáveis | C38: 0.3
B39: Volumosos ou não prensáveis (m³) | C39: =C37*C38 -> 83.571116
B40: Volume de um big-bag (m³) | C40: 1
B41: Número de big-bags estimado | C41: =C39/C40 -> 83.571116
B42: Número de big bags adotado | C42: =ROUND(C41,0) -> 84
A43: Fitilho | B43: Material prensável mensal (m³) | C43: =C35*(1-C38) -> 779.99709
B44: Redução de volume prensado (m³) | C44: ='Equipamentos - EST'!G13 -> 2.7142857
B45: Volume prensado (m³) | C45: =C43/C44 -> 287.36735
B46: Volume do fardo (m³) | C46: ='Equipamentos - EST'!G12 -> 0.336
B47: Número de fardos mensais | C47: =C45/C46 -> 855.25996
B48: Comprimento de amarração do fardo (m) | C48: ='Equipamentos - EST'!G14 -> 9.8
B49: Metros de fitilho mensal | C49: =C47*C48 -> 8381.5476
B50: Metros por quilograma fitilho (m/kg) | C50: 520
B51: Consumo mensal de fitilho (kg) | C51: =C49/C50 -> 16.118361
A53: Água | B53: Descrição | C53: Valor
B54: Consumo unitário diário (m³/pessoa/dia) | C54: =50/1000 -> 0.05
B55: Pessoal total na cooperativa | C55: ='PARÂMETROS - EST'!D10 -> 32.571562
B56: Consumo diário (m³) | C56: =C54*C55 -> 1.6285781
B57: Dias úteis por mês (incluindo sábados) | C57: =(365-52)/12 -> 26.083333
B58: Consumo mensal (m³) | C58: =C56*C57 -> 42.478746

Sheet MAPA DE PREÇOS
E2: =CONCATENATE("PREFEITURA MUNICIPAL DE PORTO ALEGRE ",H5," MAPA DE PREÇOS - ", UPPER(TEXT(MAX('Tabela de Apoio'!A:A),"MMM/AA"))) -> PREFEITURA MUNICIPAL DE PORTO ALEGRE DEPARTAMENTO MUNICIPAL DE LIMPEZA URBANA (DMLU) MAPA DE PREÇOS - MAR/25
E4: IDENTIFICAÇÃO DO PROCESSO LICITATÓRIO | L4: IDENTIFICAÇÃO DA FORMAÇÃO DE PREÇOS | R4: ORIENTAÇÕES:
E5: ORGÃO DEMANDANTE | H5: DEPARTAMENTO MUNICIPAL DE LIMPEZA URBANA (DMLU) | L5: UNIDADE/SETOR | O5: DDF/STREC | R5: Preencher no mínimo três preços oriundos de pelo menos duas fontes distintas. O preço estimado retornado será o menor valor entre média harmônica e mediana da cesta para o caso de somente preços de orçamento, devendo justificar.
E6: LICITAÇÃO | H6: CONTRATAÇÃO DE UNIDADE DE TRIAGEM DE RESÍDUOS SELETIVOS | L6: RESPONSÁVEL | O6: ARCEU BANDEIRA RORIGUES
B7: TRUE | E7: Nº PROCESSO | L7: MATRÍCULA | O7: 664276
B8: TRUE | E8: Nº DE ITENS | H8: 30 | L8: DATA FORMAÇÃO | O8: 45790 | R8: Destacar campos de preenchimento MÍNIMO
E9: TOTAL ESTIMADO | H9: =SUMIF(L:L,"TOTAL ITEM",M:M) -> 4287.9
E11: Nº | G11: DESCRIÇÃO DO OBJETO | L11: PREÇO ESTIMADO | O11: PREÇOS OBTIDOS
P12: PREÇO 1 | Q12: PREÇO 2 | R12: PREÇO 3 | S12: PREÇO 4 | T12: PREÇO 5 | U12: PREÇO 6 | V12: PREÇO 7 | W12: PREÇO 8 | X12: PREÇO 9 | Y12: PREÇO 10 | Z12: PREÇO 11 | AA12: PREÇO 12 | AB12: PREÇO 13 | AC12: PREÇO 14 | AD12: PREÇO 15 | AE12: PREÇO 16 | AF12: PREÇO 17 | AG12: PREÇO 18 | AH12: PREÇO 19 | AI12: PREÇO 20
B15: =LARGE(IFERROR(IF(B13+1>$H$8,"",B13+1),""),1) -> 1 | C15: =IF(_xlfn.ISFORMULA(E19),MAX(INDEX('BASE FORMAÇÃO'!A:A,B15+1),1),E19) -> 1 | D15: =IFERROR(IF(C15=C5,D5+1,1),1) -> 1 | E15: ITEM | G15: GMAT | H15: =INDEX('BASE FORMAÇÃO'!B:B,B15+1) -> 0 | I15: CATMAT | J15: =INDEX('BASE FORMAÇÃO'!K:K,B15+1) -> 0 | L15: PREÇO ESTIMADO | M15: =IF(OR(ISBLANK($O$8),ISBLANK($O$7),ISBLANK($H$8),ISBLANK($O$6),ISBLANK($O$5),ISBLANK($H$5)),"",IFERROR(IF(VLOOKUP(L15,L21:M30,2,FALSE)<1,ROUND(VLOOKUP(L15,L21:M30,2,FALSE),4),ROUND(VLOOKUP(L15,L21:M30,2,FALSE),2)),"")) -> 27220.45 | O15: ORIGINAL | P15: 50038.47 | Q15: 22174 | R15: 34000 | S15: 23498.77
B16: =B15 -> 1 | C16: =C15 -> 1 | D16: =D15 -> 1 | E16: =D15 -> 1 | G16: DESCRIÇÃO | H16: Pensa Enfardadeira Hidráulica Vertical pressão hidráulica 15 toneladas, padrões ABNT e NRs | O16: DATA | P16: 45761 | Q16: 45713 | R16: 45644 | S16: 45617
B17: =B16 -> 1 | C17: =C16 -> 1 | D17: =D16 -> 1 | L17: QUANTIDADE | M17: =INDEX('BASE FORMAÇÃO'!H:H,B19+1) -> 0 | O17: PARÂMETRO | P17: Contratação pública | Q17: Contratação pública | R17: Contratação pública | S17: Contratação pública
B18: =B17 -> 1 | C18: =C17 -> 1 | D18: =D17 -> 1 | E18: LOTE | L18: UNIDADE | M18: =INDEX('BASE FORMAÇÃO'!D:D,B19+1) -> 0 | O18: FONTE/LINK | P18: www.precoestimado.com.br | Q18: www.precoestimado.com.br | R18: www.precoestimado.com.br | S18: www.precoestimado.com.br
B19: =B17 -> 1 | C19: =C17 -> 1 | D19: =D18 -> 1 | E19: =C15 -> 1 | G19: OBSERVAÇÕES | L19: COEF. VAR. | M19: =IFERROR(INDEX(I21:I33,MATCH(MAX(J21:J33),J21:J33,0)),"") -> 0.20027495 | O19: ATUALIZADO | P19: =IF(P15="","", IF(OR(P17="Orçamento",P16="",MAX('Tabela de Apoio'!$A:$A)<=P16), P15, (INDEX('Tabela de Apoio'!$B:$B,MATCH('MAPA DE PREÇOS'!$O$8,'Tabela de Apoio'!$A:$A,1))/INDEX('Tabela de Apoio'!$B:$B,MATCH('MAPA DE PREÇOS'!P16,'Tabela de Apoio'!$A:$A,1)-1))*P15)) -> 50038.47 | Q19: =IF(Q15="","", IF(OR(Q17="Orçamento",Q16="",MAX('Tabela de Apoio'!$A:$A)<=Q16), Q15, (INDEX('Tabela de Apoio'!$B:$B,MATCH('MAPA DE PREÇOS'!$O$8,'Tabela de Apoio'!$A:$A,1))/INDEX('Tabela de Apoio'!$B:$B,MATCH('MAPA DE PREÇOS'!Q16,'Tabela de Apoio'!$A:$A,1)-1))*Q15)) -> 22590.301 | R19: =IF(R15="","", IF(OR(R17="Orçamento",R16="",MAX('Tabela de Apoio'!$A:$A)<=R16), R15, (INDEX('Tabela de Apoio'!$B:$B,MATCH('MAPA DE PREÇOS'!$O$8,'Tabela de Apoio'!$A:$A,1))/INDEX('Tabela de Apoio'!$B:$B,MATCH('MAPA DE PREÇOS'!R16,'Tabela de Apoio'!$A:$A,1)-1))*R15)) -> 34874.142 | S19: =IF(S15="","", IF(OR(S17="Orçamento",S16="",MAX('Tabela de Apoio'!$A:$A)<=S16), S15, (INDEX('Tabela de Apoio'!$B:$B,MATCH('MAPA DE PREÇOS'!$O$8,'Tabela de Apoio'!$A:$A,1))/INDEX('Tabela de Apoio'!$B:$B,MATCH('MAPA DE PREÇOS'!S16,'Tabela de Apoio'!$A:$A,1)-1))*S15)) -> 24196.921 | T19: =IF(T15="","", IF(OR(T17="Orçamento",T16="",MAX('Tabela de Apoio'!$A:$A)<=T16), T15, (INDEX('Tabela de Apoio'!$B:$B,MATCH('MAPA DE PREÇOS'!$O$8,'Tabela de Apoio'!$A:$A,1))/INDEX('Tabela de Apoio'!$B:$B,MATCH('MAPA DE PREÇOS'!T16,'Tabela de Apoio'!$A:$A,1)-1))*T15)) | U19: =IF(U15="","", IF(OR(U17="Orçamento",U16="",MAX('Tabela de Apoio'!$A:$A)<=U16), U15, (INDEX('Tabela de Apoio'!$B:$B,MATCH('MAPA DE PREÇOS'!$O$8,'Tabela de Apoio'!$A:$A,1))/INDEX('Tabela de Apoio'!$B:$B,MATCH('MAPA DE PREÇOS'!U16,'Tabela de Apoio'!$A:$A,1)-1))*U15)) | V19: =IF(V15="","", IF(OR(V17="Orçamento",V16="",MAX('Tabela de Apoio'!$A:$A)<=V16), V15, (INDEX('Tabela de Apoio'!$B:$B,MATCH('MAPA DE PREÇOS'!$O$8,'Tabela de Apoio'!$A:$A,1))/INDEX('Tabela de Apoio'!$B:$B,MATCH('MAPA DE PREÇOS'!V16,'Tabela de Apoio'!$A:$A,1)-1))*V15)) | W19: =IF(W15="","", IF(OR(W17="Orçamento",W16="",MAX('Tabela de Apoio'!$A:$A)<=W16), W15, (INDEX('Tabela de Apoio'!$B:$B,MATCH('MAPA DE PREÇOS'!$O$8,'Tabela de Apoio'!$A:$A,1))/INDEX('Tabela de Apoio'!$B:$B,MATCH('MAPA DE PREÇOS'!W16,'Tabela de Apoio'!$A:$A,1)-1))*W15)) | ... AI19: =IF(AI15="","", IF(OR(AI17="Orçamento",AI16="",MAX('Tabela de Apoio'!$A:$A)<=AI16), AI15, (INDEX('Tabela de Apoio'!$B:$B,MATCH('MAPA DE PREÇOS'!$O$8,'Tabela de Apoio'!$A:$A,1))/INDEX('Tabela de Apoio'!$B:$B,MATCH('MAPA DE PREÇOS'!AI16,'Tabela de Apoio'!$A:$A,1)-1))*AI15))
B20: =B19 -> 1 | C20: =C19 -> 1 | D20: =D19 -> 1 | O20: P D CAIXAS | P20: =IF(IFERROR(VLOOKUP(P17,'Tabela de Apoio'!$D:$E,2,FALSE),1)=1,"",P21) -> 50038.47 | Q20: =IF(IFERROR(VLOOKUP(Q17,'Tabela de Apoio'!$D:$E,2,FALSE),1)=1,"",Q21) -> 22590.301 | R20: =IF(IFERROR(VLOOKUP(R17,'Tabela de Apoio'!$D:$E,2,FALSE),1)=1,"",R21) -> 34874.142 | S20: =IF(IFERROR(VLOOKUP(S17,'Tabela de Apoio'!$D:$E,2,FALSE),1)=1,"",S21) -> 24196.921 | T20: =IF(IFERROR(VLOOKUP(T17,'Tabela de Apoio'!$D:$E,2,FALSE),1)=1,"",T21) | U20: =IF(IFERROR(VLOOKUP(U17,'Tabela de Apoio'!$D:$E,2,FALSE),1)=1,"",U21) | V20: =IF(IFERROR(VLOOKUP(V17,'Tabela de Apoio'!$D:$E,2,FALSE),1)=1,"",V21) | W20: =IF(IFERROR(VLOOKUP(W17,'Tabela de Apoio'!$D:$E,2,FALSE),1)=1,"",W21) | ... AI20: =IF(IFERROR(VLOOKUP(AI17,'Tabela de Apoio'!$D:$E,2,FALSE),1)=1,"",AI21)
B21: =B20 -> 1 | C21: =C20 -> 1 | D21: =D20 -> 1 | H21: =COUNT($P21:$XX21) -> 4 | I21: =_xlfn.STDEV.P($P20:$XX21)/AVERAGE($P20:$XX21) -> 0.33259019 | J21: =ROW() -> 21 | L21: PREÇO ESTIMADO | M21: =IFERROR( IF(COUNTA(P15:AI15)=COUNTIF(P17:XX17,"Orçamento"),MIN(M26,M23), IF(M24<>"",M24, IF(M25<>"",M25, M23 ))),"") -> 27220.455 | O21: D CAIXAS | P21: =IFERROR(IF(P19="", "", IF(COUNT($P19:$XX19)<=4, P19, IF(OR(P19>(QUARTILE($P19:$XX19,3)+(QUARTILE($P19:$XX19,3)-QUARTILE($P19:$XX19,1))), P19<(QUARTILE($P19:$XX19,1)-(QUARTILE($P19:$XX19,3)-QUARTILE($P19:$XX19,1))) ), "DESCARTADO",P19) ) ),P19) -> 50038.47 | Q21: =IFERROR(IF(Q19="", "", IF(COUNT($P19:$XX19)<=4, Q19, IF(OR(Q19>(QUARTILE($P19:$XX19,3)+(QUARTILE($P19:$XX19,3)-QUARTILE($P19:$XX19,1))), Q19<(QUARTILE($P19:$XX19,1)-(QUARTILE($P19:$XX19,3)-QUARTILE($P19:$XX19,1))) ), "DESCARTADO",Q19) ) ),Q19) -> 22590.301 | R21: =IFERROR(IF(R19="", "", IF(COUNT($P19:$XX19)<=4, R19, IF(OR(R19>(QUARTILE($P19:$XX19,3)+(QUARTILE($P19:$XX19,3)-QUARTILE($P19:$XX19,1))), R19<(QUARTILE($P19:$XX19,1)-(QUARTILE($P19:$XX19,3)-QUARTILE($P19:$XX19,1))) ), "DESCARTADO",R19) ) ),R19) -> 34874.142 | S21: =IFERROR(IF(S19="", "", IF(COUNT($P19:$XX19)<=4, S19, IF(OR(S19>(QUARTILE($P19:$XX19,3)+(QUARTILE($P19:$XX19,3)-QUARTILE($P19:$XX19,1))), S19<(QUARTILE($P19:$XX19,1)-(QUARTILE($P19:$XX19,3)-QUARTILE($P19:$XX19,1))) ), "DESCARTADO",S19) ) ),S19) -> 24196.921 | T21: =IFERROR(IF(T19="", "", IF(COUNT($P19:$XX19)<=4, T19, IF(OR(T19>(QUARTILE($P19:$XX19,3)+(QUARTILE($P19:$XX19,3)-QUARTILE($P19:$XX19,1))), T19<(QUARTILE($P19:$XX19,1)-(QUARTILE($P19:$XX19,3)-QUARTILE($P19:$XX19,1))) ), "DESCARTADO",T19) ) ),T19) | U21: =IFERROR(IF(U19="", "", IF(COUNT($P19:$XX19)<=4, U19, IF(OR(U19>(QUARTILE($P19:$XX19,3)+(QUARTILE($P19:$XX19,3)-QUARTILE($P19:$XX19,1))), U19<(QUARTILE($P19:$XX19,1)-(QUARTILE($P19:$XX19,3)-QUARTILE($P19:$XX19,1))) ), "DESCARTADO",U19) ) ),U19) | V21: =IFERROR(IF(V19="", "", IF(COUNT($P19:$XX19)<=4, V19, IF(OR(V19>(QUARTILE($P19:$XX19,3)+(QUARTILE($P19:$XX19,3)-QUARTILE($P19:$XX19,1))), V19<(QUARTILE($P19:$XX19,1)-(QUARTILE($P19:$XX19,3)-QUARTILE($P19:$XX19,1))) ), "DESCARTADO",V19) ) ),V19) | W21: =IFERROR(IF(W19="", "", IF(COUNT($P19:$XX19)<=4, W19, IF(OR(W19>(QUARTILE($P19:$XX19,3)+(QUARTILE($P19:$XX19,3)-QUARTILE($P19:$XX19,1))), W19<(QUARTILE($P19:$XX19,1)-(QUARTILE($P19:$XX19,3)-QUARTILE($P19:$XX19,1))) ), "DESCARTADO",W19) ) ),W19) | ... AI21: =IFERROR(IF(AI19="", "", IF(COUNT($P19:$XX19)<=4, AI19, IF(OR(AI19>(QUARTILE($P19:$XX19,3)+(QUARTILE($P19:$XX19,3)-QUARTILE($P19:$XX19,1))), AI19<(QUARTILE($P19:$XX19,1)-(QUARTILE($P19:$XX19,3)-QUARTILE($P19:$XX19,1))) ), "DESCARTADO",AI19) ) ),AI19)
B22: =B21 -> 1 | C22: =C21 -> 1 | D22: =D21 -> 1 | L22: MÉDIA | M22: =AVERAGE($P21:$XX21) -> 32924.958 | O22: ="1 POND" -> 1 POND | P22: =IF(IFERROR(VLOOKUP(P17,'Tabela de Apoio'!$D:$E,2,FALSE),1)=1,"",P23) -> DESCARTADO | Q22: =IF(IFERROR(VLOOKUP(Q17,'Tabela de Apoio'!$D:$E,2,FALSE),1)=1,"",Q23) -> 22590.301 | R22: =IF(IFERROR(VLOOKUP(R17,'Tabela de Apoio'!$D:$E,2,FALSE),1)=1,"",R23) -> 34874.142 | S22: =IF(IFERROR(VLOOKUP(S17,'Tabela de Apoio'!$D:$E,2,FALSE),1)=1,"",S23) -> 24196.921 | T22: =IF(IFERROR(VLOOKUP(T17,'Tabela de Apoio'!$D:$E,2,FALSE),1)=1,"",T23) | U22: =IF(IFERROR(VLOOKUP(U17,'Tabela de Apoio'!$D:$E,2,FALSE),1)=1,"",U23) | V22: =IF(IFERROR(VLOOKUP(V17,'Tabela de Apoio'!$D:$E,2,FALSE),1)=1,"",V23) | W22: =IF(IFERROR(VLOOKUP(W17,'Tabela de Apoio'!$D:$E,2,FALSE),1)=1,"",W23) | ... AI22: =IF(IFERROR(VLOOKUP(AI17,'Tabela de Apoio'!$D:$E,2,FALSE),1)=1,"",AI23)
B23: =B22 -> 1 | C23: =C22 -> 1 | D23: =D22 -> 1 | H23: =COUNT($P23:$XX23) -> 3 | I23: =_xlfn.STDEV.P($P22:$XX23)/AVERAGE($P22:$XX23) -> 0.20027495 | J23: =IF(AND(H23>2, OR(L15="MÉDIA SANEADA",L15="MEDIANA SANEADA", AND(L15="PREÇO ESTIMADO",NOT(AND(P17="Orçamento",COUNTA(P15:XX15)=COUNTIF(P17:XX17,"Orçamento")))))), ROW(),0) -> 23 | L23: MEDIANA | M23: =MEDIAN($P21:$XX21) -> 29535.531 | O23: ="1 RODADA" -> 1 RODADA | P23: =IF(P21="","",IF((_xlfn.STDEV.P($P20:$XX21)/AVERAGE($P20:$XX21))<=25%,P21,IF(OR(P21>(AVERAGE($P20:$XX21)+_xlfn.STDEV.P($P20:$XX21)),P21<(AVERAGE($P20:$XX21)-_xlfn.STDEV.P($P20:$XX21))),"DESCARTADO",P21))) -> DESCARTADO | Q23: =IF(Q21="","",IF((_xlfn.STDEV.P($P20:$XX21)/AVERAGE($P20:$XX21))<=25%,Q21,IF(OR(Q21>(AVERAGE($P20:$XX21)+_xlfn.STDEV.P($P20:$XX21)),Q21<(AVERAGE($P20:$XX21)-_xlfn.STDEV.P($P20:$XX21))),"DESCARTADO",Q21))) -> 22590.301 | R23: =IF(R21="","",IF((_xlfn.STDEV.P($P20:$XX21)/AVERAGE($P20:$XX21))<=25%,R21,IF(OR(R21>(AVERAGE($P20:$XX21)+_xlfn.STDEV.P($P20:$XX21)),R21<(AVERAGE($P20:$XX21)-_xlfn.STDEV.P($P20:$XX21))),"DESCARTADO",R21))) -> 34874.142 | S23: =IF(S21="","",IF((_xlfn.STDEV.P($P20:$XX21)/AVERAGE($P20:$XX21))<=25%,S21,IF(OR(S21>(AVERAGE($P20:$XX21)+_xlfn.STDEV.P($P20:$XX21)),S21<(AVERAGE($P20:$XX21)-_xlfn.STDEV.P($P20:$XX21))),"DESCARTADO",S21))) -> 24196.921 | T23: =IF(T21="","",IF((_xlfn.STDEV.P($P20:$XX21)/AVERAGE($P20:$XX21))<=25%,T21,IF(OR(T21>(AVERAGE($P20:$XX21)+_xlfn.STDEV.P($P20:$XX21)),T21<(AVERAGE($P20:$XX21)-_xlfn.STDEV.P($P20:$XX21))),"DESCARTADO",T21))) | U23: =IF(U21="","",IF((_xlfn.STDEV.P($P20:$XX21)/AVERAGE($P20:$XX21))<=25%,U21,IF(OR(U21>(AVERAGE($P20:$XX21)+_xlfn.STDEV.P($P20:$XX21)),U21<(AVERAGE($P20:$XX21)-_xlfn.STDEV.P($P20:$XX21))),"DESCARTADO",U21))) | V23: =IF(V21="","",IF((_xlfn.STDEV.P($P20:$XX21)/AVERAGE($P20:$XX21))<=25%,V21,IF(OR(V21>(AVERAGE($P20:$XX21)+_xlfn.STDEV.P($P20:$XX21)),V21<(AVERAGE($P20:$XX21)-_xlfn.STDEV.P($P20:$XX21))),"DESCARTADO",V21))) | W23: =IF(W21="","",IF((_xlfn.STDEV.P($P20:$XX21)/AVERAGE($P20:$XX21))<=25%,W21,IF(OR(W21>(AVERAGE($P20:$XX21)+_xlfn.STDEV.P($P20:$XX21)),W21<(AVERAGE($P20:$XX21)-_xlfn.STDEV.P($P20:$XX21))),"DESCARTADO",W21))) | ... AI23: =IF(AI21="","",IF((_xlfn.STDEV.P($P20:$XX21)/AVERAGE($P20:$XX21))<=25%,AI21,IF(OR(AI21>(AVERAGE($P20:$XX21)+_xlfn.STDEV.P($P20:$XX21)),AI21<(AVERAGE($P20:$XX21)-_xlfn.STDEV.P($P20:$XX21))),"DESCARTADO",AI21)))
B24: =B23 -> 1 | C24: =C23 -> 1 | D24: =D23 -> 1 | L24: MÉDIA SANEADA | M24: =IFERROR( IF(AND(H23>2,I23<=25%),AVERAGE(P22:XX23), IF(AND(H25>2,I25<=25%),AVERAGE(P24:XX25), IF(AND(H27>2,I27<=25%),AVERAGE(P26:XX27), IF(AND(H29>2,I29<=25%),AVERAGE(P28:XX29), IF(AND(H31>2,I31<=25%),AVERAGE(P30:XX31), IF(AND(H33>2,I33<=25%),AVERAGE(P32:XX33), IF(I21<=25%,AVERAGE(P20:XX21),""))))))),"") -> 27220.455 | O24: ="2 POND" -> 2 POND | P24: =IF(IFERROR(VLOOKUP(P17,'Tabela de Apoio'!$D:$E,2,FALSE),1)=1,"",P25) -> DESCARTADO | Q24: =IF(IFERROR(VLOOKUP(Q17,'Tabela de Apoio'!$D:$E,2,FALSE),1)=1,"",Q25) -> 22590.301 | R24: =IF(IFERROR(VLOOKUP(R17,'Tabela de Apoio'!$D:$E,2,FALSE),1)=1,"",R25) -> 34874.142 | S24: =IF(IFERROR(VLOOKUP(S17,'Tabela de Apoio'!$D:$E,2,FALSE),1)=1,"",S25) -> 24196.921 | T24: =IF(IFERROR(VLOOKUP(T17,'Tabela de Apoio'!$D:$E,2,FALSE),1)=1,"",T25) | U24: =IF(IFERROR(VLOOKUP(U17,'Tabela de Apoio'!$D:$E,2,FALSE),1)=1,"",U25) | V24: =IF(IFERROR(VLOOKUP(V17,'Tabela de Apoio'!$D:$E,2,FALSE),1)=1,"",V25) | W24: =IF(IFERROR(VLOOKUP(W17,'Tabela de Apoio'!$D:$E,2,FALSE),1)=1,"",W25) | ... AI24: =IF(IFERROR(VLOOKUP(AI17,'Tabela de Apoio'!$D:$E,2,FALSE),1)=1,"",AI25)
B25: =B24 -> 1 | C25: =C24 -> 1 | D25: =D24 -> 1 | H25: =COUNT($P25:$XX25) -> 3 | I25: =_xlfn.STDEV.P($P24:$XX25)/AVERAGE($P24:$XX25) -> 0.20027495 | J25: =IF(AND(H25>2, OR(L15="MÉDIA SANEADA",L15="MEDIANA SANEADA", AND(L15="PREÇO ESTIMADO",NOT(AND(P17="Orçamento",COUNTA(P15:XX15)=COUNTIF(P17:XX17,"Orçamento")))))), ROW(),0) -> 25 | L25: MEDIANA SANEADA | M25: =IF(H23>2,MEDIAN(P22:XX23), IF(H25>2,MEDIAN(P24:XX25), IF(H27>2,MEDIAN(P26:XX27), IF(H29>2,MEDIAN(P28:XX29), IF(H31>2,MEDIAN(P30:XX31), IF(H33>2,MEDIAN(P32:XX33), MEDIAN(P20:XX21))))))) -> 24196.921 | O25: ="2 RODADA" -> 2 RODADA | P25: =IF(P23="","",IF((_xlfn.STDEV.P($P22:$XX23)/AVERAGE($P22:$XX23))<=25%,P23,IF(OR(P23>(AVERAGE($P22:$XX23)+_xlfn.STDEV.P($P22:$XX23)),P23<(AVERAGE($P22:$XX23)-_xlfn.STDEV.P($P22:$XX23))),"DESCARTADO",P23))) -> DESCARTADO | Q25: =IF(Q23="","",IF((_xlfn.STDEV.P($P22:$XX23)/AVERAGE($P22:$XX23))<=25%,Q23,IF(OR(Q23>(AVERAGE($P22:$XX23)+_xlfn.STDEV.P($P22:$XX23)),Q23<(AVERAGE($P22:$XX23)-_xlfn.STDEV.P($P22:$XX23))),"DESCARTADO",Q23))) -> 22590.301 | R25: =IF(R23="","",IF((_xlfn.STDEV.P($P22:$XX23)/AVERAGE($P22:$XX23))<=25%,R23,IF(OR(R23>(AVERAGE($P22:$XX23)+_xlfn.STDEV.P($P22:$XX23)),R23<(AVERAGE($P22:$XX23)-_xlfn.STDEV.P($P22:$XX23))),"DESCARTADO",R23))) -> 34874.142 | S25: =IF(S23="","",IF((_xlfn.STDEV.P($P22:$XX23)/AVERAGE($P22:$XX23))<=25%,S23,IF(OR(S23>(AVERAGE($P22:$XX23)+_xlfn.STDEV.P($P22:$XX23)),S23<(AVERAGE($P22:$XX23)-_xlfn.STDEV.P($P22:$XX23))),"DESCARTADO",S23))) -> 24196.921 | T25: =IF(T23="","",IF((_xlfn.STDEV.P($P22:$XX23)/AVERAGE($P22:$XX23))<=25%,T23,IF(OR(T23>(AVERAGE($P22:$XX23)+_xlfn.STDEV.P($P22:$XX23)),T23<(AVERAGE($P22:$XX23)-_xlfn.STDEV.P($P22:$XX23))),"DESCARTADO",T23))) | U25: =IF(U23="","",IF((_xlfn.STDEV.P($P22:$XX23)/AVERAGE($P22:$XX23))<=25%,U23,IF(OR(U23>(AVERAGE($P22:$XX23)+_xlfn.STDEV.P($P22:$XX23)),U23<(AVERAGE($P22:$XX23)-_xlfn.STDEV.P($P22:$XX23))),"DESCARTADO",U23))) | V25: =IF(V23="","",IF((_xlfn.STDEV.P($P22:$XX23)/AVERAGE($P22:$XX23))<=25%,V23,IF(OR(V23>(AVERAGE($P22:$XX23)+_xlfn.STDEV.P($P22:$XX23)),V23<(AVERAGE($P22:$XX23)-_xlfn.STDEV.P($P22:$XX23))),"DESCARTADO",V23))) | W25: =IF(W23="","",IF((_xlfn.STDEV.P($P22:$XX23)/AVERAGE($P22:$XX23))<=25%,W23,IF(OR(W23>(AVERAGE($P22:$XX23)+_xlfn.STDEV.P($P22:$XX23)),W23<(AVERAGE($P22:$XX23)-_xlfn.STDEV.P($P22:$XX23))),"DESCARTADO",W23))) | ... AI25: =IF(AI23="","",IF((_xlfn.STDEV.P($P22:$XX23)/AVERAGE($P22:$XX23))<=25%,AI23,IF(OR(AI23>(AVERAGE($P22:$XX23)+_xlfn.STDEV.P($P22:$XX23)),AI23<(AVERAGE($P22:$XX23)-_xlfn.STDEV.P($P22:$XX23))),"DESCARTADO",AI23)))
B26: =B25 -> 1 | C26: =C25 -> 1 | D26: =D25 -> 1 | L26: MÉDIA HARMÔNICA | M26: =HARMEAN($P20:$XX21) -> 29794.376 | O26: ="3 POND" -> 3 POND | P26: =IF(IFERROR(VLOOKUP(P17,'Tabela de Apoio'!$D:$E,2,FALSE),1)=1,"",P27) -> DESCARTADO | Q26: =IF(IFERROR(VLOOKUP(Q17,'Tabela de Apoio'!$D:$E,2,FALSE),1)=1,"",Q27) -> 22590.301 | R26: =IF(IFERROR(VLOOKUP(R17,'Tabela de Apoio'!$D:$E,2,FALSE),1)=1,"",R27) -> 34874.142 | S26: =IF(IFERROR(VLOOKUP(S17,'Tabela de Apoio'!$D:$E,2,FALSE),1)=1,"",S27) -> 24196.921 | T26: =IF(IFERROR(VLOOKUP(T17,'Tabela de Apoio'!$D:$E,2,FALSE),1)=1,"",T27) | U26: =IF(IFERROR(VLOOKUP(U17,'Tabela de Apoio'!$D:$E,2,FALSE),1)=1,"",U27) | V26: =IF(IFERROR(VLOOKUP(V17,'Tabela de Apoio'!$D:$E,2,FALSE),1)=1,"",V27) | W26: =IF(IFERROR(VLOOKUP(W17,'Tabela de Apoio'!$D:$E,2,FALSE),1)=1,"",W27) | ... AI26: =IF(IFERROR(VLOOKUP(AI17,'Tabela de Apoio'!$D:$E,2,FALSE),1)=1,"",AI27)
B27: =B26 -> 1 | C27: =C26 -> 1 | D27: =D26 -> 1 | H27: =COUNT($P27:$XX27) -> 3 | I27: =_xlfn.STDEV.P($P26:$XX27)/AVERAGE($P26:$XX27) -> 0.20027495 | J27: =IF(AND(H27>2, OR(L15="MÉDIA SANEADA",L15="MEDIANA SANEADA", AND(L15="PREÇO ESTIMADO",NOT(AND(P17="Orçamento",COUNTA(P15:XX15)=COUNTIF(P17:XX17,"Orçamento")))))), ROW(),0) -> 27 | L27: PRIMEIRO QUARTIL | M27: =IFERROR(_xlfn.QUARTILE.EXC($P21:$XX21,1),"") -> 22991.956 | O27: ="3 RODADA" -> 3 RODADA | P27: =IF(P25="","",IF((_xlfn.STDEV.P($P24:$XX25)/AVERAGE($P24:$XX25))<=25%,P25,IF(OR(P25>(AVERAGE($P24:$XX25)+_xlfn.STDEV.P($P24:$XX25)),P25<(AVERAGE($P24:$XX25)-_xlfn.STDEV.P($P24:$XX25))),"DESCARTADO",P25))) -> DESCARTADO | Q27: =IF(Q25="","",IF((_xlfn.STDEV.P($P24:$XX25)/AVERAGE($P24:$XX25))<=25%,Q25,IF(OR(Q25>(AVERAGE($P24:$XX25)+_xlfn.STDEV.P($P24:$XX25)),Q25<(AVERAGE($P24:$XX25)-_xlfn.STDEV.P($P24:$XX25))),"DESCARTADO",Q25))) -> 22590.301 | R27: =IF(R25="","",IF((_xlfn.STDEV.P($P24:$XX25)/AVERAGE($P24:$XX25))<=25%,R25,IF(OR(R25>(AVERAGE($P24:$XX25)+_xlfn.STDEV.P($P24:$XX25)),R25<(AVERAGE($P24:$XX25)-_xlfn.STDEV.P($P24:$XX25))),"DESCARTADO",R25))) -> 34874.142 | S27: =IF(S25="","",IF((_xlfn.STDEV.P($P24:$XX25)/AVERAGE($P24:$XX25))<=25%,S25,IF(OR(S25>(AVERAGE($P24:$XX25)+_xlfn.STDEV.P($P24:$XX25)),S25<(AVERAGE($P24:$XX25)-_xlfn.STDEV.P($P24:$XX25))),"DESCARTADO",S25))) -> 24196.921 | T27: =IF(T25="","",IF((_xlfn.STDEV.P($P24:$XX25)/AVERAGE($P24:$XX25))<=25%,T25,IF(OR(T25>(AVERAGE($P24:$XX25)+_xlfn.STDEV.P($P24:$XX25)),T25<(AVERAGE($P24:$XX25)-_xlfn.STDEV.P($P24:$XX25))),"DESCARTADO",T25))) | U27: =IF(U25="","",IF((_xlfn.STDEV.P($P24:$XX25)/AVERAGE($P24:$XX25))<=25%,U25,IF(OR(U25>(AVERAGE($P24:$XX25)+_xlfn.STDEV.P($P24:$XX25)),U25<(AVERAGE($P24:$XX25)-_xlfn.STDEV.P($P24:$XX25))),"DESCARTADO",U25))) | V27: =IF(V25="","",IF((_xlfn.STDEV.P($P24:$XX25)/AVERAGE($P24:$XX25))<=25%,V25,IF(OR(V25>(AVERAGE($P24:$XX25)+_xlfn.STDEV.P($P24:$XX25)),V25<(AVERAGE($P24:$XX25)-_xlfn.STDEV.P($P24:$XX25))),"DESCARTADO",V25))) | W27: =IF(W25="","",IF((_xlfn.STDEV.P($P24:$XX25)/AVERAGE($P24:$XX25))<=25%,W25,IF(OR(W25>(AVERAGE($P24:$XX25)+_xlfn.STDEV.P($P24:$XX25)),W25<(AVERAGE($P24:$XX25)-_xlfn.STDEV.P($P24:$XX25))),"DESCARTADO",W25))) | ... AI27: =IF(AI25="","",IF((_xlfn.STDEV.P($P24:$XX25)/AVERAGE($P24:$XX25))<=25%,AI25,IF(OR(AI25>(AVERAGE($P24:$XX25)+_xlfn.STDEV.P($P24:$XX25)),AI25<(AVERAGE($P24:$XX25)-_xlfn.STDEV.P($P24:$XX25))),"DESCARTADO",AI25)))
B28: =B27 -> 1 | C28: =C27 -> 1 | D28: =D27 -> 1 | L28: TERCEIRO QUARTIL | M28: =IFERROR(_xlfn.QUARTILE.EXC($P21:$XX21,3),"") -> 46247.388 | O28: ="4 POND" -> 4 POND | P28: =IF(IFERROR(VLOOKUP(P17,'Tabela de Apoio'!$D:$E,2,FALSE),1)=1,"",P29) -> DESCARTADO | Q28: =IF(IFERROR(VLOOKUP(Q17,'Tabela de Apoio'!$D:$E,2,FALSE),1)=1,"",Q29) -> 22590.301 | R28: =IF(IFERROR(VLOOKUP(R17,'Tabela de Apoio'!$D:$E,2,FALSE),1)=1,"",R29) -> 34874.142 | S28: =IF(IFERROR(VLOOKUP(S17,'Tabela de Apoio'!$D:$E,2,FALSE),1)=1,"",S29) -> 24196.921 | T28: =IF(IFERROR(VLOOKUP(T17,'Tabela de Apoio'!$D:$E,2,FALSE),1)=1,"",T29) | U28: =IF(IFERROR(VLOOKUP(U17,'Tabela de Apoio'!$D:$E,2,FALSE),1)=1,"",U29) | V28: =IF(IFERROR(VLOOKUP(V17,'Tabela de Apoio'!$D:$E,2,FALSE),1)=1,"",V29) | W28: =IF(IFERROR(VLOOKUP(W17,'Tabela de Apoio'!$D:$E,2,FALSE),1)=1,"",W29) | ... AI28: =IF(IFERROR(VLOOKUP(AI17,'Tabela de Apoio'!$D:$E,2,FALSE),1)=1,"",AI29)
B29: =B28 -> 1 | C29: =C28 -> 1 | D29: =D28 -> 1 | H29: =COUNT($P29:$XX29) -> 3 | I29: =_xlfn.STDEV.P($P28:$XX29)/AVERAGE($P28:$XX29) -> 0.20027495 | J29: =IF(AND(H29>2, OR(L15="MÉDIA SANEADA",L15="MEDIANA SANEADA", AND(L15="PREÇO ESTIMADO",NOT(AND(P17="Orçamento",COUNTA(P15:XX15)=COUNTIF(P17:XX17,"Orçamento")))))), ROW(),0) -> 29 | L29: MENOR VALOR | M29: =MIN($P21:$XX21) -> 22590.301 | O29: ="4 RODADA" -> 4 RODADA | P29: =IF(P27="","",IF((_xlfn.STDEV.P($P26:$XX27)/AVERAGE($P26:$XX27))<=25%,P27,IF(OR(P27>(AVERAGE($P26:$XX27)+_xlfn.STDEV.P($P26:$XX27)),P27<(AVERAGE($P26:$XX27)-_xlfn.STDEV.P($P26:$XX27))),"DESCARTADO",P27))) -> DESCARTADO | Q29: =IF(Q27="","",IF((_xlfn.STDEV.P($P26:$XX27)/AVERAGE($P26:$XX27))<=25%,Q27,IF(OR(Q27>(AVERAGE($P26:$XX27)+_xlfn.STDEV.P($P26:$XX27)),Q27<(AVERAGE($P26:$XX27)-_xlfn.STDEV.P($P26:$XX27))),"DESCARTADO",Q27))) -> 22590.301 | R29: =IF(R27="","",IF((_xlfn.STDEV.P($P26:$XX27)/AVERAGE($P26:$XX27))<=25%,R27,IF(OR(R27>(AVERAGE($P26:$XX27)+_xlfn.STDEV.P($P26:$XX27)),R27<(AVERAGE($P26:$XX27)-_xlfn.STDEV.P($P26:$XX27))),"DESCARTADO",R27))) -> 34874.142 | S29: =IF(S27="","",IF((_xlfn.STDEV.P($P26:$XX27)/AVERAGE($P26:$XX27))<=25%,S27,IF(OR(S27>(AVERAGE($P26:$XX27)+_xlfn.STDEV.P($P26:$XX27)),S27<(AVERAGE($P26:$XX27)-_xlfn.STDEV.P($P26:$XX27))),"DESCARTADO",S27))) -> 24196.921 | T29: =IF(T27="","",IF((_xlfn.STDEV.P($P26:$XX27)/AVERAGE($P26:$XX27))<=25%,T27,IF(OR(T27>(AVERAGE($P26:$XX27)+_xlfn.STDEV.P($P26:$XX27)),T27<(AVERAGE($P26:$XX27)-_xlfn.STDEV.P($P26:$XX27))),"DESCARTADO",T27))) | U29: =IF(U27="","",IF((_xlfn.STDEV.P($P26:$XX27)/AVERAGE($P26:$XX27))<=25%,U27,IF(OR(U27>(AVERAGE($P26:$XX27)+_xlfn.STDEV.P($P26:$XX27)),U27<(AVERAGE($P26:$XX27)-_xlfn.STDEV.P($P26:$XX27))),"DESCARTADO",U27))) | V29: =IF(V27="","",IF((_xlfn.STDEV.P($P26:$XX27)/AVERAGE($P26:$XX27))<=25%,V27,IF(OR(V27>(AVERAGE($P26:$XX27)+_xlfn.STDEV.P($P26:$XX27)),V27<(AVERAGE($P26:$XX27)-_xlfn.STDEV.P($P26:$XX27))),"DESCARTADO",V27))) | W29: =IF(W27="","",IF((_xlfn.STDEV.P($P26:$XX27)/AVERAGE($P26:$XX27))<=25%,W27,IF(OR(W27>(AVERAGE($P26:$XX27)+_xlfn.STDEV.P($P26:$XX27)),W27<(AVERAGE($P26:$XX27)-_xlfn.STDEV.P($P26:$XX27))),"DESCARTADO",W27))) | ... AI29: =IF(AI27="","",IF((_xlfn.STDEV.P($P26:$XX27)/AVERAGE($P26:$XX27))<=25%,AI27,IF(OR(AI27>(AVERAGE($P26:$XX27)+_xlfn.STDEV.P($P26:$XX27)),AI27<(AVERAGE($P26:$XX27)-_xlfn.STDEV.P($P26:$XX27))),"DESCARTADO",AI27)))
B30: =B29 -> 1 | C30: =C29 -> 1 | D30: =D29 -> 1 | L30: MAIOR VALOR | M30: =MAX($P21:$XX21) -> 50038.47 | O30: ="5 POND" -> 5 POND | P30: =IF(IFERROR(VLOOKUP(P17,'Tabela de Apoio'!$D:$E,2,FALSE),1)=1,"",P31) -> DESCARTADO | Q30: =IF(IFERROR(VLOOKUP(Q17,'Tabela de Apoio'!$D:$E,2,FALSE),1)=1,"",Q31) -> 22590.301 | R30: =IF(IFERROR(VLOOKUP(R17,'Tabela de Apoio'!$D:$E,2,FALSE),1)=1,"",R31) -> 34874.142 | S30: =IF(IFERROR(VLOOKUP(S17,'Tabela de Apoio'!$D:$E,2,FALSE),1)=1,"",S31) -> 24196.921 | T30: =IF(IFERROR(VLOOKUP(T17,'Tabela de Apoio'!$D:$E,2,FALSE),1)=1,"",T31) | U30: =IF(IFERROR(VLOOKUP(U17,'Tabela de Apoio'!$D:$E,2,FALSE),1)=1,"",U31) | V30: =IF(IFERROR(VLOOKUP(V17,'Tabela de Apoio'!$D:$E,2,FALSE),1)=1,"",V31) | W30: =IF(IFERROR(VLOOKUP(W17,'Tabela de Apoio'!$D:$E,2,FALSE),1)=1,"",W31) | ... AI30: =IF(IFERROR(VLOOKUP(AI17,'Tabela de Apoio'!$D:$E,2,FALSE),1)=1,"",AI31)
B31: =B30 -> 1 | C31: =C30 -> 1 | D31: =D30 -> 1 | H31: =COUNT($P31:$XX31) -> 3 | I31: =_xlfn.STDEV.P($P30:$XX31)/AVERAGE($P30:$XX31) -> 0.20027495 | J31: =IF(AND(H31>2, OR(L15="MÉDIA SANEADA",L15="MEDIANA SANEADA", AND(L15="PREÇO ESTIMADO",NOT(AND(P17="Orçamento",COUNTA(P15:XX15)=COUNTIF(P17:XX17,"Orçamento")))))), ROW(),0) -> 31 | O31: ="5 RODADA" -> 5 RODADA | P31: =IF(P29="","",IF((_xlfn.STDEV.P($P28:$XX29)/AVERAGE($P28:$XX29))<=25%,P29,IF(OR(P29>(AVERAGE($P28:$XX29)+_xlfn.STDEV.P($P28:$XX29)),P29<(AVERAGE($P28:$XX29)-_xlfn.STDEV.P($P28:$XX29))),"DESCARTADO",P29))) -> DESCARTADO | Q31: =IF(Q29="","",IF((_xlfn.STDEV.P($P28:$XX29)/AVERAGE($P28:$XX29))<=25%,Q29,IF(OR(Q29>(AVERAGE($P28:$XX29)+_xlfn.STDEV.P($P28:$XX29)),Q29<(AVERAGE($P28:$XX29)-_xlfn.STDEV.P($P28:$XX29))),"DESCARTADO",Q29))) -> 22590.301 | R31: =IF(R29="","",IF((_xlfn.STDEV.P($P28:$XX29)/AVERAGE($P28:$XX29))<=25%,R29,IF(OR(R29>(AVERAGE($P28:$XX29)+_xlfn.STDEV.P($P28:$XX29)),R29<(AVERAGE($P28:$XX29)-_xlfn.STDEV.P($P28:$XX29))),"DESCARTADO",R29))) -> 34874.142 | S31: =IF(S29="","",IF((_xlfn.STDEV.P($P28:$XX29)/AVERAGE($P28:$XX29))<=25%,S29,IF(OR(S29>(AVERAGE($P28:$XX29)+_xlfn.STDEV.P($P28:$XX29)),S29<(AVERAGE($P28:$XX29)-_xlfn.STDEV.P($P28:$XX29))),"DESCARTADO",S29))) -> 24196.921 | T31: =IF(T29="","",IF((_xlfn.STDEV.P($P28:$XX29)/AVERAGE($P28:$XX29))<=25%,T29,IF(OR(T29>(AVERAGE($P28:$XX29)+_xlfn.STDEV.P($P28:$XX29)),T29<(AVERAGE($P28:$XX29)-_xlfn.STDEV.P($P28:$XX29))),"DESCARTADO",T29))) | U31: =IF(U29="","",IF((_xlfn.STDEV.P($P28:$XX29)/AVERAGE($P28:$XX29))<=25%,U29,IF(OR(U29>(AVERAGE($P28:$XX29)+_xlfn.STDEV.P($P28:$XX29)),U29<(AVERAGE($P28:$XX29)-_xlfn.STDEV.P($P28:$XX29))),"DESCARTADO",U29))) | V31: =IF(V29="","",IF((_xlfn.STDEV.P($P28:$XX29)/AVERAGE($P28:$XX29))<=25%,V29,IF(OR(V29>(AVERAGE($P28:$XX29)+_xlfn.STDEV.P($P28:$XX29)),V29<(AVERAGE($P28:$XX29)-_xlfn.STDEV.P($P28:$XX29))),"DESCARTADO",V29))) | W31: =IF(W29="","",IF((_xlfn.STDEV.P($P28:$XX29)/AVERAGE($P28:$XX29))<=25%,W29,IF(OR(W29>(AVERAGE($P28:$XX29)+_xlfn.STDEV.P($P28:$XX29)),W29<(AVERAGE($P28:$XX29)-_xlfn.STDEV.P($P28:$XX29))),"DESCARTADO",W29))) | ... AI31: =IF(AI29="","",IF((_xlfn.STDEV.P($P28:$XX29)/AVERAGE($P28:$XX29))<=25%,AI29,IF(OR(AI29>(AVERAGE($P28:$XX29)+_xlfn.STDEV.P($P28:$XX29)),AI29<(AVERAGE($P28:$XX29)-_xlfn.STDEV.P($P28:$XX29))),"DESCARTADO",AI29)))
B32: =B31 -> 1 | C32: =C31 -> 1 | D32: =D31 -> 1 | O32: ="6 POND" -> 6 POND | P32: =IF(IFERROR(VLOOKUP(P17,'Tabela de Apoio'!$D:$E,2,FALSE),1)=1,"",P33) -> DESCARTADO | Q32: =IF(IFERROR(VLOOKUP(Q17,'Tabela de Apoio'!$D:$E,2,FALSE),1)=1,"",Q33) -> 22590.301 | R32: =IF(IFERROR(VLOOKUP(R17,'Tabela de Apoio'!$D:$E,2,FALSE),1)=1,"",R33) -> 34874.142 | S32: =IF(IFERROR(VLOOKUP(S17,'Tabela de Apoio'!$D:$E,2,FALSE),1)=1,"",S33) -> 24196.921 | T32: =IF(IFERROR(VLOOKUP(T17,'Tabela de Apoio'!$D:$E,2,FALSE),1)=1,"",T33) | U32: =IF(IFERROR(VLOOKUP(U17,'Tabela de Apoio'!$D:$E,2,FALSE),1)=1,"",U33) | V32: =IF(IFERROR(VLOOKUP(V17,'Tabela de Apoio'!$D:$E,2,FALSE),1)=1,"",V33) | W32: =IF(IFERROR(VLOOKUP(W17,'Tabela de Apoio'!$D:$E,2,FALSE),1)=1,"",W33) | ... AI32: =IF(IFERROR(VLOOKUP(AI17,'Tabela de Apoio'!$D:$E,2,FALSE),1)=1,"",AI33)
B33: =B32 -> 1 | C33: =C32 -> 1 | D33: =D32 -> 1 | H33: =COUNT($P33:$XX33) -> 3 | I33: =_xlfn.STDEV.P($P32:$XX33)/AVERAGE($P32:$XX33) -> 0.20027495 | J33: =IF(AND(H33>2, OR(L15="MÉDIA SANEADA",L15="MEDIANA SANEADA", AND(L15="PREÇO ESTIMADO",NOT(AND(P17="Orçamento",COUNTA(P15:XX15)=COUNTIF(P17:XX17,"Orçamento")))))), ROW(),0) -> 33 | O33: ="6 RODADA" -> 6 RODADA | P33: =IFERROR(IF(P31="","",IF((_xlfn.STDEV.P($P30:$XX31)/AVERAGE($P30:$XX31))<=25%,P31,IF(OR(P31>(AVERAGE($P30:$XX31)+_xlfn.STDEV.P($P30:$XX31)),P31<(AVERAGE($P30:$XX31)-_xlfn.STDEV.P($P30:$XX31))),"DESCARTADO",P31))),) -> DESCARTADO | Q33: =IFERROR(IF(Q31="","",IF((_xlfn.STDEV.P($P30:$XX31)/AVERAGE($P30:$XX31))<=25%,Q31,IF(OR(Q31>(AVERAGE($P30:$XX31)+_xlfn.STDEV.P($P30:$XX31)),Q31<(AVERAGE($P30:$XX31)-_xlfn.STDEV.P($P30:$XX31))),"DESCARTADO",Q31))),) -> 22590.301 | R33: =IFERROR(IF(R31="","",IF((_xlfn.STDEV.P($P30:$XX31)/AVERAGE($P30:$XX31))<=25%,R31,IF(OR(R31>(AVERAGE($P30:$XX31)+_xlfn.STDEV.P($P30:$XX31)),R31<(AVERAGE($P30:$XX31)-_xlfn.STDEV.P($P30:$XX31))),"DESCARTADO",R31))),) -> 34874.142 | S33: =IFERROR(IF(S31="","",IF((_xlfn.STDEV.P($P30:$XX31)/AVERAGE($P30:$XX31))<=25%,S31,IF(OR(S31>(AVERAGE($P30:$XX31)+_xlfn.STDEV.P($P30:$XX31)),S31<(AVERAGE($P30:$XX31)-_xlfn.STDEV.P($P30:$XX31))),"DESCARTADO",S31))),) -> 24196.921 | T33: =IFERROR(IF(T31="","",IF((_xlfn.STDEV.P($P30:$XX31)/AVERAGE($P30:$XX31))<=25%,T31,IF(OR(T31>(AVERAGE($P30:$XX31)+_xlfn.STDEV.P($P30:$XX31)),T31<(AVERAGE($P30:$XX31)-_xlfn.STDEV.P($P30:$XX31))),"DESCARTADO",T31))),) | U33: =IFERROR(IF(U31="","",IF((_xlfn.STDEV.P($P30:$XX31)/AVERAGE($P30:$XX31))<=25%,U31,IF(OR(U31>(AVERAGE($P30:$XX31)+_xlfn.STDEV.P($P30:$XX31)),U31<(AVERAGE($P30:$XX31)-_xlfn.STDEV.P($P30:$XX31))),"DESCARTADO",U31))),) | V33: =IFERROR(IF(V31="","",IF((_xlfn.STDEV.P($P30:$XX31)/AVERAGE($P30:$XX31))<=25%,V31,IF(OR(V31>(AVERAGE($P30:$XX31)+_xlfn.STDEV.P($P30:$XX31)),V31<(AVERAGE($P30:$XX31)-_xlfn.STDEV.P($P30:$XX31))),"DESCARTADO",V31))),) | W33: =IFERROR(IF(W31="","",IF((_xlfn.STDEV.P($P30:$XX31)/AVERAGE($P30:$XX31))<=25%,W31,IF(OR(W31>(AVERAGE($P30:$XX31)+_xlfn.STDEV.P($P30:$XX31)),W31<(AVERAGE($P30:$XX31)-_xlfn.STDEV.P($P30:$XX31))),"DESCARTADO",W31))),) | ... AI33: =IFERROR(IF(AI31="","",IF((_xlfn.STDEV.P($P30:$XX31)/AVERAGE($P30:$XX31))<=25%,AI31,IF(OR(AI31>(AVERAGE($P30:$XX31)+_xlfn.STDEV.P($P30:$XX31)),AI31<(AVERAGE($P30:$XX31)-_xlfn.STDEV.P($P30:$XX31))),"DESCARTADO",AI31))),)
B34: =B33 -> 1 | C34: =C33 -> 1 | D34: =D33 -> 1 | L34: TOTAL ITEM | M34: =IFERROR(ROUND(M15*M17,2),"") -> 0 | O34: CONSIDERADO | P34: =INDEX(P21:P33,MATCH(MAX($J21:$J33),$J21:$J33,0)) -> DESCARTADO | Q34: =INDEX(Q21:Q33,MATCH(MAX($J21:$J33),$J21:$J33,0)) -> 22590.301 | R34: =INDEX(R21:R33,MATCH(MAX($J21:$J33),$J21:$J33,0)) -> 34874.142 | S34: =INDEX(S21:S33,MATCH(MAX($J21:$J33),$J21:$J33,0)) -> 24196.921 | T34: =INDEX(T21:T33,MATCH(MAX($J21:$J33),$J21:$J33,0)) | U34: =INDEX(U21:U33,MATCH(MAX($J21:$J33),$J21:$J33,0)) | V34: =INDEX(V21:V33,MATCH(MAX($J21:$J33),$J21:$J33,0)) | W34: =INDEX(W21:W33,MATCH(MAX($J21:$J33),$J21:$J33,0)) | ... AI34: =INDEX(AI21:AI33,MATCH(MAX($J21:$J33),$J21:$J33,0))
B36: =LARGE(IFERROR(IF(B34+1>$H$8,"",B34+1),""),1) -> 2 | C36: =IF(_xlfn.ISFORMULA(E40),MAX(INDEX('BASE FORMAÇÃO'!A:A,B36+1),1),E40) -> 1 | D36: =IFERROR(IF(C36=C26,D26+1,1),1) -> 2 | E36: ITEM | G36: GMAT | H36: =INDEX('BASE FORMAÇÃO'!B:B,B36+1) -> 0 | I36: CATMAT | J36: =INDEX('BASE FORMAÇÃO'!K:K,B36+1) -> 0 | L36: PREÇO ESTIMADO | M36: =IF(OR(ISBLANK($O$8),ISBLANK($O$7),ISBLANK($H$8),ISBLANK($O$6),ISBLANK($O$5),ISBLANK($H$5)),"",IFERROR(IF(VLOOKUP(L36,L42:M51,2,FALSE)<1,ROUND(VLOOKUP(L36,L42:M51,2,FALSE),4),ROUND(VLOOKUP(L36,L42:M51,2,FALSE),2)),"")) -> 24150.58 | O36: ORIGINAL | P36: 20000 | Q36: 23105 | R36: 28500
B37: =B36 -> 2 | C37: =C36 -> 1 | D37: =D36 -> 2 | E37: =D36 -> 2 | G37: DESCRIÇÃO | H37: Esteira de separação de resíduos tamanho mínimo 10500 mm | O37: DATA | P37: 45758 | Q37: 45733 | R37: 45618
B38: =B37 -> 2 | C38: =C37 -> 1 | D38: =D37 -> 2 | L38: QUANTIDADE | M38: =INDEX('BASE FORMAÇÃO'!H:H,B40+1) -> 0 | O38: PARÂMETRO | P38: Contratação pública | Q38: Contratação pública | R38: Contratação pública
B39: =B38 -> 2 | C39: =C38 -> 1 | D39: =D38 -> 2 | E39: LOTE | L39: UNIDADE | M39: =INDEX('BASE FORMAÇÃO'!D:D,B40+1) -> 0 | O39: FONTE/LINK | P39: www.precoestimado.com.br | Q39: www.precoestimado.com.br | R39: www.precoestimado.com.br
B40: =B38 -> 2 | C40: =C38 -> 1 | D40: =D39 -> 2 | E40: =C36 -> 1 | G40: OBSERVAÇÕES | L40: COEF. VAR. | M40: =IFERROR(INDEX(I42:I54,MATCH(MAX(J42:J54),J42:J54,0)),"") -> 0.1609384 | O40: ATUALIZADO | P40: =IF(P36="","", IF(OR(P38="Orçamento",P37="",MAX('Tabela de Apoio'!$A:$A)<=P37), P36, (INDEX('Tabela de Apoio'!$B:$B,MATCH('MAPA DE PREÇOS'!$O$8,'Tabela de Apoio'!$A:$A,1))/INDEX('Tabela de Apoio'!$B:$B,MATCH('MAPA DE PREÇOS'!P37,'Tabela de Apoio'!$A:$A,1)-1))*P36)) -> 20000 | Q40: =IF(Q36="","", IF(OR(Q38="Orçamento",Q37="",MAX('Tabela de Apoio'!$A:$A)<=Q37), Q36, (INDEX('Tabela de Apoio'!$B:$B,MATCH('MAPA DE PREÇOS'!$O$8,'Tabela de Apoio'!$A:$A,1))/INDEX('Tabela de Apoio'!$B:$B,MATCH('MAPA DE PREÇOS'!Q37,'Tabela de Apoio'!$A:$A,1)-1))*Q36)) -> 23105 | R40: =IF(R36="","", IF(OR(R38="Orçamento",R37="",MAX('Tabela de Apoio'!$A:$A)<=R37), R36, (INDEX('Tabela de Apoio'!$B:$B,MATCH('MAPA DE PREÇOS'!$O$8,'Tabela de Apoio'!$A:$A,1))/INDEX('Tabela de Apoio'!$B:$B,MATCH('MAPA DE PREÇOS'!R37,'Tabela de Apoio'!$A:$A,1)-1))*R36)) -> 29346.738 | S40: =IF(S36="","", IF(OR(S38="Orçamento",S37="",MAX('Tabela de Apoio'!$A:$A)<=S37), S36, (INDEX('Tabela de Apoio'!$B:$B,MATCH('MAPA DE PREÇOS'!$O$8,'Tabela de Apoio'!$A:$A,1))/INDEX('Tabela de Apoio'!$B:$B,MATCH('MAPA DE PREÇOS'!S37,'Tabela de Apoio'!$A:$A,1)-1))*S36)) | T40: =IF(T36="","", IF(OR(T38="Orçamento",T37="",MAX('Tabela de Apoio'!$A:$A)<=T37), T36, (INDEX('Tabela de Apoio'!$B:$B,MATCH('MAPA DE PREÇOS'!$O$8,'Tabela de Apoio'!$A:$A,1))/INDEX('Tabela de Apoio'!$B:$B,MATCH('MAPA DE PREÇOS'!T37,'Tabela de Apoio'!$A:$A,1)-1))*T36)) | U40: =IF(U36="","", IF(OR(U38="Orçamento",U37="",MAX('Tabela de Apoio'!$A:$A)<=U37), U36, (INDEX('Tabela de Apoio'!$B:$B,MATCH('MAPA DE PREÇOS'!$O$8,'Tabela de Apoio'!$A:$A,1))/INDEX('Tabela de Apoio'!$B:$B,MATCH('MAPA DE PREÇOS'!U37,'Tabela de Apoio'!$A:$A,1)-1))*U36)) | V40: =IF(V36="","", IF(OR(V38="Orçamento",V37="",MAX('Tabela de Apoio'!$A:$A)<=V37), V36, (INDEX('Tabela de Apoio'!$B:$B,MATCH('MAPA DE PREÇOS'!$O$8,'Tabela de Apoio'!$A:$A,1))/INDEX('Tabela de Apoio'!$B:$B,MATCH('MAPA DE PREÇOS'!V37,'Tabela de Apoio'!$A:$A,1)-1))*V36)) | W40: =IF(W36="","", IF(OR(W38="Orçamento",W37="",MAX('Tabela de Apoio'!$A:$A)<=W37), W36, (INDEX('Tabela de Apoio'!$B:$B,MATCH('MAPA DE PREÇOS'!$O$8,'Tabela de Apoio'!$A:$A,1))/INDEX('Tabela de Apoio'!$B:$B,MATCH('MAPA DE PREÇOS'!W37,'Tabela de Apoio'!$A:$A,1)-1))*W36)) | ... AI40: =IF(AI36="","", IF(OR(AI38="Orçamento",AI37="",MAX('Tabela de Apoio'!$A:$A)<=AI37), AI36, (INDEX('Tabela de Apoio'!$B:$B,MATCH('MAPA DE PREÇOS'!$O$8,'Tabela de Apoio'!$A:$A,1))/INDEX('Tabela de Apoio'!$B:$B,MATCH('MAPA DE PREÇOS'!AI37,'Tabela de Apoio'!$A:$A,1)-1))*AI36))
B41: =B40 -> 2 | C41: =C40 -> 1 | D41: =D40 -> 2 | O41: P D CAIXAS | P41: =IF(IFERROR(VLOOKUP(P38,'Tabela de Apoio'!$D:$E,2,FALSE),1)=1,"",P42) -> 20000 | Q41: =IF(IFERROR(VLOOKUP(Q38,'Tabela de Apoio'!$D:$E,2,FALSE),1)=1,"",Q42) -> 23105 | R41: =IF(IFERROR(VLOOKUP(R38,'Tabela de Apoio'!$D:$E,2,FALSE),1)=1,"",R42) -> 29346.738 | S41: =IF(IFERROR(VLOOKUP(S38,'Tabela de Apoio'!$D:$E,2,FALSE),1)=1,"",S42) | T41: =IF(IFERROR(VLOOKUP(T38,'Tabela de Apoio'!$D:$E,2,FALSE),1)=1,"",T42) | U41: =IF(IFERROR(VLOOKUP(U38,'Tabela de Apoio'!$D:$E,2,FALSE),1)=1,"",U42) | V41: =IF(IFERROR(VLOOKUP(V38,'Tabela de Apoio'!$D:$E,2,FALSE),1)=1,"",V42) | W41: =IF(IFERROR(VLOOKUP(W38,'Tabela de Apoio'!$D:$E,2,FALSE),1)=1,"",W42) | ... AI41: =IF(IFERROR(VLOOKUP(AI38,'Tabela de Apoio'!$D:$E,2,FALSE),1)=1,"",AI42)
B42: =B41 -> 2 | C42: =C41 -> 1 | D42: =D41 -> 2 | H42: =COUNT($P42:$XX42) -> 3 | I42: =_xlfn.STDEV.P($P41:$XX42)/AVERAGE($P41:$XX42) -> 0.1609384 | J42: =ROW() -> 42 | L42: PREÇO ESTIMADO | M42: =IFERROR( IF(COUNTA(P36:AI36)=COUNTIF(P38:XX38,"Orçamento"),MIN(M47,M44), IF(M45<>"",M45, IF(M46<>"",M46, M44 ))),"") -> 24150.579 | O42: D CAIXAS | P42: =IFERROR(IF(P40="", "", IF(COUNT($P40:$XX40)<=4, P40, IF(OR(P40>(QUARTILE($P40:$XX40,3)+(QUARTILE($P40:$XX40,3)-QUARTILE($P40:$XX40,1))), P40<(QUARTILE($P40:$XX40,1)-(QUARTILE($P40:$XX40,3)-QUARTILE($P40:$XX40,1))) ), "DESCARTADO",P40) ) ),P40) -> 20000 | Q42: =IFERROR(IF(Q40="", "", IF(COUNT($P40:$XX40)<=4, Q40, IF(OR(Q40>(QUARTILE($P40:$XX40,3)+(QUARTILE($P40:$XX40,3)-QUARTILE($P40:$XX40,1))), Q40<(QUARTILE($P40:$XX40,1)-(QUARTILE($P40:$XX40,3)-QUARTILE($P40:$XX40,1))) ), "DESCARTADO",Q40) ) ),Q40) -> 23105 | R42: =IFERROR(IF(R40="", "", IF(COUNT($P40:$XX40)<=4, R40, IF(OR(R40>(QUARTILE($P40:$XX40,3)+(QUARTILE($P40:$XX40,3)-QUARTILE($P40:$XX40,1))), R40<(QUARTILE($P40:$XX40,1)-(QUARTILE($P40:$XX40,3)-QUARTILE($P40:$XX40,1))) ), "DESCARTADO",R40) ) ),R40) -> 29346.738 | S42: =IFERROR(IF(S40="", "", IF(COUNT($P40:$XX40)<=4, S40, IF(OR(S40>(QUARTILE($P40:$XX40,3)+(QUARTILE($P40:$XX40,3)-QUARTILE($P40:$XX40,1))), S40<(QUARTILE($P40:$XX40,1)-(QUARTILE($P40:$XX40,3)-QUARTILE($P40:$XX40,1))) ), "DESCARTADO",S40) ) ),S40) | T42: =IFERROR(IF(T40="", "", IF(COUNT($P40:$XX40)<=4, T40, IF(OR(T40>(QUARTILE($P40:$XX40,3)+(QUARTILE($P40:$XX40,3)-QUARTILE($P40:$XX40,1))), T40<(QUARTILE($P40:$XX40,1)-(QUARTILE($P40:$XX40,3)-QUARTILE($P40:$XX40,1))) ), "DESCARTADO",T40) ) ),T40) | U42: =IFERROR(IF(U40="", "", IF(COUNT($P40:$XX40)<=4, U40, IF(OR(U40>(QUARTILE($P40:$XX40,3)+(QUARTILE($P40:$XX40,3)-QUARTILE($P40:$XX40,1))), U40<(QUARTILE($P40:$XX40,1)-(QUARTILE($P40:$XX40,3)-QUARTILE($P40:$XX40,1))) ), "DESCARTADO",U40) ) ),U40) | V42: =IFERROR(IF(V40="", "", IF(COUNT($P40:$XX40)<=4, V40, IF(OR(V40>(QUARTILE($P40:$XX40,3)+(QUARTILE($P40:$XX40,3)-QUARTILE($P40:$XX40,1))), V40<(QUARTILE($P40:$XX40,1)-(QUARTILE($P40:$XX40,3)-QUARTILE($P40:$XX40,1))) ), "DESCARTADO",V40) ) ),V40) | W42: =IFERROR(IF(W40="", "", IF(COUNT($P40:$XX40)<=4, W40, IF(OR(W40>(QUARTILE($P40:$XX40,3)+(QUARTILE($P40:$XX40,3)-QUARTILE($P40:$XX40,1))), W40<(QUARTILE($P40:$XX40,1)-(QUARTILE($P40:$XX40,3)-QUARTILE($P40:$XX40,1))) ), "DESCARTADO",W40) ) ),W40) | ... AI42: =IFERROR(IF(AI40="", "", IF(COUNT($P40:$XX40)<=4, AI40, IF(OR(AI40>(QUARTILE($P40:$XX40,3)+(QUARTILE($P40:$XX40,3)-QUARTILE($P40:$XX40,1))), AI40<(QUARTILE($P40:$XX40,1)-(QUARTILE($P40:$XX40,3)-QUARTILE($P40:$XX40,1))) ), "DESCARTADO",AI40) ) ),AI40)
B43: =B42 -> 2 | C43: =C42 -> 1 | D43: =D42 -> 2 | L43: MÉDIA | M43: =AVERAGE($P42:$XX42) -> 24150.579 | O43: ="1 POND" -> 1 POND | P43: =IF(IFERROR(VLOOKUP(P38,'Tabela de Apoio'!$D:$E,2,FALSE),1)=1,"",P44) -> 20000 | Q43: =IF(IFERROR(VLOOKUP(Q38,'Tabela de Apoio'!$D:$E,2,FALSE),1)=1,"",Q44) -> 23105 | R43: =IF(IFERROR(VLOOKUP(R38,'Tabela de Apoio'!$D:$E,2,FALSE),1)=1,"",R44) -> 29346.738 | S43: =IF(IFERROR(VLOOKUP(S38,'Tabela de Apoio'!$D:$E,2,FALSE),1)=1,"",S44) | T43: =IF(IFERROR(VLOOKUP(T38,'Tabela de Apoio'!$D:$E,2,FALSE),1)=1,"",T44) | U43: =IF(IFERROR(VLOOKUP(U38,'Tabela de Apoio'!$D:$E,2,FALSE),1)=1,"",U44) | V43: =IF(IFERROR(VLOOKUP(V38,'Tabela de Apoio'!$D:$E,2,FALSE),1)=1,"",V44) | W43: =IF(IFERROR(VLOOKUP(W38,'Tabela de Apoio'!$D:$E,2,FALSE),1)=1,"",W44) | ... AI43: =IF(IFERROR(VLOOKUP(AI38,'Tabela de Apoio'!$D:$E,2,FALSE),1)=1,"",AI44)
B44: =B43 -> 2 | C44: =C43 -> 1 | D44: =D43 -> 2 | H44: =COUNT($P44:$XX44) -> 3 | I44: =_xlfn.STDEV.P($P43:$XX44)/AVERAGE($P43:$XX44) -> 0.1609384 | J44: =IF(AND(H44>2, OR(L36="MÉDIA SANEADA",L36="MEDIANA SANEADA", AND(L36="PREÇO ESTIMADO",NOT(AND(P38="Orçamento",COUNTA(P36:XX36)=COUNTIF(P38:XX38,"Orçamento")))))), ROW(),0) -> 44 | L44: MEDIANA | M44: =MEDIAN($P42:$XX42) -> 23105 | O44: ="1 RODADA" -> 1 RODADA | P44: =IF(P42="","",IF((_xlfn.STDEV.P($P41:$XX42)/AVERAGE($P41:$XX42))<=25%,P42,IF(OR(P42>(AVERAGE($P41:$XX42)+_xlfn.STDEV.P($P41:$XX42)),P42<(AVERAGE($P41:$XX42)-_xlfn.STDEV.P($P41:$XX42))),"DESCARTADO",P42))) -> 20000 | Q44: =IF(Q42="","",IF((_xlfn.STDEV.P($P41:$XX42)/AVERAGE($P41:$XX42))<=25%,Q42,IF(OR(Q42>(AVERAGE($P41:$XX42)+_xlfn.STDEV.P($P41:$XX42)),Q42<(AVERAGE($P41:$XX42)-_xlfn.STDEV.P($P41:$XX42))),"DESCARTADO",Q42))) -> 23105 | R44: =IF(R42="","",IF((_xlfn.STDEV.P($P41:$XX42)/AVERAGE($P41:$XX42))<=25%,R42,IF(OR(R42>(AVERAGE($P41:$XX42)+_xlfn.STDEV.P($P41:$XX42)),R42<(AVERAGE($P41:$XX42)-_xlfn.STDEV.P($P41:$XX42))),"DESCARTADO",R42))) -> 29346.738 | S44: =IF(S42="","",IF((_xlfn.STDEV.P($P41:$XX42)/AVERAGE($P41:$XX42))<=25%,S42,IF(OR(S42>(AVERAGE($P41:$XX42)+_xlfn.STDEV.P($P41:$XX42)),S42<(AVERAGE($P41:$XX42)-_xlfn.STDEV.P($P41:$XX42))),"DESCARTADO",S42))) | T44: =IF(T42="","",IF((_xlfn.STDEV.P($P41:$XX42)/AVERAGE($P41:$XX42))<=25%,T42,IF(OR(T42>(AVERAGE($P41:$XX42)+_xlfn.STDEV.P($P41:$XX42)),T42<(AVERAGE($P41:$XX42)-_xlfn.STDEV.P($P41:$XX42))),"DESCARTADO",T42))) | U44: =IF(U42="","",IF((_xlfn.STDEV.P($P41:$XX42)/AVERAGE($P41:$XX42))<=25%,U42,IF(OR(U42>(AVERAGE($P41:$XX42)+_xlfn.STDEV.P($P41:$XX42)),U42<(AVERAGE($P41:$XX42)-_xlfn.STDEV.P($P41:$XX42))),"DESCARTADO",U42))) | V44: =IF(V42="","",IF((_xlfn.STDEV.P($P41:$XX42)/AVERAGE($P41:$XX42))<=25%,V42,IF(OR(V42>(AVERAGE($P41:$XX42)+_xlfn.STDEV.P($P41:$XX42)),V42<(AVERAGE($P41:$XX42)-_xlfn.STDEV.P($P41:$XX42))),"DESCARTADO",V42))) | W44: =IF(W42="","",IF((_xlfn.STDEV.P($P41:$XX42)/AVERAGE($P41:$XX42))<=25%,W42,IF(OR(W42>(AVERAGE($P41:$XX42)+_xlfn.STDEV.P($P41:$XX42)),W42<(AVERAGE($P41:$XX42)-_xlfn.STDEV.P($P41:$XX42))),"DESCARTADO",W42))) | ... AI44: =IF(AI42="","",IF((_xlfn.STDEV.P($P41:$XX42)/AVERAGE($P41:$XX42))<=25%,AI42,IF(OR(AI42>(AVERAGE($P41:$XX42)+_xlfn.STDEV.P($P41:$XX42)),AI42<(AVERAGE($P41:$XX42)-_xlfn.STDEV.P($P41:$XX42))),"DESCARTADO",AI42)))
B45: =B44 -> 2 | C45: =C44 -> 1 | D45: =D44 -> 2 | L45: MÉDIA SANEADA | M45: =IFERROR( IF(AND(H44>2,I44<=25%),AVERAGE(P43:XX44), IF(AND(H46>2,I46<=25%),AVERAGE(P45:XX46), IF(AND(H48>2,I48<=25%),AVERAGE(P47:XX48), IF(AND(H50>2,I50<=25%),AVERAGE(P49:XX50), IF(AND(H52>2,I52<=25%),AVERAGE(P51:XX52), IF(AND(H54>2,I54<=25%),AVERAGE(P53:XX54), IF(I42<=25%,AVERAGE(P41:XX42),""))))))),"") -> 24150.579 | O45: ="2 POND" -> 2 POND | P45: =IF(IFERROR(VLOOKUP(P38,'Tabela de Apoio'!$D:$E,2,FALSE),1)=1,"",P46) -> 20000 | Q45: =IF(IFERROR(VLOOKUP(Q38,'Tabela de Apoio'!$D:$E,2,FALSE),1)=1,"",Q46) -> 23105 | R45: =IF(IFERROR(VLOOKUP(R38,'Tabela de Apoio'!$D:$E,2,FALSE),1)=1,"",R46) -> 29346.738 | S45: =IF(IFERROR(VLOOKUP(S38,'Tabela de Apoio'!$D:$E,2,FALSE),1)=1,"",S46) | T45: =IF(IFERROR(VLOOKUP(T38,'Tabela de Apoio'!$D:$E,2,FALSE),1)=1,"",T46) | U45: =IF(IFERROR(VLOOKUP(U38,'Tabela de Apoio'!$D:$E,2,FALSE),1)=1,"",U46) | V45: =IF(IFERROR(VLOOKUP(V38,'Tabela de Apoio'!$D:$E,2,FALSE),1)=1,"",V46) | W45: =IF(IFERROR(VLOOKUP(W38,'Tabela de Apoio'!$D:$E,2,FALSE),1)=1,"",W46) | ... AI45: =IF(IFERROR(VLOOKUP(AI38,'Tabela de Apoio'!$D:$E,2,FALSE),1)=1,"",AI46)
B46: =B45 -> 2 | C46: =C45 -> 1 | D46: =D45 -> 2 | H46: =COUNT($P46:$XX46) -> 3 | I46: =_xlfn.STDEV.P($P45:$XX46)/AVERAGE($P45:$XX46) -> 0.1609384 | J46: =IF(AND(H46>2, OR(L36="MÉDIA SANEADA",L36="MEDIANA SANEADA", AND(L36="PREÇO ESTIMADO",NOT(AND(P38="Orçamento",COUNTA(P36:XX36)=COUNTIF(P38:XX38,"Orçamento")))))), ROW(),0) -> 46 | L46: MEDIANA SANEADA | M46: =IF(H44>2,MEDIAN(P43:XX44), IF(H46>2,MEDIAN(P45:XX46), IF(H48>2,MEDIAN(P47:XX48), IF(H50>2,MEDIAN(P49:XX50), IF(H52>2,MEDIAN(P51:XX52), IF(H54>2,MEDIAN(P53:XX54), MEDIAN(P41:XX42))))))) -> 23105 | O46: ="2 RODADA" -> 2 RODADA | P46: =IF(P44="","",IF((_xlfn.STDEV.P($P43:$XX44)/AVERAGE($P43:$XX44))<=25%,P44,IF(OR(P44>(AVERAGE($P43:$XX44)+_xlfn.STDEV.P($P43:$XX44)),P44<(AVERAGE($P43:$XX44)-_xlfn.STDEV.P($P43:$XX44))),"DESCARTADO",P44))) -> 20000 | Q46: =IF(Q44="","",IF((_xlfn.STDEV.P($P43:$XX44)/AVERAGE($P43:$XX44))<=25%,Q44,IF(OR(Q44>(AVERAGE($P43:$XX44)+_xlfn.STDEV.P($P43:$XX44)),Q44<(AVERAGE($P43:$XX44)-_xlfn.STDEV.P($P43:$XX44))),"DESCARTADO",Q44))) -> 23105 | R46: =IF(R44="","",IF((_xlfn.STDEV.P($P43:$XX44)/AVERAGE($P43:$XX44))<=25%,R44,IF(OR(R44>(AVERAGE($P43:$XX44)+_xlfn.STDEV.P($P43:$XX44)),R44<(AVERAGE($P43:$XX44)-_xlfn.STDEV.P($P43:$XX44))),"DESCARTADO",R44))) -> 29346.738 | S46: =IF(S44="","",IF((_xlfn.STDEV.P($P43:$XX44)/AVERAGE($P43:$XX44))<=25%,S44,IF(OR(S44>(AVERAGE($P43:$XX44)+_xlfn.STDEV.P($P43:$XX44)),S44<(AVERAGE($P43:$XX44)-_xlfn.STDEV.P($P43:$XX44))),"DESCARTADO",S44))) | T46: =IF(T44="","",IF((_xlfn.STDEV.P($P43:$XX44)/AVERAGE($P43:$XX44))<=25%,T44,IF(OR(T44>(AVERAGE($P43:$XX44)+_xlfn.STDEV.P($P43:$XX44)),T44<(AVERAGE($P43:$XX44)-_xlfn.STDEV.P($P43:$XX44))),"DESCARTADO",T44))) | U46: =IF(U44="","",IF((_xlfn.STDEV.P($P43:$XX44)/AVERAGE($P43:$XX44))<=25%,U44,IF(OR(U44>(AVERAGE($P43:$XX44)+_xlfn.STDEV.P($P43:$XX44)),U44<(AVERAGE($P43:$XX44)-_xlfn.STDEV.P($P43:$XX44))),"DESCARTADO",U44))) | V46: =IF(V44="","",IF((_xlfn.STDEV.P($P43:$XX44)/AVERAGE($P43:$XX44))<=25%,V44,IF(OR(V44>(AVERAGE($P43:$XX44)+_xlfn.STDEV.P($P43:$XX44)),V44<(AVERAGE($P43:$XX44)-_xlfn.STDEV.P($P43:$XX44))),"DESCARTADO",V44))) | W46: =IF(W44="","",IF((_xlfn.STDEV.P($P43:$XX44)/AVERAGE($P43:$XX44))<=25%,W44,IF(OR(W44>(AVERAGE($P43:$XX44)+_xlfn.STDEV.P($P43:$XX44)),W44<(AVERAGE($P43:$XX44)-_xlfn.STDEV.P($P43:$XX44))),"DESCARTADO",W44))) | ... AI46: =IF(AI44="","",IF((_xlfn.STDEV.P($P43:$XX44)/AVERAGE($P43:$XX44))<=25%,AI44,IF(OR(AI44>(AVERAGE($P43:$XX44)+_xlfn.STDEV.P($P43:$XX44)),AI44<(AVERAGE($P43:$XX44)-_xlfn.STDEV.P($P43:$XX44))),"DESCARTADO",AI44)))
B47: =B46 -> 2 | C47: =C46 -> 1 | D47: =D46 -> 2 | L47: MÉDIA HARMÔNICA | M47: =HARMEAN($P41:$XX42) -> 23556.014 | O47: ="3 POND" -> 3 POND | P47: =IF(IFERROR(VLOOKUP(P38,'Tabela de Apoio'!$D:$E,2,FALSE),1)=1,"",P48) -> 20000 | Q47: =IF(IFERROR(VLOOKUP(Q38,'Tabela de Apoio'!$D:$E,2,FALSE),1)=1,"",Q48) -> 23105 | R47: =IF(IFERROR(VLOOKUP(R38,'Tabela de Apoio'!$D:$E,2,FALSE),1)=1,"",R48) -> 29346.738 | S47: =IF(IFERROR(VLOOKUP(S38,'Tabela de Apoio'!$D:$E,2,FALSE),1)=1,"",S48) | T47: =IF(IFERROR(VLOOKUP(T38,'Tabela de Apoio'!$D:$E,2,FALSE),1)=1,"",T48) | U47: =IF(IFERROR(VLOOKUP(U38,'Tabela de Apoio'!$D:$E,2,FALSE),1)=1,"",U48) | V47: =IF(IFERROR(VLOOKUP(V38,'Tabela de Apoio'!$D:$E,2,FALSE),1)=1,"",V48) | W47: =IF(IFERROR(VLOOKUP(W38,'Tabela de Apoio'!$D:$E,2,FALSE),1)=1,"",W48) | ... AI47: =IF(IFERROR(VLOOKUP(AI38,'Tabela de Apoio'!$D:$E,2,FALSE),1)=1,"",AI48)
B48: =B47 -> 2 | C48: =C47 -> 1 | D48: =D47 -> 2 | H48: =COUNT($P48:$XX48) -> 3 | I48: =_xlfn.STDEV.P($P47:$XX48)/AVERAGE($P47:$XX48) -> 0.1609384 | J48: =IF(AND(H48>2, OR(L36="MÉDIA SANEADA",L36="MEDIANA SANEADA", AND(L36="PREÇO ESTIMADO",NOT(AND(P38="Orçamento",COUNTA(P36:XX36)=COUNTIF(P38:XX38,"Orçamento")))))), ROW(),0) -> 48 | L48: PRIMEIRO QUARTIL | M48: =IFERROR(_xlfn.QUARTILE.EXC($P42:$XX42,1),"") -> 20000 | O48: ="3 RODADA" -> 3 RODADA | P48: =IF(P46="","",IF((_xlfn.STDEV.P($P45:$XX46)/AVERAGE($P45:$XX46))<=25%,P46,IF(OR(P46>(AVERAGE($P45:$XX46)+_xlfn.STDEV.P($P45:$XX46)),P46<(AVERAGE($P45:$XX46)-_xlfn.STDEV.P($P45:$XX46))),"DESCARTADO",P46))) -> 20000 | Q48: =IF(Q46="","",IF((_xlfn.STDEV.P($P45:$XX46)/AVERAGE($P45:$XX46))<=25%,Q46,IF(OR(Q46>(AVERAGE($P45:$XX46)+_xlfn.STDEV.P($P45:$XX46)),Q46<(AVERAGE($P45:$XX46)-_xlfn.STDEV.P($P45:$XX46))),"DESCARTADO",Q46))) -> 23105 | R48: =IF(R46="","",IF((_xlfn.STDEV.P($P45:$XX46)/AVERAGE($P45:$XX46))<=25%,R46,IF(OR(R46>(AVERAGE($P45:$XX46)+_xlfn.STDEV.P($P45:$XX46)),R46<(AVERAGE($P45:$XX46)-_xlfn.STDEV.P($P45:$XX46))),"DESCARTADO",R46))) -> 29346.738 | S48: =IF(S46="","",IF((_xlfn.STDEV.P($P45:$XX46)/AVERAGE($P45:$XX46))<=25%,S46,IF(OR(S46>(AVERAGE($P45:$XX46)+_xlfn.STDEV.P($P45:$XX46)),S46<(AVERAGE($P45:$XX46)-_xlfn.STDEV.P($P45:$XX46))),"DESCARTADO",S46))) | T48: =IF(T46="","",IF((_xlfn.STDEV.P($P45:$XX46)/AVERAGE($P45:$XX46))<=25%,T46,IF(OR(T46>(AVERAGE($P45:$XX46)+_xlfn.STDEV.P($P45:$XX46)),T46<(AVERAGE($P45:$XX46)-_xlfn.STDEV.P($P45:$XX46))),"DESCARTADO",T46))) | U48: =IF(U46="","",IF((_xlfn.STDEV.P($P45:$XX46)/AVERAGE($P45:$XX46))<=25%,U46,IF(OR(U46>(AVERAGE($P45:$XX46)+_xlfn.STDEV.P($P45:$XX46)),U46<(AVERAGE($P45:$XX46)-_xlfn.STDEV.P($P45:$XX46))),"DESCARTADO",U46))) | V48: =IF(V46="","",IF((_xlfn.STDEV.P($P45:$XX46)/AVERAGE($P45:$XX46))<=25%,V46,IF(OR(V46>(AVERAGE($P45:$XX46)+_xlfn.STDEV.P($P45:$XX46)),V46<(AVERAGE($P45:$XX46)-_xlfn.STDEV.P($P45:$XX46))),"DESCARTADO",V46))) | W48: =IF(W46="","",IF((_xlfn.STDEV.P($P45:$XX46)/AVERAGE($P45:$XX46))<=25%,W46,IF(OR(W46>(AVERAGE($P45:$XX46)+_xlfn.STDEV.P($P45:$XX46)),W46<(AVERAGE($P45:$XX46)-_xlfn.STDEV.P($P45:$XX46))),"DESCARTADO",W46))) | ... AI48: =IF(AI46="","",IF((_xlfn.STDEV.P($P45:$XX46)/AVERAGE($P45:$XX46))<=25%,AI46,IF(OR(AI46>(AVERAGE($P45:$XX46)+_xlfn.STDEV.P($P45:$XX46)),AI46<(AVERAGE($P45:$XX46)-_xlfn.STDEV.P($P45:$XX46))),"DESCARTADO",AI46)))
B49: =B48 -> 2 | C49: =C48 -> 1 | D49: =D48 -> 2 | L49: TERCEIRO QUARTIL | M49: =IFERROR(_xlfn.QUARTILE.EXC($P42:$XX42,3),"") -> 29346.738 | O49: ="4 POND" -> 4 POND | P49: =IF(IFERROR(VLOOKUP(P38,'Tabela de Apoio'!$D:$E,2,FALSE),1)=1,"",P50) -> 20000 | Q49: =IF(IFERROR(VLOOKUP(Q38,'Tabela de Apoio'!$D:$E,2,FALSE),1)=1,"",Q50) -> 23105 | R49: =IF(IFERROR(VLOOKUP(R38,'Tabela de Apoio'!$D:$E,2,FALSE),1)=1,"",R50) -> 29346.738 | S49: =IF(IFERROR(VLOOKUP(S38,'Tabela de Apoio'!$D:$E,2,FALSE),1)=1,"",S50) | T49: =IF(IFERROR(VLOOKUP(T38,'Tabela de Apoio'!$D:$E,2,FALSE),1)=1,"",T50) | U49: =IF(IFERROR(VLOOKUP(U38,'Tabela de Apoio'!$D:$E,2,FALSE),1)=1,"",U50) | V49: =IF(IFERROR(VLOOKUP(V38,'Tabela de Apoio'!$D:$E,2,FALSE),1)=1,"",V50) | W49: =IF(IFERROR(VLOOKUP(W38,'Tabela de Apoio'!$D:$E,2,FALSE),1)=1,"",W50) | ... AI49: =IF(IFERROR(VLOOKUP(AI38,'Tabela de Apoio'!$D:$E,2,FALSE),1)=1,"",AI50)
B50: =B49 -> 2 | C50: =C49 -> 1 | D50: =D49 -> 2 | H50: =COUNT($P50:$XX50) -> 3 | I50: =_xlfn.STDEV.P($P49:$XX50)/AVERAGE($P49:$XX50) -> 0.1609384 | J50: =IF(AND(H50>2, OR(L36="MÉDIA SANEADA",L36="MEDIANA SANEADA", AND(L36="PREÇO ESTIMADO",NOT(AND(P38="Orçamento",COUNTA(P36:XX36)=COUNTIF(P38:XX38,"Orçamento")))))), ROW(),0) -> 50 | L50: MENOR VALOR | M50: =MIN($P42:$XX42) -> 20000 | O50: ="4 RODADA" -> 4 RODADA | P50: =IF(P48="","",IF((_xlfn.STDEV.P($P47:$XX48)/AVERAGE($P47:$XX48))<=25%,P48,IF(OR(P48>(AVERAGE($P47:$XX48)+_xlfn.STDEV.P($P47:$XX48)),P48<(AVERAGE($P47:$XX48)-_xlfn.STDEV.P($P47:$XX48))),"DESCARTADO",P48))) -> 20000 | Q50: =IF(Q48="","",IF((_xlfn.STDEV.P($P47:$XX48)/AVERAGE($P47:$XX48))<=25%,Q48,IF(OR(Q48>(AVERAGE($P47:$XX48)+_xlfn.STDEV.P($P47:$XX48)),Q48<(AVERAGE($P47:$XX48)-_xlfn.STDEV.P($P47:$XX48))),"DESCARTADO",Q48))) -> 23105 | R50: =IF(R48="","",IF((_xlfn.STDEV.P($P47:$XX48)/AVERAGE($P47:$XX48))<=25%,R48,IF(OR(R48>(AVERAGE($P47:$XX48)+_xlfn.STDEV.P($P47:$XX48)),R48<(AVERAGE($P47:$XX48)-_xlfn.STDEV.P($P47:$XX48))),"DESCARTADO",R48))) -> 29346.738 | S50: =IF(S48="","",IF((_xlfn.STDEV.P($P47:$XX48)/AVERAGE($P47:$XX48))<=25%,S48,IF(OR(S48>(AVERAGE($P47:$XX48)+_xlfn.STDEV.P($P47:$XX48)),S48<(AVERAGE($P47:$XX48)-_xlfn.STDEV.P($P47:$XX48))),"DESCARTADO",S48))) | T50: =IF(T48="","",IF((_xlfn.STDEV.P($P47:$XX48)/AVERAGE($P47:$XX48))<=25%,T48,IF(OR(T48>(AVERAGE($P47:$XX48)+_xlfn.STDEV.P($P47:$XX48)),T48<(AVERAGE($P47:$XX48)-_xlfn.STDEV.P($P47:$XX48))),"DESCARTADO",T48))) | U50: =IF(U48="","",IF((_xlfn.STDEV.P($P47:$XX48)/AVERAGE($P47:$XX48))<=25%,U48,IF(OR(U48>(AVERAGE($P47:$XX48)+_xlfn.STDEV.P($P47:$XX48)),U48<(AVERAGE($P47:$XX48)-_xlfn.STDEV.P($P47:$XX48))),"DESCARTADO",U48))) | V50: =IF(V48="","",IF((_xlfn.STDEV.P($P47:$XX48)/AVERAGE($P47:$XX48))<=25%,V48,IF(OR(V48>(AVERAGE($P47:$XX48)+_xlfn.STDEV.P($P47:$XX48)),V48<(AVERAGE($P47:$XX48)-_xlfn.STDEV.P($P47:$XX48))),"DESCARTADO",V48))) | W50: =IF(W48="","",IF((_xlfn.STDEV.P($P47:$XX48)/AVERAGE($P47:$XX48))<=25%,W48,IF(OR(W48>(AVERAGE($P47:$XX48)+_xlfn.STDEV.P($P47:$XX48)),W48<(AVERAGE($P47:$XX48)-_xlfn.STDEV.P($P47:$XX48))),"DESCARTADO",W48))) | ... AI50: =IF(AI48="","",IF((_xlfn.STDEV.P($P47:$XX48)/AVERAGE($P47:$XX48))<=25%,AI48,IF(OR(AI48>(AVERAGE($P47:$XX48)+_xlfn.STDEV.P($P47:$XX48)),AI48<(AVERAGE($P47:$XX48)-_xlfn.STDEV.P($P47:$XX48))),"DESCARTADO",AI48)))
B51: =B50 -> 2 | C51: =C50 -> 1 | D51: =D50 -> 2 | L51: MAIOR VALOR | M51: =MAX($P42:$XX42) -> 29346.738 | O51: ="5 POND" -> 5 POND | P51: =IF(IFERROR(VLOOKUP(P38,'Tabela de Apoio'!$D:$E,2,FALSE),1)=1,"",P52) -> 20000 | Q51: =IF(IFERROR(VLOOKUP(Q38,'Tabela de Apoio'!$D:$E,2,FALSE),1)=1,"",Q52) -> 23105 | R51: =IF(IFERROR(VLOOKUP(R38,'Tabela de Apoio'!$D:$E,2,FALSE),1)=1,"",R52) -> 29346.738 | S51: =IF(IFERROR(VLOOKUP(S38,'Tabela de Apoio'!$D:$E,2,FALSE),1)=1,"",S52) | T51: =IF(IFERROR(VLOOKUP(T38,'Tabela de Apoio'!$D:$E,2,FALSE),1)=1,"",T52) | U51: =IF(IFERROR(VLOOKUP(U38,'Tabela de Apoio'!$D:$E,2,FALSE),1)=1,"",U52) | V51: =IF(IFERROR(VLOOKUP(V38,'Tabela de Apoio'!$D:$E,2,FALSE),1)=1,"",V52) | W51: =IF(IFERROR(VLOOKUP(W38,'Tabela de Apoio'!$D:$E,2,FALSE),1)=1,"",W52) | ... AI51: =IF(IFERROR(VLOOKUP(AI38,'Tabela de Apoio'!$D:$E,2,FALSE),1)=1,"",AI52)
B52: =B51 -> 2 | C52: =C51 -> 1 | D52: =D51 -> 2 | H52: =COUNT($P52:$XX52) -> 3 | I52: =_xlfn.STDEV.P($P51:$XX52)/AVERAGE($P51:$XX52) -> 0.1609384 | J52: =IF(AND(H52>2, OR(L36="MÉDIA SANEADA",L36="MEDIANA SANEADA", AND(L36="PREÇO ESTIMADO",NOT(AND(P38="Orçamento",COUNTA(P36:XX36)=COUNTIF(P38:XX38,"Orçamento")))))), ROW(),0) -> 52 | O52: ="5 RODADA" -> 5 RODADA | P52: =IF(P50="","",IF((_xlfn.STDEV.P($P49:$XX50)/AVERAGE($P49:$XX50))<=25%,P50,IF(OR(P50>(AVERAGE($P49:$XX50)+_xlfn.STDEV.P($P49:$XX50)),P50<(AVERAGE($P49:$XX50)-_xlfn.STDEV.P($P49:$XX50))),"DESCARTADO",P50))) -> 20000 | Q52: =IF(Q50="","",IF((_xlfn.STDEV.P($P49:$XX50)/AVERAGE($P49:$XX50))<=25%,Q50,IF(OR(Q50>(AVERAGE($P49:$XX50)+_xlfn.STDEV.P($P49:$XX50)),Q50<(AVERAGE($P49:$XX50)-_xlfn.STDEV.P($P49:$XX50))),"DESCARTADO",Q50))) -> 23105 | R52: =IF(R50="","",IF((_xlfn.STDEV.P($P49:$XX50)/AVERAGE($P49:$XX50))<=25%,R50,IF(OR(R50>(AVERAGE($P49:$XX50)+_xlfn.STDEV.P($P49:$XX50)),R50<(AVERAGE($P49:$XX50)-_xlfn.STDEV.P($P49:$XX50))),"DESCARTADO",R50))) -> 29346.738 | S52: =IF(S50="","",IF((_xlfn.STDEV.P($P49:$XX50)/AVERAGE($P49:$XX50))<=25%,S50,IF(OR(S50>(AVERAGE($P49:$XX50)+_xlfn.STDEV.P($P49:$XX50)),S50<(AVERAGE($P49:$XX50)-_xlfn.STDEV.P($P49:$XX50))),"DESCARTADO",S50))) | T52: =IF(T50="","",IF((_xlfn.STDEV.P($P49:$XX50)/AVERAGE($P49:$XX50))<=25%,T50,IF(OR(T50>(AVERAGE($P49:$XX50)+_xlfn.STDEV.P($P49:$XX50)),T50<(AVERAGE($P49:$XX50)-_xlfn.STDEV.P($P49:$XX50))),"DESCARTADO",T50))) | U52: =IF(U50="","",IF((_xlfn.STDEV.P($P49:$XX50)/AVERAGE($P49:$XX50))<=25%,U50,IF(OR(U50>(AVERAGE($P49:$XX50)+_xlfn.STDEV.P($P49:$XX50)),U50<(AVERAGE($P49:$XX50)-_xlfn.STDEV.P($P49:$XX50))),"DESCARTADO",U50))) | V52: =IF(V50="","",IF((_xlfn.STDEV.P($P49:$XX50)/AVERAGE($P49:$XX50))<=25%,V50,IF(OR(V50>(AVERAGE($P49:$XX50)+_xlfn.STDEV.P($P49:$XX50)),V50<(AVERAGE($P49:$XX50)-_xlfn.STDEV.P($P49:$XX50))),"DESCARTADO",V50))) | W52: =IF(W50="","",IF((_xlfn.STDEV.P($P49:$XX50)/AVERAGE($P49:$XX50))<=25%,W50,IF(OR(W50>(AVERAGE($P49:$XX50)+_xlfn.STDEV.P($P49:$XX50)),W50<(AVERAGE($P49:$XX50)-_xlfn.STDEV.P($P49:$XX50))),"DESCARTADO",W50))) | ... AI52: =IF(AI50="","",IF((_xlfn.STDEV.P($P49:$XX50)/AVERAGE($P49:$XX50))<=25%,AI50,IF(OR(AI50>(AVERAGE($P49:$XX50)+_xlfn.STDEV.P($P49:$XX50)),AI50<(AVERAGE($P49:$XX50)-_xlfn.STDEV.P($P49:$XX50))),"DESCARTADO",AI50)))
B53: =B52 -> 2 | C53: =C52 -> 1 | D53: =D52 -> 2 | O53: ="6 POND" -> 6 POND | P53: =IF(IFERROR(VLOOKUP(P38,'Tabela de Apoio'!$D:$E,2,FALSE),1)=1,"",P54) -> 20000 | Q53: =IF(IFERROR(VLOOKUP(Q38,'Tabela de Apoio'!$D:$E,2,FALSE),1)=1,"",Q54) -> 23105 | R53: =IF(IFERROR(VLOOKUP(R38,'Tabela de Apoio'!$D:$E,2,FALSE),1)=1,"",R54) -> 29346.738 | S53: =IF(IFERROR(VLOOKUP(S38,'Tabela de Apoio'!$D:$E,2,FALSE),1)=1,"",S54) | T53: =IF(IFERROR(VLOOKUP(T38,'Tabela de Apoio'!$D:$E,2,FALSE),1)=1,"",T54) | U53: =IF(IFERROR(VLOOKUP(U38,'Tabela de Apoio'!$D:$E,2,FALSE),1)=1,"",U54) | V53: =IF(IFERROR(VLOOKUP(V38,'Tabela de Apoio'!$D:$E,2,FALSE),1)=1,"",V54) | W53: =IF(IFERROR(VLOOKUP(W38,'Tabela de Apoio'!$D:$E,2,FALSE),1)=1,"",W54) | ... AI53: =IF(IFERROR(VLOOKUP(AI38,'Tabela de Apoio'!$D:$E,2,FALSE),1)=1,"",AI54)
B54: =B53 -> 2 | C54: =C53 -> 1 | D54: =D53 -> 2 | H54: =COUNT($P54:$XX54) -> 3 | I54: =_xlfn.STDEV.P($P53:$XX54)/AVERAGE($P53:$XX54) -> 0.1609384 | J54: =IF(AND(H54>2, OR(L36="MÉDIA SANEADA",L36="MEDIANA SANEADA", AND(L36="PREÇO ESTIMADO",NOT(AND(P38="Orçamento",COUNTA(P36:XX36)=COUNTIF(P38:XX38,"Orçamento")))))), ROW(),0) -> 54 | O54: ="6 RODADA" -> 6 RODADA | P54: =IFERROR(IF(P52="","",IF((_xlfn.STDEV.P($P51:$XX52)/AVERAGE($P51:$XX52))<=25%,P52,IF(OR(P52>(AVERAGE($P51:$XX52)+_xlfn.STDEV.P($P51:$XX52)),P52<(AVERAGE($P51:$XX52)-_xlfn.STDEV.P($P51:$XX52))),"DESCARTADO",P52))),) -> 20000 | Q54: =IFERROR(IF(Q52="","",IF((_xlfn.STDEV.P($P51:$XX52)/AVERAGE($P51:$XX52))<=25%,Q52,IF(OR(Q52>(AVERAGE($P51:$XX52)+_xlfn.STDEV.P($P51:$XX52)),Q52<(AVERAGE($P51:$XX52)-_xlfn.STDEV.P($P51:$XX52))),"DESCARTADO",Q52))),) -> 23105 | R54: =IFERROR(IF(R52="","",IF((_xlfn.STDEV.P($P51:$XX52)/AVERAGE($P51:$XX52))<=25%,R52,IF(OR(R52>(AVERAGE($P51:$XX52)+_xlfn.STDEV.P($P51:$XX52)),R52<(AVERAGE($P51:$XX52)-_xlfn.STDEV.P($P51:$XX52))),"DESCARTADO",R52))),) -> 29346.738 | S54: =IFERROR(IF(S52="","",IF((_xlfn.STDEV.P($P51:$XX52)/AVERAGE($P51:$XX52))<=25%,S52,IF(OR(S52>(AVERAGE($P51:$XX52)+_xlfn.STDEV.P($P51:$XX52)),S52<(AVERAGE($P51:$XX52)-_xlfn.STDEV.P($P51:$XX52))),"DESCARTADO",S52))),) | T54: =IFERROR(IF(T52="","",IF((_xlfn.STDEV.P($P51:$XX52)/AVERAGE($P51:$XX52))<=25%,T52,IF(OR(T52>(AVERAGE($P51:$XX52)+_xlfn.STDEV.P($P51:$XX52)),T52<(AVERAGE($P51:$XX52)-_xlfn.STDEV.P($P51:$XX52))),"DESCARTADO",T52))),) | U54: =IFERROR(IF(U52="","",IF((_xlfn.STDEV.P($P51:$XX52)/AVERAGE($P51:$XX52))<=25%,U52,IF(OR(U52>(AVERAGE($P51:$XX52)+_xlfn.STDEV.P($P51:$XX52)),U52<(AVERAGE($P51:$XX52)-_xlfn.STDEV.P($P51:$XX52))),"DESCARTADO",U52))),) | V54: =IFERROR(IF(V52="","",IF((_xlfn.STDEV.P($P51:$XX52)/AVERAGE($P51:$XX52))<=25%,V52,IF(OR(V52>(AVERAGE($P51:$XX52)+_xlfn.STDEV.P($P51:$XX52)),V52<(AVERAGE($P51:$XX52)-_xlfn.STDEV.P($P51:$XX52))),"DESCARTADO",V52))),) | W54: =IFERROR(IF(W52="","",IF((_xlfn.STDEV.P($P51:$XX52)/AVERAGE($P51:$XX52))<=25%,W52,IF(OR(W52>(AVERAGE($P51:$XX52)+_xlfn.STDEV.P($P51:$XX52)),W52<(AVERAGE($P51:$XX52)-_xlfn.STDEV.P($P51:$XX52))),"DESCARTADO",W52))),) | ... AI54: =IFERROR(IF(AI52="","",IF((_xlfn.STDEV.P($P51:$XX52)/AVERAGE($P51:$XX52))<=25%,AI52,IF(OR(AI52>(AVERAGE($P51:$XX52)+_xlfn.STDEV.P($P51:$XX52)),AI52<(AVERAGE($P51:$XX52)-_xlfn.STDEV.P($P51:$XX52))),"DESCARTADO",AI52))),)
B55: =B54 -> 2 | C55: =C54 -> 1 | D55: =D54 -> 2 | L55: TOTAL ITEM | M55: =IFERROR(ROUND(M36*M38,2),"") -> 0 | O55: CONSIDERADO | P55: =INDEX(P42:P54,MATCH(MAX($J42:$J54),$J42:$J54,0)) -> 20000 | Q55: =INDEX(Q42:Q54,MATCH(MAX($J42:$J54),$J42:$J54,0)) -> 23105 | R55: =INDEX(R42:R54,MATCH(MAX($J42:$J54),$J42:$J54,0)) -> 29346.738 | S55: =INDEX(S42:S54,MATCH(MAX($J42:$J54),$J42:$J54,0)) | T55: =INDEX(T42:T54,MATCH(MAX($J42:$J54),$J42:$J54,0)) | U55: =INDEX(U42:U54,MATCH(MAX($J42:$J54),$J42:$J54,0)) | V55: =INDEX(V42:V54,MATCH(MAX($J42:$J54),$J42:$J54,0)) | W55: =INDEX(W42:W54,MATCH(MAX($J42:$J54),$J42:$J54,0)) | ... AI55: =INDEX(AI42:AI54,MATCH(MAX($J42:$J54),$J42:$J54,0))
B57: =LARGE(IFERROR(IF(B55+1>$H$8,"",B55+1),""),1) -> 3 | C57: =IF(_xlfn.ISFORMULA(E61),MAX(INDEX('BASE FORMAÇÃO'!A:A,B57+1),1),E61) -> 1 | D57: =IFERROR(IF(C57=C47,D47+1,1),1) -> 3 | E57: ITEM | G57: GMAT | H57: =INDEX('BASE FORMAÇÃO'!B:B,B57+1) -> 0 | I57: CATMAT | J57: =INDEX('BASE FORMAÇÃO'!K:K,B57+1) -> 0 | L57: PREÇO ESTIMADO | M57: =IF(OR(ISBLANK($O$8),ISBLANK($O$7),ISBLANK($H$8),ISBLANK($O$6),ISBLANK($O$5),ISBLANK($H$5)),"",IFERROR(IF(VLOOKUP(L57,L63:M72,2,FALSE)<1,ROUND(VLOOKUP(L57,L63:M72,2,FALSE),4),ROUND(VLOOKUP(L57,L63:M72,2,FALSE),2)),"")) -> 6369.77 | O57: ORIGINAL | P57: 6420 | Q57: 7063 | R57: 5356
B58: =B57 -> 3 | C58: =C57 -> 1 | D58: =D57 -> 3 | E58: =D57 -> 3 | G58: DESCRIÇÃO | H58: Empilhadeira hidráulica manual | O58: DATA | P58: 45755 | Q58: 45705 | R58: 45632
B59: =B58 -> 3 | C59: =C58 -> 1 | D59: =D58 -> 3 | L59: QUANTIDADE | M59: =INDEX('BASE FORMAÇÃO'!H:H,B61+1) -> 0 | O59: PARÂMETRO | P59: Contratação pública | Q59: Contratação pública | R59: Contratação pública
B60: =B59 -> 3 | C60: =C59 -> 1 | D60: =D59 -> 3 | E60: LOTE | L60: UNIDADE | M60: =INDEX('BASE FORMAÇÃO'!D:D,B61+1) -> 0 | O60: FONTE/LINK | P60: www.precoestimado.com.br | Q60: www.precoestimado.com.br | R60: www.precoestimado.com.br
B61: =B59 -> 3 | C61: =C59 -> 1 | D61: =D60 -> 3 | E61: =C57 -> 1 | G61: OBSERVAÇÕES | L61: COEF. VAR. | M61: =IFERROR(INDEX(I63:I75,MATCH(MAX(J63:J75),J63:J75,0)),"") -> 0.10921981 | O61: ATUALIZADO | P61: =IF(P57="","", IF(OR(P59="Orçamento",P58="",MAX('Tabela de Apoio'!$A:$A)<=P58), P57, (INDEX('Tabela de Apoio'!$B:$B,MATCH('MAPA DE PREÇOS'!$O$8,'Tabela de Apoio'!$A:$A,1))/INDEX('Tabela de Apoio'!$B:$B,MATCH('MAPA DE PREÇOS'!P58,'Tabela de Apoio'!$A:$A,1)-1))*P57)) -> 6420 | Q61: =IF(Q57="","", IF(OR(Q59="Orçamento",Q58="",MAX('Tabela de Apoio'!$A:$A)<=Q58), Q57, (INDEX('Tabela de Apoio'!$B:$B,MATCH('MAPA DE PREÇOS'!$O$8,'Tabela de Apoio'!$A:$A,1))/INDEX('Tabela de Apoio'!$B:$B,MATCH('MAPA DE PREÇOS'!Q58,'Tabela de Apoio'!$A:$A,1)-1))*Q57)) -> 7195.6027 | R61: =IF(R57="","", IF(OR(R59="Orçamento",R58="",MAX('Tabela de Apoio'!$A:$A)<=R58), R57, (INDEX('Tabela de Apoio'!$B:$B,MATCH('MAPA DE PREÇOS'!$O$8,'Tabela de Apoio'!$A:$A,1))/INDEX('Tabela de Apoio'!$B:$B,MATCH('MAPA DE PREÇOS'!R58,'Tabela de Apoio'!$A:$A,1)-1))*R57)) -> 5493.7031 | S61: =IF(S57="","", IF(OR(S59="Orçamento",S58="",MAX('Tabela de Apoio'!$A:$A)<=S58), S57, (INDEX('Tabela de Apoio'!$B:$B,MATCH('MAPA DE PREÇOS'!$O$8,'Tabela de Apoio'!$A:$A,1))/INDEX('Tabela de Apoio'!$B:$B,MATCH('MAPA DE PREÇOS'!S58,'Tabela de Apoio'!$A:$A,1)-1))*S57)) | T61: =IF(T57="","", IF(OR(T59="Orçamento",T58="",MAX('Tabela de Apoio'!$A:$A)<=T58), T57, (INDEX('Tabela de Apoio'!$B:$B,MATCH('MAPA DE PREÇOS'!$O$8,'Tabela de Apoio'!$A:$A,1))/INDEX('Tabela de Apoio'!$B:$B,MATCH('MAPA DE PREÇOS'!T58,'Tabela de Apoio'!$A:$A,1)-1))*T57)) | U61: =IF(U57="","", IF(OR(U59="Orçamento",U58="",MAX('Tabela de Apoio'!$A:$A)<=U58), U57, (INDEX('Tabela de Apoio'!$B:$B,MATCH('MAPA DE PREÇOS'!$O$8,'Tabela de Apoio'!$A:$A,1))/INDEX('Tabela de Apoio'!$B:$B,MATCH('MAPA DE PREÇOS'!U58,'Tabela de Apoio'!$A:$A,1)-1))*U57)) | V61: =IF(V57="","", IF(OR(V59="Orçamento",V58="",MAX('Tabela de Apoio'!$A:$A)<=V58), V57, (INDEX('Tabela de Apoio'!$B:$B,MATCH('MAPA DE PREÇOS'!$O$8,'Tabela de Apoio'!$A:$A,1))/INDEX('Tabela de Apoio'!$B:$B,MATCH('MAPA DE PREÇOS'!V58,'Tabela de Apoio'!$A:$A,1)-1))*V57)) | W61: =IF(W57="","", IF(OR(W59="Orçamento",W58="",MAX('Tabela de Apoio'!$A:$A)<=W58), W57, (INDEX('Tabela de Apoio'!$B:$B,MATCH('MAPA DE PREÇOS'!$O$8,'Tabela de Apoio'!$A:$A,1))/INDEX('Tabela de Apoio'!$B:$B,MATCH('MAPA DE PREÇOS'!W58,'Tabela de Apoio'!$A:$A,1)-1))*W57)) | ... AI61: =IF(AI57="","", IF(OR(AI59="Orçamento",AI58="",MAX('Tabela de Apoio'!$A:$A)<=AI58), AI57, (INDEX('Tabela de Apoio'!$B:$B,MATCH('MAPA DE PREÇOS'!$O$8,'Tabela de Apoio'!$A:$A,1))/INDEX('Tabela de Apoio'!$B:$B,MATCH('MAPA DE PREÇOS'!AI58,'Tabela de Apoio'!$A:$A,1)-1))*AI57))
B62: =B61 -> 3 | C62: =C61 -> 1 | D62: =D61 -> 3 | O62: P D CAIXAS | P62: =IF(IFERROR(VLOOKUP(P59,'Tabela de Apoio'!$D:$E,2,FALSE),1)=1,"",P63) -> 6420 | Q62: =IF(IFERROR(VLOOKUP(Q59,'Tabela de Apoio'!$D:$E,2,FALSE),1)=1,"",Q63) -> 7195.6027 | R62: =IF(IFERROR(VLOOKUP(R59,'Tabela de Apoio'!$D:$E,2,FALSE),1)=1,"",R63) -> 5493.7031 | S62: =IF(IFERROR(VLOOKUP(S59,'Tabela de Apoio'!$D:$E,2,FALSE),1)=1,"",S63) | T62: =IF(IFERROR(VLOOKUP(T59,'Tabela de Apoio'!$D:$E,2,FALSE),1)=1,"",T63) | U62: =IF(IFERROR(VLOOKUP(U59,'Tabela de Apoio'!$D:$E,2,FALSE),1)=1,"",U63) | V62: =IF(IFERROR(VLOOKUP(V59,'Tabela de Apoio'!$D:$E,2,FALSE),1)=1,"",V63) | W62: =IF(IFERROR(VLOOKUP(W59,'Tabela de Apoio'!$D:$E,2,FALSE),1)=1,"",W63) | ... AI62: =IF(IFERROR(VLOOKUP(AI59,'Tabela de Apoio'!$D:$E,2,FALSE),1)=1,"",AI63)
B63: =B62 -> 3 | C63: =C62 -> 1 | D63: =D62 -> 3 | H63: =COUNT($P63:$XX63) -> 3 | I63: =_xlfn.STDEV.P($P62:$XX63)/AVERAGE($P62:$XX63) -> 0.10921981 | J63: =ROW() -> 63 | L63: PREÇO ESTIMADO | M63: =IFERROR( IF(COUNTA(P57:AI57)=COUNTIF(P59:XX59,"Orçamento"),MIN(M68,M65), IF(M66<>"",M66, IF(M67<>"",M67, M65 ))),"") -> 6369.7686 | O63: D CAIXAS | P63: =IFERROR(IF(P61="", "", IF(COUNT($P61:$XX61)<=4, P61, IF(OR(P61>(QUARTILE($P61:$XX61,3)+(QUARTILE($P61:$XX61,3)-QUARTILE($P61:$XX61,1))), P61<(QUARTILE($P61:$XX61,1)-(QUARTILE($P61:$XX61,3)-QUARTILE($P61:$XX61,1))) ), "DESCARTADO",P61) ) ),P61) -> 6420 | Q63: =IFERROR(IF(Q61="", "", IF(COUNT($P61:$XX61)<=4, Q61, IF(OR(Q61>(QUARTILE($P61:$XX61,3)+(QUARTILE($P61:$XX61,3)-QUARTILE($P61:$XX61,1))), Q61<(QUARTILE($P61:$XX61,1)-(QUARTILE($P61:$XX61,3)-QUARTILE($P61:$XX61,1))) ), "DESCARTADO",Q61) ) ),Q61) -> 7195.6027 | R63: =IFERROR(IF(R61="", "", IF(COUNT($P61:$XX61)<=4, R61, IF(OR(R61>(QUARTILE($P61:$XX61,3)+(QUARTILE($P61:$XX61,3)-QUARTILE($P61:$XX61,1))), R61<(QUARTILE($P61:$XX61,1)-(QUARTILE($P61:$XX61,3)-QUARTILE($P61:$XX61,1))) ), "DESCARTADO",R61) ) ),R61) -> 5493.7031 | S63: =IFERROR(IF(S61="", "", IF(COUNT($P61:$XX61)<=4, S61, IF(OR(S61>(QUARTILE($P61:$XX61,3)+(QUARTILE($P61:$XX61,3)-QUARTILE($P61:$XX61,1))), S61<(QUARTILE($P61:$XX61,1)-(QUARTILE($P61:$XX61,3)-QUARTILE($P61:$XX61,1))) ), "DESCARTADO",S61) ) ),S61) | T63: =IFERROR(IF(T61="", "", IF(COUNT($P61:$XX61)<=4, T61, IF(OR(T61>(QUARTILE($P61:$XX61,3)+(QUARTILE($P61:$XX61,3)-QUARTILE($P61:$XX61,1))), T61<(QUARTILE($P61:$XX61,1)-(QUARTILE($P61:$XX61,3)-QUARTILE($P61:$XX61,1))) ), "DESCARTADO",T61) ) ),T61) | U63: =IFERROR(IF(U61="", "", IF(COUNT($P61:$XX61)<=4, U61, IF(OR(U61>(QUARTILE($P61:$XX61,3)+(QUARTILE($P61:$XX61,3)-QUARTILE($P61:$XX61,1))), U61<(QUARTILE($P61:$XX61,1)-(QUARTILE($P61:$XX61,3)-QUARTILE($P61:$XX61,1))) ), "DESCARTADO",U61) ) ),U61) | V63: =IFERROR(IF(V61="", "", IF(COUNT($P61:$XX61)<=4, V61, IF(OR(V61>(QUARTILE($P61:$XX61,3)+(QUARTILE($P61:$XX61,3)-QUARTILE($P61:$XX61,1))), V61<(QUARTILE($P61:$XX61,1)-(QUARTILE($P61:$XX61,3)-QUARTILE($P61:$XX61,1))) ), "DESCARTADO",V61) ) ),V61) | W63: =IFERROR(IF(W61="", "", IF(COUNT($P61:$XX61)<=4, W61, IF(OR(W61>(QUARTILE($P61:$XX61,3)+(QUARTILE($P61:$XX61,3)-QUARTILE($P61:$XX61,1))), W61<(QUARTILE($P61:$XX61,1)-(QUARTILE($P61:$XX61,3)-QUARTILE($P61:$XX61,1))) ), "DESCARTADO",W61) ) ),W61) | ... AI63: =IFERROR(IF(AI61="", "", IF(COUNT($P61:$XX61)<=4, AI61, IF(OR(AI61>(QUARTILE($P61:$XX61,3)+(QUARTILE($P61:$XX61,3)-QUARTILE($P61:$XX61,1))), AI61<(QUARTILE($P61:$XX61,1)-(QUARTILE($P61:$XX61,3)-QUARTILE($P61:$XX61,1))) ), "DESCARTADO",AI61) ) ),AI61)
B64: =B63 -> 3 | C64: =C63 -> 1 | D64: =D63 -> 3 | L64: MÉDIA | M64: =AVERAGE($P63:$XX63) -> 6369.7686 | O64: ="1 POND" -> 1 POND | P64: =IF(IFERROR(VLOOKUP(P59,'Tabela de Apoio'!$D:$E,2,FALSE),1)=1,"",P65) -> 6420 | Q64: =IF(IFERROR(VLOOKUP(Q59,'Tabela de Apoio'!$D:$E,2,FALSE),1)=1,"",Q65) -> 7195.6027 | R64: =IF(IFERROR(VLOOKUP(R59,'Tabela de Apoio'!$D:$E,2,FALSE),1)=1,"",R65) -> 5493.7031 | S64: =IF(IFERROR(VLOOKUP(S59,'Tabela de Apoio'!$D:$E,2,FALSE),1)=1,"",S65) | T64: =IF(IFERROR(VLOOKUP(T59,'Tabela de Apoio'!$D:$E,2,FALSE),1)=1,"",T65) | U64: =IF(IFERROR(VLOOKUP(U59,'Tabela de Apoio'!$D:$E,2,FALSE),1)=1,"",U65) | V64: =IF(IFERROR(VLOOKUP(V59,'Tabela de Apoio'!$D:$E,2,FALSE),1)=1,"",V65) | W64: =IF(IFERROR(VLOOKUP(W59,'Tabela de Apoio'!$D:$E,2,FALSE),1)=1,"",W65) | ... AI64: =IF(IFERROR(VLOOKUP(AI59,'Tabela de Apoio'!$D:$E,2,FALSE),1)=1,"",AI65)
B65: =B64 -> 3 | C65: =C64 -> 1 | D65: =D64 -> 3 | H65: =COUNT($P65:$XX65) -> 3 | I65: =_xlfn.STDEV.P($P64:$XX65)/AVERAGE($P64:$XX65) -> 0.10921981 | J65: =IF(AND(H65>2, OR(L57="MÉDIA SANEADA",L57="MEDIANA SANEADA", AND(L57="PREÇO ESTIMADO",NOT(AND(P59="Orçamento",COUNTA(P57:XX57)=COUNTIF(P59:XX59,"Orçamento")))))), ROW(),0) -> 65 | L65: MEDIANA | M65: =MEDIAN($P63:$XX63) -> 6420 | O65: ="1 RODADA" -> 1 RODADA | P65: =IF(P63="","",IF((_xlfn.STDEV.P($P62:$XX63)/AVERAGE($P62:$XX63))<=25%,P63,IF(OR(P63>(AVERAGE($P62:$XX63)+_xlfn.STDEV.P($P62:$XX63)),P63<(AVERAGE($P62:$XX63)-_xlfn.STDEV.P($P62:$XX63))),"DESCARTADO",P63))) -> 6420 | Q65: =IF(Q63="","",IF((_xlfn.STDEV.P($P62:$XX63)/AVERAGE($P62:$XX63))<=25%,Q63,IF(OR(Q63>(AVERAGE($P62:$XX63)+_xlfn.STDEV.P($P62:$XX63)),Q63<(AVERAGE($P62:$XX63)-_xlfn.STDEV.P($P62:$XX63))),"DESCARTADO",Q63))) -> 7195.6027 | R65: =IF(R63="","",IF((_xlfn.STDEV.P($P62:$XX63)/AVERAGE($P62:$XX63))<=25%,R63,IF(OR(R63>(AVERAGE($P62:$XX63)+_xlfn.STDEV.P($P62:$XX63)),R63<(AVERAGE($P62:$XX63)-_xlfn.STDEV.P($P62:$XX63))),"DESCARTADO",R63))) -> 5493.7031 | S65: =IF(S63="","",IF((_xlfn.STDEV.P($P62:$XX63)/AVERAGE($P62:$XX63))<=25%,S63,IF(OR(S63>(AVERAGE($P62:$XX63)+_xlfn.STDEV.P($P62:$XX63)),S63<(AVERAGE($P62:$XX63)-_xlfn.STDEV.P($P62:$XX63))),"DESCARTADO",S63))) | T65: =IF(T63="","",IF((_xlfn.STDEV.P($P62:$XX63)/AVERAGE($P62:$XX63))<=25%,T63,IF(OR(T63>(AVERAGE($P62:$XX63)+_xlfn.STDEV.P($P62:$XX63)),T63<(AVERAGE($P62:$XX63)-_xlfn.STDEV.P($P62:$XX63))),"DESCARTADO",T63))) | U65: =IF(U63="","",IF((_xlfn.STDEV.P($P62:$XX63)/AVERAGE($P62:$XX63))<=25%,U63,IF(OR(U63>(AVERAGE($P62:$XX63)+_xlfn.STDEV.P($P62:$XX63)),U63<(AVERAGE($P62:$XX63)-_xlfn.STDEV.P($P62:$XX63))),"DESCARTADO",U63))) | V65: =IF(V63="","",IF((_xlfn.STDEV.P($P62:$XX63)/AVERAGE($P62:$XX63))<=25%,V63,IF(OR(V63>(AVERAGE($P62:$XX63)+_xlfn.STDEV.P($P62:$XX63)),V63<(AVERAGE($P62:$XX63)-_xlfn.STDEV.P($P62:$XX63))),"DESCARTADO",V63))) | W65: =IF(W63="","",IF((_xlfn.STDEV.P($P62:$XX63)/AVERAGE($P62:$XX63))<=25%,W63,IF(OR(W63>(AVERAGE($P62:$XX63)+_xlfn.STDEV.P($P62:$XX63)),W63<(AVERAGE($P62:$XX63)-_xlfn.STDEV.P($P62:$XX63))),"DESCARTADO",W63))) | ... AI65: =IF(AI63="","",IF((_xlfn.STDEV.P($P62:$XX63)/AVERAGE($P62:$XX63))<=25%,AI63,IF(OR(AI63>(AVERAGE($P62:$XX63)+_xlfn.STDEV.P($P62:$XX63)),AI63<(AVERAGE($P62:$XX63)-_xlfn.STDEV.P($P62:$XX63))),"DESCARTADO",AI63)))
B66: =B65 -> 3 | C66: =C65 -> 1 | D66: =D65 -> 3 | L66: MÉDIA SANEADA | M66: =IFERROR( IF(AND(H65>2,I65<=25%),AVERAGE(P64:XX65), IF(AND(H67>2,I67<=25%),AVERAGE(P66:XX67), IF(AND(H69>2,I69<=25%),AVERAGE(P68:XX69), IF(AND(H71>2,I71<=25%),AVERAGE(P70:XX71), IF(AND(H73>2,I73<=25%),AVERAGE(P72:XX73), IF(AND(H75>2,I75<=25%),AVERAGE(P74:XX75), IF(I63<=25%,AVERAGE(P62:XX63),""))))))),"") -> 6369.7686 | O66: ="2 POND" -> 2 POND | P66: =IF(IFERROR(VLOOKUP(P59,'Tabela de Apoio'!$D:$E,2,FALSE),1)=1,"",P67) -> 6420 | Q66: =IF(IFERROR(VLOOKUP(Q59,'Tabela de Apoio'!$D:$E,2,FALSE),1)=1,"",Q67) -> 7195.6027 | R66: =IF(IFERROR(VLOOKUP(R59,'Tabela de Apoio'!$D:$E,2,FALSE),1)=1,"",R67) -> 5493.7031 | S66: =IF(IFERROR(VLOOKUP(S59,'Tabela de Apoio'!$D:$E,2,FALSE),1)=1,"",S67) | T66: =IF(IFERROR(VLOOKUP(T59,'Tabela de Apoio'!$D:$E,2,FALSE),1)=1,"",T67) | U66: =IF(IFERROR(VLOOKUP(U59,'Tabela de Apoio'!$D:$E,2,FALSE),1)=1,"",U67) | V66: =IF(IFERROR(VLOOKUP(V59,'Tabela de Apoio'!$D:$E,2,FALSE),1)=1,"",V67) | W66: =IF(IFERROR(VLOOKUP(W59,'Tabela de Apoio'!$D:$E,2,FALSE),1)=1,"",W67) | ... AI66: =IF(IFERROR(VLOOKUP(AI59,'Tabela de Apoio'!$D:$E,2,FALSE),1)=1,"",AI67)
B67: =B66 -> 3 | C67: =C66 -> 1 | D67: =D66 -> 3 | H67: =COUNT($P67:$XX67) -> 3 | I67: =_xlfn.STDEV.P($P66:$XX67)/AVERAGE($P66:$XX67) -> 0.10921981 | J67: =IF(AND(H67>2, OR(L57="MÉDIA SANEADA",L57="MEDIANA SANEADA", AND(L57="PREÇO ESTIMADO",NOT(AND(P59="Orçamento",COUNTA(P57:XX57)=COUNTIF(P59:XX59,"Orçamento")))))), ROW(),0) -> 67 | L67: MEDIANA SANEADA | M67: =IF(H65>2,MEDIAN(P64:XX65), IF(H67>2,MEDIAN(P66:XX67), IF(H69>2,MEDIAN(P68:XX69), IF(H71>2,MEDIAN(P70:XX71), IF(H73>2,MEDIAN(P72:XX73), IF(H75>2,MEDIAN(P74:XX75), MEDIAN(P62:XX63))))))) -> 6420 | O67: ="2 RODADA" -> 2 RODADA | P67: =IF(P65="","",IF((_xlfn.STDEV.P($P64:$XX65)/AVERAGE($P64:$XX65))<=25%,P65,IF(OR(P65>(AVERAGE($P64:$XX65)+_xlfn.STDEV.P($P64:$XX65)),P65<(AVERAGE($P64:$XX65)-_xlfn.STDEV.P($P64:$XX65))),"DESCARTADO",P65))) -> 6420 | Q67: =IF(Q65="","",IF((_xlfn.STDEV.P($P64:$XX65)/AVERAGE($P64:$XX65))<=25%,Q65,IF(OR(Q65>(AVERAGE($P64:$XX65)+_xlfn.STDEV.P($P64:$XX65)),Q65<(AVERAGE($P64:$XX65)-_xlfn.STDEV.P($P64:$XX65))),"DESCARTADO",Q65))) -> 7195.6027 | R67: =IF(R65="","",IF((_xlfn.STDEV.P($P64:$XX65)/AVERAGE($P64:$XX65))<=25%,R65,IF(OR(R65>(AVERAGE($P64:$XX65)+_xlfn.STDEV.P($P64:$XX65)),R65<(AVERAGE($P64:$XX65)-_xlfn.STDEV.P($P64:$XX65))),"DESCARTADO",R65))) -> 5493.7031 | S67: =IF(S65="","",IF((_xlfn.STDEV.P($P64:$XX65)/AVERAGE($P64:$XX65))<=25%,S65,IF(OR(S65>(AVERAGE($P64:$XX65)+_xlfn.STDEV.P($P64:$XX65)),S65<(AVERAGE($P64:$XX65)-_xlfn.STDEV.P($P64:$XX65))),"DESCARTADO",S65))) | T67: =IF(T65="","",IF((_xlfn.STDEV.P($P64:$XX65)/AVERAGE($P64:$XX65))<=25%,T65,IF(OR(T65>(AVERAGE($P64:$XX65)+_xlfn.STDEV.P($P64:$XX65)),T65<(AVERAGE($P64:$XX65)-_xlfn.STDEV.P($P64:$XX65))),"DESCARTADO",T65))) | U67: =IF(U65="","",IF((_xlfn.STDEV.P($P64:$XX65)/AVERAGE($P64:$XX65))<=25%,U65,IF(OR(U65>(AVERAGE($P64:$XX65)+_xlfn.STDEV.P($P64:$XX65)),U65<(AVERAGE($P64:$XX65)-_xlfn.STDEV.P($P64:$XX65))),"DESCARTADO",U65))) | V67: =IF(V65="","",IF((_xlfn.STDEV.P($P64:$XX65)/AVERAGE($P64:$XX65))<=25%,V65,IF(OR(V65>(AVERAGE($P64:$XX65)+_xlfn.STDEV.P($P64:$XX65)),V65<(AVERAGE($P64:$XX65)-_xlfn.STDEV.P($P64:$XX65))),"DESCARTADO",V65))) | W67: =IF(W65="","",IF((_xlfn.STDEV.P($P64:$XX65)/AVERAGE($P64:$XX65))<=25%,W65,IF(OR(W65>(AVERAGE($P64:$XX65)+_xlfn.STDEV.P($P64:$XX65)),W65<(AVERAGE($P64:$XX65)-_xlfn.STDEV.P($P64:$XX65))),"DESCARTADO",W65))) | ... AI67: =IF(AI65="","",IF((_xlfn.STDEV.P($P64:$XX65)/AVERAGE($P64:$XX65))<=25%,AI65,IF(OR(AI65>(AVERAGE($P64:$XX65)+_xlfn.STDEV.P($P64:$XX65)),AI65<(AVERAGE($P64:$XX65)-_xlfn.STDEV.P($P64:$XX65))),"DESCARTADO",AI65)))
B68: =B67 -> 3 | C68: =C67 -> 1 | D68: =D67 -> 3 | L68: MÉDIA HARMÔNICA | M68: =HARMEAN($P62:$XX63) -> 6292.4269 | O68: ="3 POND" -> 3 POND | P68: =IF(IFERROR(VLOOKUP(P59,'Tabela de Apoio'!$D:$E,2,FALSE),1)=1,"",P69) -> 6420 | Q68: =IF(IFERROR(VLOOKUP(Q59,'Tabela de Apoio'!$D:$E,2,FALSE),1)=1,"",Q69) -> 7195.6027 | R68: =IF(IFERROR(VLOOKUP(R59,'Tabela de Apoio'!$D:$E,2,FALSE),1)=1,"",R69) -> 5493.7031 | S68: =IF(IFERROR(VLOOKUP(S59,'Tabela de Apoio'!$D:$E,2,FALSE),1)=1,"",S69) | T68: =IF(IFERROR(VLOOKUP(T59,'Tabela de Apoio'!$D:$E,2,FALSE),1)=1,"",T69) | U68: =IF(IFERROR(VLOOKUP(U59,'Tabela de Apoio'!$D:$E,2,FALSE),1)=1,"",U69) | V68: =IF(IFERROR(VLOOKUP(V59,'Tabela de Apoio'!$D:$E,2,FALSE),1)=1,"",V69) | W68: =IF(IFERROR(VLOOKUP(W59,'Tabela de Apoio'!$D:$E,2,FALSE),1)=1,"",W69) | ... AI68: =IF(IFERROR(VLOOKUP(AI59,'Tabela de Apoio'!$D:$E,2,FALSE),1)=1,"",AI69)
B69: =B68 -> 3 | C69: =C68 -> 1 | D69: =D68 -> 3 | H69: =COUNT($P69:$XX69) -> 3 | I69: =_xlfn.STDEV.P($P68:$XX69)/AVERAGE($P68:$XX69) -> 0.10921981 | J69: =IF(AND(H69>2, OR(L57="MÉDIA SANEADA",L57="MEDIANA SANEADA", AND(L57="PREÇO ESTIMADO",NOT(AND(P59="Orçamento",COUNTA(P57:XX57)=COUNTIF(P59:XX59,"Orçamento")))))), ROW(),0) -> 69 | L69: PRIMEIRO QUARTIL | M69: =IFERROR(_xlfn.QUARTILE.EXC($P63:$XX63,1),"") -> 5493.7031 | O69: ="3 RODADA" -> 3 RODADA | P69: =IF(P67="","",IF((_xlfn.STDEV.P($P66:$XX67)/AVERAGE($P66:$XX67))<=25%,P67,IF(OR(P67>(AVERAGE($P66:$XX67)+_xlfn.STDEV.P($P66:$XX67)),P67<(AVERAGE($P66:$XX67)-_xlfn.STDEV.P($P66:$XX67))),"DESCARTADO",P67))) -> 6420 | Q69: =IF(Q67="","",IF((_xlfn.STDEV.P($P66:$XX67)/AVERAGE($P66:$XX67))<=25%,Q67,IF(OR(Q67>(AVERAGE($P66:$XX67)+_xlfn.STDEV.P($P66:$XX67)),Q67<(AVERAGE($P66:$XX67)-_xlfn.STDEV.P($P66:$XX67))),"DESCARTADO",Q67))) -> 7195.6027 | R69: =IF(R67="","",IF((_xlfn.STDEV.P($P66:$XX67)/AVERAGE($P66:$XX67))<=25%,R67,IF(OR(R67>(AVERAGE($P66:$XX67)+_xlfn.STDEV.P($P66:$XX67)),R67<(AVERAGE($P66:$XX67)-_xlfn.STDEV.P($P66:$XX67))),"DESCARTADO",R67))) -> 5493.7031 | S69: =IF(S67="","",IF((_xlfn.STDEV.P($P66:$XX67)/AVERAGE($P66:$XX67))<=25%,S67,IF(OR(S67>(AVERAGE($P66:$XX67)+_xlfn.STDEV.P($P66:$XX67)),S67<(AVERAGE($P66:$XX67)-_xlfn.STDEV.P($P66:$XX67))),"DESCARTADO",S67))) | T69: =IF(T67="","",IF((_xlfn.STDEV.P($P66:$XX67)/AVERAGE($P66:$XX67))<=25%,T67,IF(OR(T67>(AVERAGE($P66:$XX67)+_xlfn.STDEV.P($P66:$XX67)),T67<(AVERAGE($P66:$XX67)-_xlfn.STDEV.P($P66:$XX67))),"DESCARTADO",T67))) | U69: =IF(U67="","",IF((_xlfn.STDEV.P($P66:$XX67)/AVERAGE($P66:$XX67))<=25%,U67,IF(OR(U67>(AVERAGE($P66:$XX67)+_xlfn.STDEV.P($P66:$XX67)),U67<(AVERAGE($P66:$XX67)-_xlfn.STDEV.P($P66:$XX67))),"DESCARTADO",U67))) | V69: =IF(V67="","",IF((_xlfn.STDEV.P($P66:$XX67)/AVERAGE($P66:$XX67))<=25%,V67,IF(OR(V67>(AVERAGE($P66:$XX67)+_xlfn.STDEV.P($P66:$XX67)),V67<(AVERAGE($P66:$XX67)-_xlfn.STDEV.P($P66:$XX67))),"DESCARTADO",V67))) | W69: =IF(W67="","",IF((_xlfn.STDEV.P($P66:$XX67)/AVERAGE($P66:$XX67))<=25%,W67,IF(OR(W67>(AVERAGE($P66:$XX67)+_xlfn.STDEV.P($P66:$XX67)),W67<(AVERAGE($P66:$XX67)-_xlfn.STDEV.P($P66:$XX67))),"DESCARTADO",W67))) | ... AI69: =IF(AI67="","",IF((_xlfn.STDEV.P($P66:$XX67)/AVERAGE($P66:$XX67))<=25%,AI67,IF(OR(AI67>(AVERAGE($P66:$XX67)+_xlfn.STDEV.P($P66:$XX67)),AI67<(AVERAGE($P66:$XX67)-_xlfn.STDEV.P($P66:$XX67))),"DESCARTADO",AI67)))
B70: =B69 -> 3 | C70: =C69 -> 1 | D70: =D69 -> 3 | L70: TERCEIRO QUARTIL | M70: =IFERROR(_xlfn.QUARTILE.EXC($P63:$XX63,3),"") -> 7195.6027 | O70: ="4 POND" -> 4 POND | P70: =IF(IFERROR(VLOOKUP(P59,'Tabela de Apoio'!$D:$E,2,FALSE),1)=1,"",P71) -> 6420 | Q70: =IF(IFERROR(VLOOKUP(Q59,'Tabela de Apoio'!$D:$E,2,FALSE),1)=1,"",Q71) -> 7195.6027 | R70: =IF(IFERROR(VLOOKUP(R59,'Tabela de Apoio'!$D:$E,2,FALSE),1)=1,"",R71) -> 5493.7031 | S70: =IF(IFERROR(VLOOKUP(S59,'Tabela de Apoio'!$D:$E,2,FALSE),1)=1,"",S71) | T70: =IF(IFERROR(VLOOKUP(T59,'Tabela de Apoio'!$D:$E,2,FALSE),1)=1,"",T71) | U70: =IF(IFERROR(VLOOKUP(U59,'Tabela de Apoio'!$D:$E,2,FALSE),1)=1,"",U71) | V70: =IF(IFERROR(VLOOKUP(V59,'Tabela de Apoio'!$D:$E,2,FALSE),1)=1,"",V71) | W70: =IF(IFERROR(VLOOKUP(W59,'Tabela de Apoio'!$D:$E,2,FALSE),1)=1,"",W71) | ... AI70: =IF(IFERROR(VLOOKUP(AI59,'Tabela de Apoio'!$D:$E,2,FALSE),1)=1,"",AI71)
B71: =B70 -> 3 | C71: =C70 -> 1 | D71: =D70 -> 3 | H71: =COUNT($P71:$XX71) -> 3 | I71: =_xlfn.STDEV.P($P70:$XX71)/AVERAGE($P70:$XX71) -> 0.10921981 | J71: =IF(AND(H71>2, OR(L57="MÉDIA SANEADA",L57="MEDIANA SANEADA", AND(L57="PREÇO ESTIMADO",NOT(AND(P59="Orçamento",COUNTA(P57:XX57)=COUNTIF(P59:XX59,"Orçamento")))))), ROW(),0) -> 71 | L71: MENOR VALOR | M71: =MIN($P63:$XX63) -> 5493.7031 | O71: ="4 RODADA" -> 4 RODADA | P71: =IF(P69="","",IF((_xlfn.STDEV.P($P68:$XX69)/AVERAGE($P68:$XX69))<=25%,P69,IF(OR(P69>(AVERAGE($P68:$XX69)+_xlfn.STDEV.P($P68:$XX69)),P69<(AVERAGE($P68:$XX69)-_xlfn.STDEV.P($P68:$XX69))),"DESCARTADO",P69))) -> 6420 | Q71: =IF(Q69="","",IF((_xlfn.STDEV.P($P68:$XX69)/AVERAGE($P68:$XX69))<=25%,Q69,IF(OR(Q69>(AVERAGE($P68:$XX69)+_xlfn.STDEV.P($P68:$XX69)),Q69<(AVERAGE($P68:$XX69)-_xlfn.STDEV.P($P68:$XX69))),"DESCARTADO",Q69))) -> 7195.6027 | R71: =IF(R69="","",IF((_xlfn.STDEV.P($P68:$XX69)/AVERAGE($P68:$XX69))<=25%,R69,IF(OR(R69>(AVERAGE($P68:$XX69)+_xlfn.STDEV.P($P68:$XX69)),R69<(AVERAGE($P68:$XX69)-_xlfn.STDEV.P($P68:$XX69))),"DESCARTADO",R69))) -> 5493.7031 | S71: =IF(S69="","",IF((_xlfn.STDEV.P($P68:$XX69)/AVERAGE($P68:$XX69))<=25%,S69,IF(OR(S69>(AVERAGE($P68:$XX69)+_xlfn.STDEV.P($P68:$XX69)),S69<(AVERAGE($P68:$XX69)-_xlfn.STDEV.P($P68:$XX69))),"DESCARTADO",S69))) | T71: =IF(T69="","",IF((_xlfn.STDEV.P($P68:$XX69)/AVERAGE($P68:$XX69))<=25%,T69,IF(OR(T69>(AVERAGE($P68:$XX69)+_xlfn.STDEV.P($P68:$XX69)),T69<(AVERAGE($P68:$XX69)-_xlfn.STDEV.P($P68:$XX69))),"DESCARTADO",T69))) | U71: =IF(U69="","",IF((_xlfn.STDEV.P($P68:$XX69)/AVERAGE($P68:$XX69))<=25%,U69,IF(OR(U69>(AVERAGE($P68:$XX69)+_xlfn.STDEV.P($P68:$XX69)),U69<(AVERAGE($P68:$XX69)-_xlfn.STDEV.P($P68:$XX69))),"DESCARTADO",U69))) | V71: =IF(V69="","",IF((_xlfn.STDEV.P($P68:$XX69)/AVERAGE($P68:$XX69))<=25%,V69,IF(OR(V69>(AVERAGE($P68:$XX69)+_xlfn.STDEV.P($P68:$XX69)),V69<(AVERAGE($P68:$XX69)-_xlfn.STDEV.P($P68:$XX69))),"DESCARTADO",V69))) | W71: =IF(W69="","",IF((_xlfn.STDEV.P($P68:$XX69)/AVERAGE($P68:$XX69))<=25%,W69,IF(OR(W69>(AVERAGE($P68:$XX69)+_xlfn.STDEV.P($P68:$XX69)),W69<(AVERAGE($P68:$XX69)-_xlfn.STDEV.P($P68:$XX69))),"DESCARTADO",W69))) | ... AI71: =IF(AI69="","",IF((_xlfn.STDEV.P($P68:$XX69)/AVERAGE($P68:$XX69))<=25%,AI69,IF(OR(AI69>(AVERAGE($P68:$XX69)+_xlfn.STDEV.P($P68:$XX69)),AI69<(AVERAGE($P68:$XX69)-_xlfn.STDEV.P($P68:$XX69))),"DESCARTADO",AI69)))
B72: =B71 -> 3 | C72: =C71 -> 1 | D72: =D71 -> 3 | L72: MAIOR VALOR | M72: =MAX($P63:$XX63) -> 7195.6027 | O72: ="5 POND" -> 5 POND | P72: =IF(IFERROR(VLOOKUP(P59,'Tabela de Apoio'!$D:$E,2,FALSE),1)=1,"",P73) -> 6420 | Q72: =IF(IFERROR(VLOOKUP(Q59,'Tabela de Apoio'!$D:$E,2,FALSE),1)=1,"",Q73) -> 7195.6027 | R72: =IF(IFERROR(VLOOKUP(R59,'Tabela de Apoio'!$D:$E,2,FALSE),1)=1,"",R73) -> 5493.7031 | S72: =IF(IFERROR(VLOOKUP(S59,'Tabela de Apoio'!$D:$E,2,FALSE),1)=1,"",S73) | T72: =IF(IFERROR(VLOOKUP(T59,'Tabela de Apoio'!$D:$E,2,FALSE),1)=1,"",T73) | U72: =IF(IFERROR(VLOOKUP(U59,'Tabela de Apoio'!$D:$E,2,FALSE),1)=1,"",U73) | V72: =IF(IFERROR(VLOOKUP(V59,'Tabela de Apoio'!$D:$E,2,FALSE),1)=1,"",V73) | W72: =IF(IFERROR(VLOOKUP(W59,'Tabela de Apoio'!$D:$E,2,FALSE),1)=1,"",W73) | ... AI72: =IF(IFERROR(VLOOKUP(AI59,'Tabela de Apoio'!$D:$E,2,FALSE),1)=1,"",AI73)
B73: =B72 -> 3 | C73: =C72 -> 1 | D73: =D72 -> 3 | H73: =COUNT($P73:$XX73) -> 3 | I73: =_xlfn.STDEV.P($P72:$XX73)/AVERAGE($P72:$XX73) -> 0.10921981 | J73: =IF(AND(H73>2, OR(L57="MÉDIA SANEADA",L57="MEDIANA SANEADA", AND(L57="PREÇO ESTIMADO",NOT(AND(P59="Orçamento",COUNTA(P57:XX57)=COUNTIF(P59:XX59,"Orçamento")))))), ROW(),0) -> 73 | O73: ="5 RODADA" -> 5 RODADA | P73: =IF(P71="","",IF((_xlfn.STDEV.P($P70:$XX71)/AVERAGE($P70:$XX71))<=25%,P71,IF(OR(P71>(AVERAGE($P70:$XX71)+_xlfn.STDEV.P($P70:$XX71)),P71<(AVERAGE($P70:$XX71)-_xlfn.STDEV.P($P70:$XX71))),"DESCARTADO",P71))) -> 6420 | Q73: =IF(Q71="","",IF((_xlfn.STDEV.P($P70:$XX71)/AVERAGE($P70:$XX71))<=25%,Q71,IF(OR(Q71>(AVERAGE($P70:$XX71)+_xlfn.STDEV.P($P70:$XX71)),Q71<(AVERAGE($P70:$XX71)-_xlfn.STDEV.P($P70:$XX71))),"DESCARTADO",Q71))) -> 7195.6027 | R73: =IF(R71="","",IF((_xlfn.STDEV.P($P70:$XX71)/AVERAGE($P70:$XX71))<=25%,R71,IF(OR(R71>(AVERAGE($P70:$XX71)+_xlfn.STDEV.P($P70:$XX71)),R71<(AVERAGE($P70:$XX71)-_xlfn.STDEV.P($P70:$XX71))),"DESCARTADO",R71))) -> 5493.7031 | S73: =IF(S71="","",IF((_xlfn.STDEV.P($P70:$XX71)/AVERAGE($P70:$XX71))<=25%,S71,IF(OR(S71>(AVERAGE($P70:$XX71)+_xlfn.STDEV.P($P70:$XX71)),S71<(AVERAGE($P70:$XX71)-_xlfn.STDEV.P($P70:$XX71))),"DESCARTADO",S71))) | T73: =IF(T71="","",IF((_xlfn.STDEV.P($P70:$XX71)/AVERAGE($P70:$XX71))<=25%,T71,IF(OR(T71>(AVERAGE($P70:$XX71)+_xlfn.STDEV.P($P70:$XX71)),T71<(AVERAGE($P70:$XX71)-_xlfn.STDEV.P($P70:$XX71))),"DESCARTADO",T71))) | U73: =IF(U71="","",IF((_xlfn.STDEV.P($P70:$XX71)/AVERAGE($P70:$XX71))<=25%,U71,IF(OR(U71>(AVERAGE($P70:$XX71)+_xlfn.STDEV.P($P70:$XX71)),U71<(AVERAGE($P70:$XX71)-_xlfn.STDEV.P($P70:$XX71))),"DESCARTADO",U71))) | V73: =IF(V71="","",IF((_xlfn.STDEV.P($P70:$XX71)/AVERAGE($P70:$XX71))<=25%,V71,IF(OR(V71>(AVERAGE($P70:$XX71)+_xlfn.STDEV.P($P70:$XX71)),V71<(AVERAGE($P70:$XX71)-_xlfn.STDEV.P($P70:$XX71))),"DESCARTADO",V71))) | W73: =IF(W71="","",IF((_xlfn.STDEV.P($P70:$XX71)/AVERAGE($P70:$XX71))<=25%,W71,IF(OR(W71>(AVERAGE($P70:$XX71)+_xlfn.STDEV.P($P70:$XX71)),W71<(AVERAGE($P70:$XX71)-_xlfn.STDEV.P($P70:$XX71))),"DESCARTADO",W71))) | ... AI73: =IF(AI71="","",IF((_xlfn.STDEV.P($P70:$XX71)/AVERAGE($P70:$XX71))<=25%,AI71,IF(OR(AI71>(AVERAGE($P70:$XX71)+_xlfn.STDEV.P($P70:$XX71)),AI71<(AVERAGE($P70:$XX71)-_xlfn.STDEV.P($P70:$XX71))),"DESCARTADO",AI71)))
B74: =B73 -> 3 | C74: =C73 -> 1 | D74: =D73 -> 3 | O74: ="6 POND" -> 6 POND | P74: =IF(IFERROR(VLOOKUP(P59,'Tabela de Apoio'!$D:$E,2,FALSE),1)=1,"",P75) -> 6420 | Q74: =IF(IFERROR(VLOOKUP(Q59,'Tabela de Apoio'!$D:$E,2,FALSE),1)=1,"",Q75) -> 7195.6027 | R74: =IF(IFERROR(VLOOKUP(R59,'Tabela de Apoio'!$D:$E,2,FALSE),1)=1,"",R75) -> 5493.7031 | S74: =IF(IFERROR(VLOOKUP(S59,'Tabela de Apoio'!$D:$E,2,FALSE),1)=1,"",S75) | T74: =IF(IFERROR(VLOOKUP(T59,'Tabela de Apoio'!$D:$E,2,FALSE),1)=1,"",T75) | U74: =IF(IFERROR(VLOOKUP(U59,'Tabela de Apoio'!$D:$E,2,FALSE),1)=1,"",U75) | V74: =IF(IFERROR(VLOOKUP(V59,'Tabela de Apoio'!$D:$E,2,FALSE),1)=1,"",V75) | W74: =IF(IFERROR(VLOOKUP(W59,'Tabela de Apoio'!$D:$E,2,FALSE),1)=1,"",W75) | ... AI74: =IF(IFERROR(VLOOKUP(AI59,'Tabela de Apoio'!$D:$E,2,FALSE),1)=1,"",AI75)
B75: =B74 -> 3 | C75: =C74 -> 1 | D75: =D74 -> 3 | H75: =COUNT($P75:$XX75) -> 3 | I75: =_xlfn.STDEV.P($P74:$XX75)/AVERAGE($P74:$XX75) -> 0.10921981 | J75: =IF(AND(H75>2, OR(L57="MÉDIA SANEADA",L57="MEDIANA SANEADA", AND(L57="PREÇO ESTIMADO",NOT(AND(P59="Orçamento",COUNTA(P57:XX57)=COUNTIF(P59:XX59,"Orçamento")))))), ROW(),0) -> 75 | O75: ="6 RODADA" -> 6 RODADA | P75: =IFERROR(IF(P73="","",IF((_xlfn.STDEV.P($P72:$XX73)/AVERAGE($P72:$XX73))<=25%,P73,IF(OR(P73>(AVERAGE($P72:$XX73)+_xlfn.STDEV.P($P72:$XX73)),P73<(AVERAGE($P72:$XX73)-_xlfn.STDEV.P($P72:$XX73))),"DESCARTADO",P73))),) -> 6420 | Q75: =IFERROR(IF(Q73="","",IF((_xlfn.STDEV.P($P72:$XX73)/AVERAGE($P72:$XX73))<=25%,Q73,IF(OR(Q73>(AVERAGE($P72:$XX73)+_xlfn.STDEV.P($P72:$XX73)),Q73<(AVERAGE($P72:$XX73)-_xlfn.STDEV.P($P72:$XX73))),"DESCARTADO",Q73))),) -> 7195.6027 | R75: =IFERROR(IF(R73="","",IF((_xlfn.STDEV.P($P72:$XX73)/AVERAGE($P72:$XX73))<=25%,R73,IF(OR(R73>(AVERAGE($P72:$XX73)+_xlfn.STDEV.P($P72:$XX73)),R73<(AVERAGE($P72:$XX73)-_xlfn.STDEV.P($P72:$XX73))),"DESCARTADO",R73))),) -> 5493.7031 | S75: =IFERROR(IF(S73="","",IF((_xlfn.STDEV.P($P72:$XX73)/AVERAGE($P72:$XX73))<=25%,S73,IF(OR(S73>(AVERAGE($P72:$XX73)+_xlfn.STDEV.P($P72:$XX73)),S73<(AVERAGE($P72:$XX73)-_xlfn.STDEV.P($P72:$XX73))),"DESCARTADO",S73))),) | T75: =IFERROR(IF(T73="","",IF((_xlfn.STDEV.P($P72:$XX73)/AVERAGE($P72:$XX73))<=25%,T73,IF(OR(T73>(AVERAGE($P72:$XX73)+_xlfn.STDEV.P($P72:$XX73)),T73<(AVERAGE($P72:$XX73)-_xlfn.STDEV.P($P72:$XX73))),"DESCARTADO",T73))),) | U75: =IFERROR(IF(U73="","",IF((_xlfn.STDEV.P($P72:$XX73)/AVERAGE($P72:$XX73))<=25%,U73,IF(OR(U73>(AVERAGE($P72:$XX73)+_xlfn.STDEV.P($P72:$XX73)),U73<(AVERAGE($P72:$XX73)-_xlfn.STDEV.P($P72:$XX73))),"DESCARTADO",U73))),) | V75: =IFERROR(IF(V73="","",IF((_xlfn.STDEV.P($P72:$XX73)/AVERAGE($P72:$XX73))<=25%,V73,IF(OR(V73>(AVERAGE($P72:$XX73)+_xlfn.STDEV.P($P72:$XX73)),V73<(AVERAGE($P72:$XX73)-_xlfn.STDEV.P($P72:$XX73))),"DESCARTADO",V73))),) | W75: =IFERROR(IF(W73="","",IF((_xlfn.STDEV.P($P72:$XX73)/AVERAGE($P72:$XX73))<=25%,W73,IF(OR(W73>(AVERAGE($P72:$XX73)+_xlfn.STDEV.P($P72:$XX73)),W73<(AVERAGE($P72:$XX73)-_xlfn.STDEV.P($P72:$XX73))),"DESCARTADO",W73))),) | ... AI75: =IFERROR(IF(AI73="","",IF((_xlfn.STDEV.P($P72:$XX73)/AVERAGE($P72:$XX73))<=25%,AI73,IF(OR(AI73>(AVERAGE($P72:$XX73)+_xlfn.STDEV.P($P72:$XX73)),AI73<(AVERAGE($P72:$XX73)-_xlfn.STDEV.P($P72:$XX73))),"DESCARTADO",AI73))),)
B76: =B75 -> 3 | C76: =C75 -> 1 | D76: =D75 -> 3 | L76: TOTAL ITEM | M76: =IFERROR(ROUND(M57*M59,2),"") -> 0 | O76: CONSIDERADO | P76: =INDEX(P63:P75,MATCH(MAX($J63:$J75),$J63:$J75,0)) -> 6420 | Q76: =INDEX(Q63:Q75,MATCH(MAX($J63:$J75),$J63:$J75,0)) -> 7195.6027 | R76: =INDEX(R63:R75,MATCH(MAX($J63:$J75),$J63:$J75,0)) -> 5493.7031 | S76: =INDEX(S63:S75,MATCH(MAX($J63:$J75),$J63:$J75,0)) | T76: =INDEX(T63:T75,MATCH(MAX($J63:$J75),$J63:$J75,0)) | U76: =INDEX(U63:U75,MATCH(MAX($J63:$J75),$J63:$J75,0)) | V76: =INDEX(V63:V75,MATCH(MAX($J63:$J75),$J63:$J75,0)) | W76: =INDEX(W63:W75,MATCH(MAX($J63:$J75),$J63:$J75,0)) | ... AI76: =INDEX(AI63:AI75,MATCH(MAX($J63:$J75),$J63:$J75,0))
B78: =LARGE(IFERROR(IF(B76+1>$H$8,"",B76+1),""),1) -> 4 | C78: =IF(_xlfn.ISFORMULA(E82),MAX(INDEX('BASE FORMAÇÃO'!A:A,B78+1),1),E82) -> 1 | D78: =IFERROR(IF(C78=C68,D68+1,1),1) -> 4 | E78: ITEM | G78: GMAT | H78: =INDEX('BASE FORMAÇÃO'!B:B,B78+1) -> 0 | I78: CATMAT | J78: =INDEX('BASE FORMAÇÃO'!K:K,B78+1) -> 0 | L78: PREÇO ESTIMADO | M78: =IF(OR(ISBLANK($O$8),ISBLANK($O$7),ISBLANK($H$8),ISBLANK($O$6),ISBLANK($O$5),ISBLANK($H$5)),"",IFERROR(IF(VLOOKUP(L78,L84:M93,2,FALSE)<1,ROUND(VLOOKUP(L78,L84:M93,2,FALSE),4),ROUND(VLOOKUP(L78,L84:M93,2,FALSE),2)),"")) -> 6350.65 | O78: ORIGINAL | P78: 5050 | Q78: 5480 | R78: 7813 | S78: 4800 | T78: 9500 | U78: 6623
B79: =B78 -> 4 | C79: =C78 -> 1 | D79: =D78 -> 4 | E79: =D78 -> 4 | G79: DESCRIÇÃO | H79: Balança plataforma eletrônica | O79: DATA | P79: 45742 | Q79: 45733 | R79: 45714 | S79: 45701 | T79: 45618 | U79: 45499
B80: =B79 -> 4 | C80: =C79 -> 1 | D80: =D79 -> 4 | L80: QUANTIDADE | M80: =INDEX('BASE FORMAÇÃO'!H:H,B82+1) -> 0 | O80: PARÂMETRO | P80: Contratação pública | Q80: Contratação pública | R80: Contratação pública | S80: Contratação pública | T80: Contratação pública | U80: Contratação pública
B81: =B80 -> 4 | C81: =C80 -> 1 | D81: =D80 -> 4 | E81: LOTE | L81: UNIDADE | M81: =INDEX('BASE FORMAÇÃO'!D:D,B82+1) -> 0 | O81: FONTE/LINK | P81: www.precoestimado.com.br | Q81: www.precoestimado.com.br | R81: www.precoestimado.com.br | S81: www.precoestimado.com.br | T81: www.precoestimado.com.br | U81: www.precoestimado.com.br
B82: =B80 -> 4 | C82: =C80 -> 1 | D82: =D81 -> 4 | E82: =C78 -> 1 | G82: OBSERVAÇÕES | L82: COEF. VAR. | M82: =IFERROR(INDEX(I84:I96,MATCH(MAX(J84:J96),J84:J96,0)),"") -> 0.18219059 | O82: ATUALIZADO | P82: =IF(P78="","", IF(OR(P80="Orçamento",P79="",MAX('Tabela de Apoio'!$A:$A)<=P79), P78, (INDEX('Tabela de Apoio'!$B:$B,MATCH('MAPA DE PREÇOS'!$O$8,'Tabela de Apoio'!$A:$A,1))/INDEX('Tabela de Apoio'!$B:$B,MATCH('MAPA DE PREÇOS'!P79,'Tabela de Apoio'!$A:$A,1)-1))*P78)) -> 5050 | Q82: =IF(Q78="","", IF(OR(Q80="Orçamento",Q79="",MAX('Tabela de Apoio'!$A:$A)<=Q79), Q78, (INDEX('Tabela de Apoio'!$B:$B,MATCH('MAPA DE PREÇOS'!$O$8,'Tabela de Apoio'!$A:$A,1))/INDEX('Tabela de Apoio'!$B:$B,MATCH('MAPA DE PREÇOS'!Q79,'Tabela de Apoio'!$A:$A,1)-1))*Q78)) -> 5480 | R82: =IF(R78="","", IF(OR(R80="Orçamento",R79="",MAX('Tabela de Apoio'!$A:$A)<=R79), R78, (INDEX('Tabela de Apoio'!$B:$B,MATCH('MAPA DE PREÇOS'!$O$8,'Tabela de Apoio'!$A:$A,1))/INDEX('Tabela de Apoio'!$B:$B,MATCH('MAPA DE PREÇOS'!R79,'Tabela de Apoio'!$A:$A,1)-1))*R78)) -> 7959.6834 | S82: =IF(S78="","", IF(OR(S80="Orçamento",S79="",MAX('Tabela de Apoio'!$A:$A)<=S79), S78, (INDEX('Tabela de Apoio'!$B:$B,MATCH('MAPA DE PREÇOS'!$O$8,'Tabela de Apoio'!$A:$A,1))/INDEX('Tabela de Apoio'!$B:$B,MATCH('MAPA DE PREÇOS'!S79,'Tabela de Apoio'!$A:$A,1)-1))*S78)) -> 4890.1165 | T82: =IF(T78="","", IF(OR(T80="Orçamento",T79="",MAX('Tabela de Apoio'!$A:$A)<=T79), T78, (INDEX('Tabela de Apoio'!$B:$B,MATCH('MAPA DE PREÇOS'!$O$8,'Tabela de Apoio'!$A:$A,1))/INDEX('Tabela de Apoio'!$B:$B,MATCH('MAPA DE PREÇOS'!T79,'Tabela de Apoio'!$A:$A,1)-1))*T78)) -> 9782.2459 | U82: =IF(U78="","", IF(OR(U80="Orçamento",U79="",MAX('Tabela de Apoio'!$A:$A)<=U79), U78, (INDEX('Tabela de Apoio'!$B:$B,MATCH('MAPA DE PREÇOS'!$O$8,'Tabela de Apoio'!$A:$A,1))/INDEX('Tabela de Apoio'!$B:$B,MATCH('MAPA DE PREÇOS'!U79,'Tabela de Apoio'!$A:$A,1)-1))*U78)) -> 6912.927 | V82: =IF(V78="","", IF(OR(V80="Orçamento",V79="",MAX('Tabela de Apoio'!$A:$A)<=V79), V78, (INDEX('Tabela de Apoio'!$B:$B,MATCH('MAPA DE PREÇOS'!$O$8,'Tabela de Apoio'!$A:$A,1))/INDEX('Tabela de Apoio'!$B:$B,MATCH('MAPA DE PREÇOS'!V79,'Tabela de Apoio'!$A:$A,1)-1))*V78)) | W82: =IF(W78="","", IF(OR(W80="Orçamento",W79="",MAX('Tabela de Apoio'!$A:$A)<=W79), W78, (INDEX('Tabela de Apoio'!$B:$B,MATCH('MAPA DE PREÇOS'!$O$8,'Tabela de Apoio'!$A:$A,1))/INDEX('Tabela de Apoio'!$B:$B,MATCH('MAPA DE PREÇOS'!W79,'Tabela de Apoio'!$A:$A,1)-1))*W78)) | ... AI82: =IF(AI78="","", IF(OR(AI80="Orçamento",AI79="",MAX('Tabela de Apoio'!$A:$A)<=AI79), AI78, (INDEX('Tabela de Apoio'!$B:$B,MATCH('MAPA DE PREÇOS'!$O$8,'Tabela de Apoio'!$A:$A,1))/INDEX('Tabela de Apoio'!$B:$B,MATCH('MAPA DE PREÇOS'!AI79,'Tabela de Apoio'!$A:$A,1)-1))*AI78))
B83: =B82 -> 4 | C83: =C82 -> 1 | D83: =D82 -> 4 | O83: P D CAIXAS | P83: =IF(IFERROR(VLOOKUP(P80,'Tabela de Apoio'!$D:$E,2,FALSE),1)=1,"",P84) -> 5050 | Q83: =IF(IFERROR(VLOOKUP(Q80,'Tabela de Apoio'!$D:$E,2,FALSE),1)=1,"",Q84) -> 5480 | R83: =IF(IFERROR(VLOOKUP(R80,'Tabela de Apoio'!$D:$E,2,FALSE),1)=1,"",R84) -> 7959.6834 | S83: =IF(IFERROR(VLOOKUP(S80,'Tabela de Apoio'!$D:$E,2,FALSE),1)=1,"",S84) -> 4890.1165 | T83: =IF(IFERROR(VLOOKUP(T80,'Tabela de Apoio'!$D:$E,2,FALSE),1)=1,"",T84) -> 9782.2459 | U83: =IF(IFERROR(VLOOKUP(U80,'Tabela de Apoio'!$D:$E,2,FALSE),1)=1,"",U84) -> 6912.927 | V83: =IF(IFERROR(VLOOKUP(V80,'Tabela de Apoio'!$D:$E,2,FALSE),1)=1,"",V84) | W83: =IF(IFERROR(VLOOKUP(W80,'Tabela de Apoio'!$D:$E,2,FALSE),1)=1,"",W84) | ... AI83: =IF(IFERROR(VLOOKUP(AI80,'Tabela de Apoio'!$D:$E,2,FALSE),1)=1,"",AI84)
B84: =B83 -> 4 | C84: =C83 -> 1 | D84: =D83 -> 4 | H84: =COUNT($P84:$XX84) -> 6 | I84: =_xlfn.STDEV.P($P83:$XX84)/AVERAGE($P83:$XX84) -> 0.26372402 | J84: =ROW() -> 84 | L84: PREÇO ESTIMADO | M84: =IFERROR( IF(COUNTA(P78:AI78)=COUNTIF(P80:XX80,"Orçamento"),MIN(M89,M86), IF(M87<>"",M87, IF(M88<>"",M88, M86 ))),"") -> 6350.6526 | O84: D CAIXAS | P84: =IFERROR(IF(P82="", "", IF(COUNT($P82:$XX82)<=4, P82, IF(OR(P82>(QUARTILE($P82:$XX82,3)+(QUARTILE($P82:$XX82,3)-QUARTILE($P82:$XX82,1))), P82<(QUARTILE($P82:$XX82,1)-(QUARTILE($P82:$XX82,3)-QUARTILE($P82:$XX82,1))) ), "DESCARTADO",P82) ) ),P82) -> 5050 | Q84: =IFERROR(IF(Q82="", "", IF(COUNT($P82:$XX82)<=4, Q82, IF(OR(Q82>(QUARTILE($P82:$XX82,3)+(QUARTILE($P82:$XX82,3)-QUARTILE($P82:$XX82,1))), Q82<(QUARTILE($P82:$XX82,1)-(QUARTILE($P82:$XX82,3)-QUARTILE($P82:$XX82,1))) ), "DESCARTADO",Q82) ) ),Q82) -> 5480 | R84: =IFERROR(IF(R82="", "", IF(COUNT($P82:$XX82)<=4, R82, IF(OR(R82>(QUARTILE($P82:$XX82,3)+(QUARTILE($P82:$XX82,3)-QUARTILE($P82:$XX82,1))), R82<(QUARTILE($P82:$XX82,1)-(QUARTILE($P82:$XX82,3)-QUARTILE($P82:$XX82,1))) ), "DESCARTADO",R82) ) ),R82) -> 7959.6834 | S84: =IFERROR(IF(S82="", "", IF(COUNT($P82:$XX82)<=4, S82, IF(OR(S82>(QUARTILE($P82:$XX82,3)+(QUARTILE($P82:$XX82,3)-QUARTILE($P82:$XX82,1))), S82<(QUARTILE($P82:$XX82,1)-(QUARTILE($P82:$XX82,3)-QUARTILE($P82:$XX82,1))) ), "DESCARTADO",S82) ) ),S82) -> 4890.1165 | T84: =IFERROR(IF(T82="", "", IF(COUNT($P82:$XX82)<=4, T82, IF(OR(T82>(QUARTILE($P82:$XX82,3)+(QUARTILE($P82:$XX82,3)-QUARTILE($P82:$XX82,1))), T82<(QUARTILE($P82:$XX82,1)-(QUARTILE($P82:$XX82,3)-QUARTILE($P82:$XX82,1))) ), "DESCARTADO",T82) ) ),T82) -> 9782.2459 | U84: =IFERROR(IF(U82="", "", IF(COUNT($P82:$XX82)<=4, U82, IF(OR(U82>(QUARTILE($P82:$XX82,3)+(QUARTILE($P82:$XX82,3)-QUARTILE($P82:$XX82,1))), U82<(QUARTILE($P82:$XX82,1)-(QUARTILE($P82:$XX82,3)-QUARTILE($P82:$XX82,1))) ), "DESCARTADO",U82) ) ),U82) -> 6912.927 | V84: =IFERROR(IF(V82="", "", IF(COUNT($P82:$XX82)<=4, V82, IF(OR(V82>(QUARTILE($P82:$XX82,3)+(QUARTILE($P82:$XX82,3)-QUARTILE($P82:$XX82,1))), V82<(QUARTILE($P82:$XX82,1)-(QUARTILE($P82:$XX82,3)-QUARTILE($P82:$XX82,1))) ), "DESCARTADO",V82) ) ),V82) | W84: =IFERROR(IF(W82="", "", IF(COUNT($P82:$XX82)<=4, W82, IF(OR(W82>(QUARTILE($P82:$XX82,3)+(QUARTILE($P82:$XX82,3)-QUARTILE($P82:$XX82,1))), W82<(QUARTILE($P82:$XX82,1)-(QUARTILE($P82:$XX82,3)-QUARTILE($P82:$XX82,1))) ), "DESCARTADO",W82) ) ),W82) | ... AI84: =IFERROR(IF(AI82="", "", IF(COUNT($P82:$XX82)<=4, AI82, IF(OR(AI82>(QUARTILE($P82:$XX82,3)+(QUARTILE($P82:$XX82,3)-QUARTILE($P82:$XX82,1))), AI82<(QUARTILE($P82:$XX82,1)-(QUARTILE($P82:$XX82,3)-QUARTILE($P82:$XX82,1))) ), "DESCARTADO",AI82) ) ),AI82)
B85: =B84 -> 4 | C85: =C84 -> 1 | D85: =D84 -> 4 | L85: MÉDIA | M85: =AVERAGE($P84:$XX84) -> 6679.1621 | O85: ="1 POND" -> 1 POND | P85: =IF(IFERROR(VLOOKUP(P80,'Tabela de Apoio'!$D:$E,2,FALSE),1)=1,"",P86) -> 5050 | Q85: =IF(IFERROR(VLOOKUP(Q80,'Tabela de Apoio'!$D:$E,2,FALSE),1)=1,"",Q86) -> 5480 | R85: =IF(IFERROR(VLOOKUP(R80,'Tabela de Apoio'!$D:$E,2,FALSE),1)=1,"",R86) -> 7959.6834 | S85: =IF(IFERROR(VLOOKUP(S80,'Tabela de Apoio'!$D:$E,2,FALSE),1)=1,"",S86) -> DESCARTADO | T85: =IF(IFERROR(VLOOKUP(T80,'Tabela de Apoio'!$D:$E,2,FALSE),1)=1,"",T86) -> DESCARTADO | U85: =IF(IFERROR(VLOOKUP(U80,'Tabela de Apoio'!$D:$E,2,FALSE),1)=1,"",U86) -> 6912.927 | V85: =IF(IFERROR(VLOOKUP(V80,'Tabela de Apoio'!$D:$E,2,FALSE),1)=1,"",V86) | W85: =IF(IFERROR(VLOOKUP(W80,'Tabela de Apoio'!$D:$E,2,FALSE),1)=1,"",W86) | ... AI85: =IF(IFERROR(VLOOKUP(AI80,'Tabela de Apoio'!$D:$E,2,FALSE),1)=1,"",AI86)
B86: =B85 -> 4 | C86: =C85 -> 1 | D86: =D85 -> 4 | H86: =COUNT($P86:$XX86) -> 4 | I86: =_xlfn.STDEV.P($P85:$XX86)/AVERAGE($P85:$XX86) -> 0.18219059 | J86: =IF(AND(H86>2, OR(L78="MÉDIA SANEADA",L78="MEDIANA SANEADA", AND(L78="PREÇO ESTIMADO",NOT(AND(P80="Orçamento",COUNTA(P78:XX78)=COUNTIF(P80:XX80,"Orçamento")))))), ROW(),0) -> 86 | L86: MEDIANA | M86: =MEDIAN($P84:$XX84) -> 6196.4635 | O86: ="1 RODADA" -> 1 RODADA | P86: =IF(P84="","",IF((_xlfn.STDEV.P($P83:$XX84)/AVERAGE($P83:$XX84))<=25%,P84,IF(OR(P84>(AVERAGE($P83:$XX84)+_xlfn.STDEV.P($P83:$XX84)),P84<(AVERAGE($P83:$XX84)-_xlfn.STDEV.P($P83:$XX84))),"DESCARTADO",P84))) -> 5050 | Q86: =IF(Q84="","",IF((_xlfn.STDEV.P($P83:$XX84)/AVERAGE($P83:$XX84))<=25%,Q84,IF(OR(Q84>(AVERAGE($P83:$XX84)+_xlfn.STDEV.P($P83:$XX84)),Q84<(AVERAGE($P83:$XX84)-_xlfn.STDEV.P($P83:$XX84))),"DESCARTADO",Q84))) -> 5480 | R86: =IF(R84="","",IF((_xlfn.STDEV.P($P83:$XX84)/AVERAGE($P83:$XX84))<=25%,R84,IF(OR(R84>(AVERAGE($P83:$XX84)+_xlfn.STDEV.P($P83:$XX84)),R84<(AVERAGE($P83:$XX84)-_xlfn.STDEV.P($P83:$XX84))),"DESCARTADO",R84))) -> 7959.6834 | S86: =IF(S84="","",IF((_xlfn.STDEV.P($P83:$XX84)/AVERAGE($P83:$XX84))<=25%,S84,IF(OR(S84>(AVERAGE($P83:$XX84)+_xlfn.STDEV.P($P83:$XX84)),S84<(AVERAGE($P83:$XX84)-_xlfn.STDEV.P($P83:$XX84))),"DESCARTADO",S84))) -> DESCARTADO | T86: =IF(T84="","",IF((_xlfn.STDEV.P($P83:$XX84)/AVERAGE($P83:$XX84))<=25%,T84,IF(OR(T84>(AVERAGE($P83:$XX84)+_xlfn.STDEV.P($P83:$XX84)),T84<(AVERAGE($P83:$XX84)-_xlfn.STDEV.P($P83:$XX84))),"DESCARTADO",T84))) -> DESCARTADO | U86: =IF(U84="","",IF((_xlfn.STDEV.P($P83:$XX84)/AVERAGE($P83:$XX84))<=25%,U84,IF(OR(U84>(AVERAGE($P83:$XX84)+_xlfn.STDEV.P($P83:$XX84)),U84<(AVERAGE($P83:$XX84)-_xlfn.STDEV.P($P83:$XX84))),"DESCARTADO",U84))) -> 6912.927 | V86: =IF(V84="","",IF((_xlfn.STDEV.P($P83:$XX84)/AVERAGE($P83:$XX84))<=25%,V84,IF(OR(V84>(AVERAGE($P83:$XX84)+_xlfn.STDEV.P($P83:$XX84)),V84<(AVERAGE($P83:$XX84)-_xlfn.STDEV.P($P83:$XX84))),"DESCARTADO",V84))) | W86: =IF(W84="","",IF((_xlfn.STDEV.P($P83:$XX84)/AVERAGE($P83:$XX84))<=25%,W84,IF(OR(W84>(AVERAGE($P83:$XX84)+_xlfn.STDEV.P($P83:$XX84)),W84<(AVERAGE($P83:$XX84)-_xlfn.STDEV.P($P83:$XX84))),"DESCARTADO",W84))) | ... AI86: =IF(AI84="","",IF((_xlfn.STDEV.P($P83:$XX84)/AVERAGE($P83:$XX84))<=25%,AI84,IF(OR(AI84>(AVERAGE($P83:$XX84)+_xlfn.STDEV.P($P83:$XX84)),AI84<(AVERAGE($P83:$XX84)-_xlfn.STDEV.P($P83:$XX84))),"DESCARTADO",AI84)))
B87: =B86 -> 4 | C87: =C86 -> 1 | D87: =D86 -> 4 | L87: MÉDIA SANEADA | M87: =IFERROR( IF(AND(H86>2,I86<=25%),AVERAGE(P85:XX86), IF(AND(H88>2,I88<=25%),AVERAGE(P87:XX88), IF(AND(H90>2,I90<=25%),AVERAGE(P89:XX90), IF(AND(H92>2,I92<=25%),AVERAGE(P91:XX92), IF(AND(H94>2,I94<=25%),AVERAGE(P93:XX94), IF(AND(H96>2,I96<=25%),AVERAGE(P95:XX96), IF(I84<=25%,AVERAGE(P83:XX84),""))))))),"") -> 6350.6526 | O87: ="2 POND" -> 2 POND | P87: =IF(IFERROR(VLOOKUP(P80,'Tabela de Apoio'!$D:$E,2,FALSE),1)=1,"",P88) -> 5050 | Q87: =IF(IFERROR(VLOOKUP(Q80,'Tabela de Apoio'!$D:$E,2,FALSE),1)=1,"",Q88) -> 5480 | R87: =IF(IFERROR(VLOOKUP(R80,'Tabela de Apoio'!$D:$E,2,FALSE),1)=1,"",R88) -> 7959.6834 | S87: =IF(IFERROR(VLOOKUP(S80,'Tabela de Apoio'!$D:$E,2,FALSE),1)=1,"",S88) -> DESCARTADO | T87: =IF(IFERROR(VLOOKUP(T80,'Tabela de Apoio'!$D:$E,2,FALSE),1)=1,"",T88) -> DESCARTADO | U87: =IF(IFERROR(VLOOKUP(U80,'Tabela de Apoio'!$D:$E,2,FALSE),1)=1,"",U88) -> 6912.927 | V87: =IF(IFERROR(VLOOKUP(V80,'Tabela de Apoio'!$D:$E,2,FALSE),1)=1,"",V88) | W87: =IF(IFERROR(VLOOKUP(W80,'Tabela de Apoio'!$D:$E,2,FALSE),1)=1,"",W88) | ... AI87: =IF(IFERROR(VLOOKUP(AI80,'Tabela de Apoio'!$D:$E,2,FALSE),1)=1,"",AI88)
B88: =B87 -> 4 | C88: =C87 -> 1 | D88: =D87 -> 4 | H88: =COUNT($P88:$XX88) -> 4 | I88: =_xlfn.STDEV.P($P87:$XX88)/AVERAGE($P87:$XX88) -> 0.18219059 | J88: =IF(AND(H88>2, OR(L78="MÉDIA SANEADA",L78="MEDIANA SANEADA", AND(L78="PREÇO ESTIMADO",NOT(AND(P80="Orçamento",COUNTA(P78:XX78)=COUNTIF(P80:XX80,"Orçamento")))))), ROW(),0) -> 88 | L88: MEDIANA SANEADA | M88: =IF(H86>2,MEDIAN(P85:XX86), IF(H88>2,MEDIAN(P87:XX88), IF(H90>2,MEDIAN(P89:XX90), IF(H92>2,MEDIAN(P91:XX92), IF(H94>2,MEDIAN(P93:XX94), IF(H96>2,MEDIAN(P95:XX96), MEDIAN(P83:XX84))))))) -> 6196.4635 | O88: ="2 RODADA" -> 2 RODADA | P88: =IF(P86="","",IF((_xlfn.STDEV.P($P85:$XX86)/AVERAGE($P85:$XX86))<=25%,P86,IF(OR(P86>(AVERAGE($P85:$XX86)+_xlfn.STDEV.P($P85:$XX86)),P86<(AVERAGE($P85:$XX86)-_xlfn.STDEV.P($P85:$XX86))),"DESCARTADO",P86))) -> 5050 | Q88: =IF(Q86="","",IF((_xlfn.STDEV.P($P85:$XX86)/AVERAGE($P85:$XX86))<=25%,Q86,IF(OR(Q86>(AVERAGE($P85:$XX86)+_xlfn.STDEV.P($P85:$XX86)),Q86<(AVERAGE($P85:$XX86)-_xlfn.STDEV.P($P85:$XX86))),"DESCARTADO",Q86))) -> 5480 | R88: =IF(R86="","",IF((_xlfn.STDEV.P($P85:$XX86)/AVERAGE($P85:$XX86))<=25%,R86,IF(OR(R86>(AVERAGE($P85:$XX86)+_xlfn.STDEV.P($P85:$XX86)),R86<(AVERAGE($P85:$XX86)-_xlfn.STDEV.P($P85:$XX86))),"DESCARTADO",R86))) -> 7959.6834 | S88: =IF(S86="","",IF((_xlfn.STDEV.P($P85:$XX86)/AVERAGE($P85:$XX86))<=25%,S86,IF(OR(S86>(AVERAGE($P85:$XX86)+_xlfn.STDEV.P($P85:$XX86)),S86<(AVERAGE($P85:$XX86)-_xlfn.STDEV.P($P85:$XX86))),"DESCARTADO",S86))) -> DESCARTADO | T88: =IF(T86="","",IF((_xlfn.STDEV.P($P85:$XX86)/AVERAGE($P85:$XX86))<=25%,T86,IF(OR(T86>(AVERAGE($P85:$XX86)+_xlfn.STDEV.P($P85:$XX86)),T86<(AVERAGE($P85:$XX86)-_xlfn.STDEV.P($P85:$XX86))),"DESCARTADO",T86))) -> DESCARTADO | U88: =IF(U86="","",IF((_xlfn.STDEV.P($P85:$XX86)/AVERAGE($P85:$XX86))<=25%,U86,IF(OR(U86>(AVERAGE($P85:$XX86)+_xlfn.STDEV.P($P85:$XX86)),U86<(AVERAGE($P85:$XX86)-_xlfn.STDEV.P($P85:$XX86))),"DESCARTADO",U86))) -> 6912.927 | V88: =IF(V86="","",IF((_xlfn.STDEV.P($P85:$XX86)/AVERAGE($P85:$XX86))<=25%,V86,IF(OR(V86>(AVERAGE($P85:$XX86)+_xlfn.STDEV.P($P85:$XX86)),V86<(AVERAGE($P85:$XX86)-_xlfn.STDEV.P($P85:$XX86))),"DESCARTADO",V86))) | W88: =IF(W86="","",IF((_xlfn.STDEV.P($P85:$XX86)/AVERAGE($P85:$XX86))<=25%,W86,IF(OR(W86>(AVERAGE($P85:$XX86)+_xlfn.STDEV.P($P85:$XX86)),W86<(AVERAGE($P85:$XX86)-_xlfn.STDEV.P($P85:$XX86))),"DESCARTADO",W86))) | ... AI88: =IF(AI86="","",IF((_xlfn.STDEV.P($P85:$XX86)/AVERAGE($P85:$XX86))<=25%,AI86,IF(OR(AI86>(AVERAGE($P85:$XX86)+_xlfn.STDEV.P($P85:$XX86)),AI86<(AVERAGE($P85:$XX86)-_xlfn.STDEV.P($P85:$XX86))),"DESCARTADO",AI86)))
B89: =B88 -> 4 | C89: =C88 -> 1 | D89: =D88 -> 4 | L89: MÉDIA HARMÔNICA | M89: =HARMEAN($P83:$XX84) -> 6266.2443 | O89: ="3 POND" -> 3 POND | P89: =IF(IFERROR(VLOOKUP(P80,'Tabela de Apoio'!$D:$E,2,FALSE),1)=1,"",P90) -> 5050 | Q89: =IF(IFERROR(VLOOKUP(Q80,'Tabela de Apoio'!$D:$E,2,FALSE),1)=1,"",Q90) -> 5480 | R89: =IF(IFERROR(VLOOKUP(R80,'Tabela de Apoio'!$D:$E,2,FALSE),1)=1,"",R90) -> 7959.6834 | S89: =IF(IFERROR(VLOOKUP(S80,'Tabela de Apoio'!$D:$E,2,FALSE),1)=1,"",S90) -> DESCARTADO | T89: =IF(IFERROR(VLOOKUP(T80,'Tabela de Apoio'!$D:$E,2,FALSE),1)=1,"",T90) -> DESCARTADO | U89: =IF(IFERROR(VLOOKUP(U80,'Tabela de Apoio'!$D:$E,2,FALSE),1)=1,"",U90) -> 6912.927 | V89: =IF(IFERROR(VLOOKUP(V80,'Tabela de Apoio'!$D:$E,2,FALSE),1)=1,"",V90) | W89: =IF(IFERROR(VLOOKUP(W80,'Tabela de Apoio'!$D:$E,2,FALSE),1)=1,"",W90) | ... AI89: =IF(IFERROR(VLOOKUP(AI80,'Tabela de Apoio'!$D:$E,2,FALSE),1)=1,"",AI90)
